Workbook

Sheet Оглавление
D1: ОГЛАВЛЕНИЕ
D3: Прайс-лист на 05.11.2026
D4: Информация, размещённая в настоящем прайс-листе, носит справочный характер и не является публичной офертой, определённой положениями Статьи 437, часть 2 ГК РФ.
C6: 01. ДИЗЕЛЬНЫЕ винтовые компрессоры от 7 до 40 бар
D7: 01.01. Дизельные передвижные компрессоры 7-18 бар
D8: 01.01.01. Дизельные c двигателем FAW
D9: 01.01.02. Дизельные c двигателем FAW на шасси
D10: 01.01.03. Дизельные c двигателями ММЗ, ЯМЗ
D11: 01.01.04. Дизельные c двигателями ММЗ, ЯМЗ на шасси
D12: 01.02. Дизельные передвижные компрессоры 20-40 бар
D13: 01.03. Опции и прицепы к дизельным компрессорам
D14: 01.03.01. Прицепы до 0,56т
D15: 01.03.02. Прицепы от 0,56т до 1,5т
D16: 01.03.03. Прицепы от 1,5т до 1,8т
D17: 01.03.04. Прицепы от 1,8 до 3,5т
D18: 01.03.05. Прицепы свыше 3,5т
... D20: 01.04. Дизельные передвижные нестандартные и проектные
C22: 02. ЭЛЕКТРИЧЕСКИЕ винтовые компрессоры от 7,5 до 400 кВт
D23: 02.01. Электрические стационарные (7,5 - 355 кВт) от +1 ˚С
D24: 02.01.01. Электрические 7,5 - 75 кВт
D25: 02.01.02. Электрические компрессоры 90 - 355 кВт
D26: 02.02. Электрические стационарные (7,5 - 355 кВт) от +1 ˚С с частотным регулированием
D27: 02.02.01. Электрические 7,5 - 75 кВт с частотным регулированием
D28: 02.02.02. Электрические 90 - 355 кВт с частотным регулированием
D29: 02.03. Электрические передвижные. Полная защита от осадков (18,5 - 90 кВт) до -40 ˚С
D30: 02.03.01. Передвижные до -40 ˚С. Полная защита от осадков
D31: 02.03.02. Стационарные до -40 ˚С. Для работы под крышей
D32: 02.03.03. Опции к электрическим компрессорным станциям
D33: 02.04. Электрические стационарные на ресивере (7,5 - 22 кВт)
D34: 02.04.01. На ресивере 7,5-22 кВт с осушителем
... D39: 02.05. Электрические винтовые нестандартные и проектные компрессоры до 400 кВт
C41: 03. ВЗРЫВОЗАЩИЩЁННЫЕ (ExI, ExIIG, Mb), Рудничные компрессоры
D42: 03.01. Взрывозащищенные шахтные (ExI M): ЗИФ-ШВ
D43: 03.02. Рудничные (Для тяжелых условий): ЗИФ-СВЭ-РН
D44: 03.03. Взрывозащищенные (Ex II G с ПВ Т4): ЗИФ-СВЭ-Ex
D45: 03.04. Взрывозащищенные нестандартные и проектные компрессоры
C47: 04. БЕЗМАСЛЯНЫЕ компрессоры от 0,55 до 250 кВт
D48: 04.01. Безмасляные винтовые (45-250 кВт)
D49: 04.01.01. Безмасляные винтовые 45-250 кВт
D50: 04.01.02. Безмасляные винтовые 45-250 кВт с частотным регулированием
D51: 04.02. Безмасляные спиральные (3.7-49,5 кВт)
D52: 04.02.01. Спиральные 3,7-49,5 кВт
D53: 04.02.02. Спиральные 3,7-49,5 кВт с частотным регулированием
D54: 04.03. Безмасляные поршневые (3-4 кВт)
D55: 04.04. Безмасляные поршневые бустеры (4-15 кВт)
D56: 04.05. Безмасляные поршневые от 0,55 до 7,5 кВт
C58: 05. ОСУШИТЕЛИ, ФИЛЬТРЫ, РЕСИВЕРЫ
D59: 05.01. Осушители рефрижераторные, точка росы +2…+10 °C
D60: 05.01.01. Осушитель рефрижераторный, воздушное охлаждение, температура входа +45 °C
D61: 05.01.02. Осушитель рефрижераторный, воздушное охлаждение, температура входа +80 °C
D62: 05.01.03. Осушитель рефрижераторный, водяное охлаждение, температура входа +45 °C
D63: 05.01.04. Осушитель рефрижераторный, водяное охлаждение, температура входа +80 °C
D64: 05.02. Осушители адсорбционные, точка росы -40 °C
D65: 05.02.01. Осушитель адсорбционнный, с холодной регенерацией, потери на регенерацию до 14,5%
D66: 05.02.02. Осушитель адсорбционный с горячей регенерацией, потери на регенерацию до 6%
D67: 05.03. РЕСИВЕРЫ (воздухосборники)
D68: 05.03.01. Серия: для помещения, -20…+50 °C
D69: 05.03.02. Серия: уличное исполнение, -40…+50 °C
D70: 05.03.03. Серия: оцинкованные. покрытие Гальванол, -20…+50 °C
... D72: 05.04. Магистральные фильтры и сепараторы
C74: 06. АЗОТНЫЕ генераторы и установки
D75: 06.01. Установки азотные мембранные (на раме)
D76: 06.02. Установки азотные адсорбционные (на раме)
D77: 06.03. Установка азотная адсорбционная (в контейнере)
D78: 06.04. Установка азотная мембранная (в контейнере)
D79: 06.05. Генераторы азота мембранные
D80: 06.06. Генераторы азота адсорбционные
D81: 06.07. Передвижные азотные установки ЗИФ ПАУ
D82: 06.08. Генераторы жидкого азота
C84: 07. ПОРШНЕВЫЕ и дожимные компрессоры на воздух
D85: 07.01. Поршневые маслозаполненные от 0,75 до 7,5 кВт
D86: 07.02. Поршневые безмасляные 3-4 кВт
D87: 07.03. Поршневые 18,5-160 кВт до 500 бар, воздух.
D88: 07.04. Дожимные поршневые, бустеры, вх. Давление 6-25 бар, вых. Давление 500 бар
D89: 07.05. Поршневые оппозитные. Мощность от 75 до 6000 кВт, воздух
C91: 08. ЦЕНТРОБЕЖНЫЕ компрессоры
D92: 08.01. Стационарные центробежные электрические компрессоры 20-43м3/мин. 4-9 бар: ЗИФ-СЦЭ-ТИС
D93: 08.07. Стационарные центробежные электрические компрессоры 200-3333 м3/мин. 0.3-16 бар: ЗИФ-СЦЭ-МН
D94: 08.06. Стационарные центробежные электрические компрессоры 220-400 м3/мин. 2-25 бар: ЗИФ-СЦЭ-СР
D95: 08.02. Стационарные центробежные электрические компрессоры 40-85 м3/мин. 1.5-4 бар: ЗИФ-СЦЭ-СО
D96: 08.04. Стационарные центробежные электрические компрессоры 40-98 м3/мин. 2-12 бар: ЗИФ-СЦЭ-ТИЛ
D97: 08.03. Стационарные центробежные электрические компрессоры 45-90 м3/мин. 4-9 бар: ЗИФ-СЦЭ-ТИМ
D98: 08.05. Стационарные центробежные электрические компрессоры 80-210 м3/мин. 2-25 бар: ЗИФ-СЦЭ-ВА
C100: 09. ГАЗОВЫЕ компрессоры (СН4, ПНГ, отпарной, биогаз СО2, Не и др.)
D101: 09.01. Поршнеые оппозитные компрессоры на метан и др. газы до 5700 кВт
D102: 09.02. Винтовые компрессоры на метан и др. газы
D103: 09.03. Поршневые V и W образные компрессоры на метан и др. газы
D104: 09.04. Диафрагменные (мембранные) компрессоры на метан и др. газы
D105: 09.05. Гидравлические компрессоры для водорода
D106: 09.06. Центробежные компрессоры на метан и др. газы
C108: 10. МОДУЛЬНЫЕ (блок-контейнерные) компрессоры (МКС, БКК)
D109: 10.01. Стандартные контейнеры (модули) без компрессора
D110: 10.02. Стандартные компрессоры в модуле
D111: 10.03. Проектные (нестандартные) компрессоры в контейнере (модуле)
C113: 11. Для электротранспорта, для буровых и др. НЕСТАНДАРТНЫЕ
D114: 11.01. Для мобильных буровых: ЗИФ-КОМ, ЗИФ-ПВ-Б
D115: 11.02. Электрические для городского электротранспорта: АРМ-АКВ
C117: 12. ЗАПАСНЫЕ ЧАСТИ, винтовые блоки, винтовые пары, РЕИНЖИНИРИНГ блоков.

Sheet 1. Дизельные
B2: 01. ДИЗЕЛЬНЫЕ винтовые компрессоры от 7 до 40 бар
A4: Оглавление
A5: 01.01. Дизельные передвижные компрессоры 7-18 бар
A6: 01.01.01. Дизельные c двигателем FAW
A7: 01.01.02. Дизельные c двигателем FAW на шасси
A8: 01.01.03. Дизельные c двигателями ММЗ, ЯМЗ
A9: 01.01.04. Дизельные c двигателями ММЗ, ЯМЗ на шасси
A10: 01.02. Дизельные передвижные компрессоры 20-40 бар
A11: 01.03. Опции и прицепы к дизельным компрессорам
A12: 01.03.01. Прицепы до 0,56т
A13: 01.03.02. Прицепы от 0,56т до 1,5т
A14: 01.03.03. Прицепы от 1,5т до 1,8т
A15: 01.03.04. Прицепы от 1,8 до 3,5т
... A18: 01.04. Дизельные передвижные нестандартные и проектные
A20: 1 | B20: =A20+1 -> 2 | C20: =B20+1 -> 3 | D20: =C20+1 -> 4 | E20: =D20+1 -> 5 | F20: =E20+1 -> 6 | G20: =F20+1 -> 7 | H20: =G20+1 -> 8 | I20: =H20+1 -> 9 | ... BV20: =BU20+1 -> 74
A21: Артикул | B21: Модель/краткое наименование | C21: Наименование для сайта | D21: Производи-тельность, м3/мин | E21: Производи-тельность, м3/ч | F21: Производи-тельность, фунт в мин (PPM) | G21: Давление на входе (бар избыт.) | H21: Давление на выходе (бар избыт.) | I21: Рабочее давление, PSIG | J21: Мощность, кВт | K21: Точка росы, °C | L21: Чистота азота, % | M21: Расход воздуха (на выработку азота) , м3/ч | N21: Расход воздуха (на выработку азота) , м3/мин | O21: Коэффициент «воздух-азот» | P21: Диапазон температуры эксплуатации, °C | Q21: Габаритные размеры, ДхШхВ, мм | R21: Длина, мм | S21: Ширина, мм | T21: Высота, мм | U21: Масса (нетто), кг | V21: Место расположения | W21: Диаметры точек подключения | X21: Номинальный диаметр точки подключения на входе | Y21: Номинальный диаметр точки подключения на выходе | Z21: Допустимая влажность окружающего воздуха, % | AA21: Максимальная высота над уронем моря, м | AB21: Тип охлаждения | AC21: Доступные опции | AD21: Аналоги по параметрам | AE21: Состав газа | AF21: Содержание масла в сжатом воздухе, не более, мг/м3 | AG21: Максимальная рабочая тепература масла, ℃ | AH21: Минимальное рабочее давление, бар | AI21: Макс. t сжатого воздуха на входе, °C | AJ21: Макc. t сжатого воздуха на выходе, °C | AK21: Количество заправки компрессорного масла, л | AL21: Количество заправки моторного масла, л | AM21: Объём воздуха для охлаждения станции, м3/мин | AN21: Уровень шума, дБ | AO21: Тип системы управления | AP21: Датчики и устройства защиты | AQ21: Функции системы управления | AR21: Прицеп/шасси/рама | AS21: Тип привода | AT21: Тип двигателя | AU21: Тип компрессорного блока | AV21: Безмасляный/маслозаполненный | AW21: Тип электродвигателя | AX21: Способ регулирования производительности | AY21: Метод запуска | AZ21: Наличие частного регулирования | BA21: Марка двигателя | BB21: Частота вращения двигателя, об/мин | BC21: Частота вращения двигателя максимальная, об/мин | BD21: Объём двигателя, л . | BE21: Расход топлива, кг/час | BF21: Ёмкость топливного бака, л | BG21: Параметры электросети | BH21: Класс изоляции электродвигателя | BI21: Класс энергоэффективности электродвигателя | BJ21: Степень защиты двигателя (IP) | BK21: Минимальное сечение медного кабеля для подключения станции, мм2 | BL21: Класс взрывозащиты (исполнение) | BM21: Мощность вентиляторов охлаждения, кВт | BN21: Тип регенерации | BO21: Степень очистки | BP21: Количество ступеней | BQ21: Количество цилиндров | BR21: Объем ресивера, литр | BS21: Минимальный объем ресивера, м3 | BT21: Свойства прицепа | BU21: Срок производства | BV21: Цена, руб. с НДС
A22: 01.01. Дизельные передвижные компрессоры 7-18 бар | C22: 01.01. Дизельные передвижные компрессоры 7-18 бар
A23: 01.01.01. Дизельные c двигателем FAW | C23: 01.01.01. Дизельные c двигателем FAW
A24: ЗИФ-00043558 | B24: ЗИФ-ПВ-3,5/0,7 F-R | C24: Компрессор ЗИФ дизельный 3,5 м3/мин, 7 бар. ЗИФ-ПВ-3,5/0,7 F-R | D24: 3.5 | G24: 0 | H24: 7 | J24: 33 | P24: -25...+40 | Q24: 1642*969*1286 | R24: =LEFTB(Q24, FIND("*", Q24) - 1) -> 1642 | S24: =MID(Q24, FIND("*", Q24) + 1, FIND("*", Q24, FIND("*", Q24) + 1) - FIND("*", Q24) - 1) -> 969 | T24: =RIGHTB(Q24, LEN(Q24) - FIND("*", Q24, FIND("*", Q24) + 1)) -> 1286 | U24: 588 | V24: Уличное | W24: 2хG3/4" | Z24: 98 | AA24: 1500 | AB24: Воздушное | AC24: ЗИФ-00044608;ЗИФ-00044607 | AD24: Похож на Atlas Copco XAS 67 Dd, Atlas Copco XAS 68 Kd | AE24: Воздух | AF24: ≤3,5 | AG24: 110 | AH24: 3,5 | AJ24: Плюс 40 ℃ к входной | AK24: 13 | AN24: ≤80 | AO24: Аналоговое | AP24: Перегрев двигателя; перегрев масла компрессора; падение давления масла двигателя; превышение давления нагнетания в маслоотделителе; обрыв ремней генератора. | AQ24: Пуск/Стоп; подогрев; индикация: наработки в м/ч, количество топлива, температура масла двигателя, давления нагнетания в маслоотделителе; аварийная сигнализация: перегрев двигателя, отсутствие давление масла в двигателе, разряд АКБ. | AR24: На раме | AS24: Прямой, через сцепление | AT24: Дизельный (FAW) | AU24: Винтовой | AV24: Маслозаполнный | AX24: Изменение оборотов двигателя+ дросселирование на всасывании | AY24: Электростартер | BA24: FAW-4DW91 | BB24: 2900 | BD24: 2.16 | BE24: 7.3 | BF24: 50 | BU24: В наличии | BV24: =VLOOKUP(A24,'[1]01. Дизельные винтовые'!$G:$CD,76,0) -> 854019.09
A25: ЗИФ-00046743 | B25: ЗИФ-ПВ-3,5/0,8 F-R | C25: Компрессор ЗИФ дизельный 3,5 м3/мин, 8 бар. ЗИФ-ПВ-3,5/0,8 F-R | D25: 3.5 | G25: 0 | H25: 8 | J25: 33 | P25: -25...+40 | Q25: 1642*969*1286 | R25: 1642 | S25: 969 | T25: 1286 | U25: 588 | V25: Уличное | W25: 2хG3/4" | Z25: 98 | AA25: 1500 | AB25: Воздушное | AC25: ЗИФ-00044608;ЗИФ-00044607 | AD25: Похож на Atlas Copco XAS 67 Dd, Atlas Copco XAS 68 Kd | AE25: Воздух | AF25: ≤3,5 | AG25: 110 | AH25: 3,5 | AJ25: Плюс 40 ℃ к входной | AK25: 13 | AN25: ≤80 | AO25: Аналоговое | AP25: Перегрев двигателя; перегрев масла компрессора; падение давления масла двигателя; превышение давления нагнетания в маслоотделителе; обрыв ремней генератора. | AQ25: Пуск/Стоп; подогрев; индикация: наработки в м/ч, количество топлива, температура масла двигателя, давления нагнетания в маслоотделителе; аварийная сигнализация: перегрев двигателя, отсутствие давление масла в двигателе, разряд АКБ. | AR25: На раме | AS25: Прямой, через сцепление | AT25: Дизельный (FAW) | AU25: Винтовой | AV25: Маслозаполнный | AX25: Изменение оборотов двигателя+ дросселирование на всасывании | AY25: Электростартер | BA25: FAW-4DW91 | BB25: 2900 | BD25: 2.16 | BE25: 7.3 | BF25: 50 | BU25: В наличии | BV25: =VLOOKUP(A25,'[1]01. Дизельные винтовые'!$G:$CD,76,0) -> 854019.09
A26: ЗИФ-00043559 | B26: ЗИФ-ПВ-5/0,7 F-R | C26: Компрессор ЗИФ дизельный 5 м3/мин, 7 бар. ЗИФ-ПВ-5/0,7 F-R | D26: 5 | G26: 0 | H26: 7 | J26: 33 | P26: -25...+40 | Q26: 2014*1244*1478 | R26: =LEFTB(Q26, FIND("*", Q26) - 1) -> 2014 | S26: =MID(Q26, FIND("*", Q26) + 1, FIND("*", Q26, FIND("*", Q26) + 1) - FIND("*", Q26) - 1) -> 1244 | T26: =RIGHTB(Q26, LEN(Q26) - FIND("*", Q26, FIND("*", Q26) + 1)) -> 1478 | U26: 850 | V26: Уличное | W26: 3хG3/4" | Z26: 98 | AA26: 1500 | AB26: Воздушное | AC26: ЗИФ-00044609;ЗИФ-00044610;ЗИФ-00044611;ЗИФ-00018818;ЗИФ-00044576;ЗИФ-00044575 | AD26: Похож на Atlas Copco XAS 87 Kd, XAS 88 Kd | AE26: Воздух | AF26: ≤3,5 | AG26: 110 | AH26: 3,5 | AJ26: Плюс 40 ℃ к входной | AK26: 13 | AN26: ≤85 | AO26: Аналоговое | AP26: Перегрев двигателя; перегрев масла компрессора; падение давления масла двигателя; превышение давления нагнетания в маслоотделителе; обрыв ремней генератора. | AQ26: Пуск/Стоп; подогрев; индикация: наработки в м/ч, количество топлива, температура масла двигателя, давления нагнетания в маслоотделителе; аварийная сигнализация: перегрев двигателя, отсутствие давление масла в двигателе, разряд АКБ. | AR26: На раме | AS26: Прямой, через сцепление | AT26: Дизельный (FAW) | AU26: Винтовой | AV26: Маслозаполнный | AX26: Изменение оборотов двигателя+ дросселирование на всасывании | AY26: Электростартер | BA26: FAW-4DW91 | BB26: 2900 | BD26: 2.16 | BE26: 7.3 | BF26: 80 | BU26: В наличии | BV26: =VLOOKUP(A26,'[1]01. Дизельные винтовые'!$G:$CD,76,0) -> 995129.52
A27: ЗИФ-00046744 | B27: ЗИФ-ПВ-5/0,8 F-R | C27: Компрессор ЗИФ дизельный 5 м3/мин, 8 бар. ЗИФ-ПВ-5/0,8 F-R | D27: 5 | G27: 0 | H27: 8 | J27: 33 | P27: -25...+40 | Q27: 2014*1244*1478 | R27: =LEFTB(Q27, FIND("*", Q27) - 1) -> 2014 | S27: =MID(Q27, FIND("*", Q27) + 1, FIND("*", Q27, FIND("*", Q27) + 1) - FIND("*", Q27) - 1) -> 1244 | T27: =RIGHTB(Q27, LEN(Q27) - FIND("*", Q27, FIND("*", Q27) + 1)) -> 1478 | U27: 850 | V27: Уличное | W27: 3хG3/4" | Z27: 98 | AA27: 1500 | AB27: Воздушное | AC27: ЗИФ-00044609;ЗИФ-00044610;ЗИФ-00044611;ЗИФ-00018818;ЗИФ-00044576;ЗИФ-00044576 | AD27: Похож на Atlas Copco XAS 87 Kd, XAS 88 Kd | AE27: Воздух | AF27: ≤3,5 | AG27: 110 | AH27: 3,5 | AJ27: Плюс 40 ℃ к входной | AK27: 13 | AN27: ≤85 | AO27: Аналоговое | AP27: Перегрев двигателя; перегрев масла компрессора; падение давления масла двигателя; превышение давления нагнетания в маслоотделителе; обрыв ремней генератора. | AQ27: Пуск/Стоп; подогрев; индикация: наработки в м/ч, количество топлива, температура масла двигателя, давления нагнетания в маслоотделителе; аварийная сигнализация: перегрев двигателя, отсутствие давление масла в двигателе, разряд АКБ. | AR27: На раме | AS27: Прямой, через сцепление | AT27: Дизельный (FAW) | AU27: Винтовой | AV27: Маслозаполнный | AX27: Изменение оборотов двигателя+ дросселирование на всасывании | AY27: Электростартер | BA27: FAW-4DW91 | BB27: 2900 | BD27: 2.16 | BE27: 7.3 | BF27: 80 | BU27: В наличии | BV27: =VLOOKUP(A27,'[1]01. Дизельные винтовые'!$G:$CD,76,0) -> 995129.52
A28: ЗИФ-00043560 | B28: ЗИФ-ПВ-6,5/0,7 F-R | C28: Компрессор ЗИФ дизельный 6,5 м3/мин, 7 бар. ЗИФ-ПВ-6,5/0,7 F-R | D28: 6.5 | G28: 0 | H28: 7 | J28: 50 | P28: -25...+40 | Q28: 2014*1244*1478 | R28: =LEFTB(Q28, FIND("*", Q28) - 1) -> 2014 | S28: =MID(Q28, FIND("*", Q28) + 1, FIND("*", Q28, FIND("*", Q28) + 1) - FIND("*", Q28) - 1) -> 1244 | T28: =RIGHTB(Q28, LEN(Q28) - FIND("*", Q28, FIND("*", Q28) + 1)) -> 1478 | U28: 860 | V28: Уличное | W28: 3хG3/4" | Z28: 98 | AA28: 1500 | AB28: Воздушное | AC28: ЗИФ-00044609;ЗИФ-00044610;ЗИФ-00044611;ЗИФ-00018818;ЗИФ-00044576;ЗИФ-00044577 | AD28: Похож на Atlas Copco U250, Atlas Copco XAS 138 | AE28: Воздух | AF28: ≤3,5 | AG28: 110 | AH28: 3,5 | AJ28: Плюс 40 ℃ к входной | AK28: 13 | AN28: ≤85 | AO28: Аналоговое | AP28: Перегрев двигателя; перегрев масла компрессора; падение давления масла двигателя; превышение давления нагнетания в маслоотделителе; обрыв ремней генератора. | AQ28: Пуск/Стоп; подогрев; индикация: наработки в м/ч, количество топлива, температура масла двигателя, давления нагнетания в маслоотделителе; аварийная сигнализация: перегрев двигателя, отсутствие давление масла в двигателе, разряд АКБ. | AR28: На раме | AS28: Прямой, через сцепление | AT28: Дизельный (FAW) | AU28: Винтовой | AV28: Маслозаполнный | AX28: Изменение оборотов двигателя+ дросселирование на всасывании | AY28: Электростартер | BA28: FAW-4DW92 | BB28: 2900 | BD28: 2.16 | BE28: 10.6 | BF28: 80 | BU28: В наличии | BV28: =VLOOKUP(A28,'[1]01. Дизельные винтовые'!$G:$CD,76,0) -> 1283101.8
A29: ЗИФ-00046745 | B29: ЗИФ-ПВ-6,5/0,8 F-R | C29: Компрессор ЗИФ дизельный 6,5 м3/мин, 8 бар. ЗИФ-ПВ-6,5/0,8 F-R | D29: 6.5 | G29: 0 | H29: 8 | J29: 50 | P29: -25...+40 | Q29: 2014*1244*1478 | R29: =LEFTB(Q29, FIND("*", Q29) - 1) -> 2014 | S29: =MID(Q29, FIND("*", Q29) + 1, FIND("*", Q29, FIND("*", Q29) + 1) - FIND("*", Q29) - 1) -> 1244 | T29: =RIGHTB(Q29, LEN(Q29) - FIND("*", Q29, FIND("*", Q29) + 1)) -> 1478 | U29: 860 | V29: Уличное | W29: 3хG3/4" | Z29: 98 | AA29: 1500 | AB29: Воздушное | AC29: ЗИФ-00044609;ЗИФ-00044610;ЗИФ-00044611;ЗИФ-00018818;ЗИФ-00044576;ЗИФ-00044578 | AD29: Похож на Atlas Copco U250, Atlas Copco XAS 138 | AE29: Воздух | AF29: ≤3,5 | AG29: 110 | AH29: 3,5 | AJ29: Плюс 40 ℃ к входной | AK29: 13 | AN29: ≤85 | AO29: Аналоговое | AP29: Перегрев двигателя; перегрев масла компрессора; падение давления масла двигателя; превышение давления нагнетания в маслоотделителе; обрыв ремней генератора. | AQ29: Пуск/Стоп; подогрев; индикация: наработки в м/ч, количество топлива, температура масла двигателя, давления нагнетания в маслоотделителе; аварийная сигнализация: перегрев двигателя, отсутствие давление масла в двигателе, разряд АКБ. | AR29: На раме | AS29: Прямой, через сцепление | AT29: Дизельный (FAW) | AU29: Винтовой | AV29: Маслозаполнный | AX29: Изменение оборотов двигателя+ дросселирование на всасывании | AY29: Электростартер | BA29: FAW-4DW92 | BB29: 2900 | BD29: 2.16 | BE29: 10.6 | BF29: 80 | BU29: В наличии | BV29: =VLOOKUP(A29,'[1]01. Дизельные винтовые'!$G:$CD,76,0) -> 1283101.8
A30: ЗИФ-00043645 | B30: ЗИФ-ПВ-8,5/0,7 F-R | C30: Компрессор ЗИФ дизельный 8,5 м3/мин, 7 бар. ЗИФ-ПВ-8,5/0,7 F-R | D30: 8.5 | G30: 0 | H30: 7 | J30: 50 | P30: -25...+40 | Q30: 2014*1244*1478 | R30: =LEFTB(Q30, FIND("*", Q30) - 1) -> 2014 | S30: =MID(Q30, FIND("*", Q30) + 1, FIND("*", Q30, FIND("*", Q30) + 1) - FIND("*", Q30) - 1) -> 1244 | T30: =RIGHTB(Q30, LEN(Q30) - FIND("*", Q30, FIND("*", Q30) + 1)) -> 1478 | U30: 860 | V30: Уличное | W30: 3хG3/4" | Z30: 98 | AA30: 1500 | AB30: Воздушное | AC30: ЗИФ-00044609;ЗИФ-00044610;ЗИФ-00044611;ЗИФ-00018818;ЗИФ-00044576;ЗИФ-00044579 | AD30: Похож на Atlas Copco XAS 137 Kd | AE30: Воздух | AF30: ≤3,5 | AG30: 110 | AH30: 3,5 | AJ30: Плюс 40 ℃ к входной | AK30: 13 | AN30: ≤85 | AO30: Аналоговое | AP30: Перегрев двигателя; перегрев масла компрессора; падение давления масла двигателя; превышение давления нагнетания в маслоотделителе; обрыв ремней генератора. | AQ30: Пуск/Стоп; подогрев; индикация: наработки в м/ч, количество топлива, температура масла двигателя, давления нагнетания в маслоотделителе; аварийная сигнализация: перегрев двигателя, отсутствие давление масла в двигателе, разряд АКБ. | AR30: На раме | AS30: Прямой, через сцепление | AT30: Дизельный (FAW) | AU30: Винтовой | AV30: Маслозаполнный | AX30: Изменение оборотов двигателя+ дросселирование на всасывании | AY30: Электростартер | BA30: FAW-4DW92 | BB30: 2900 | BD30: 2.16 | BE30: 10.6 | BF30: 80 | BU30: В наличии | BV30: =VLOOKUP(A30,'[1]01. Дизельные винтовые'!$G:$CD,76,0) -> 1224814.8
A31: ЗИФ-00046746 | B31: ЗИФ-ПВ-8,5/0,8 F-R | C31: Компрессор ЗИФ дизельный 8,5 м3/мин, 8 бар. ЗИФ-ПВ-8,5/0,8 F-R | D31: 8.5 | G31: 0 | H31: 8 | J31: 50 | P31: -25...+40 | Q31: 2014*1244*1478 | R31: =LEFTB(Q31, FIND("*", Q31) - 1) -> 2014 | S31: =MID(Q31, FIND("*", Q31) + 1, FIND("*", Q31, FIND("*", Q31) + 1) - FIND("*", Q31) - 1) -> 1244 | T31: =RIGHTB(Q31, LEN(Q31) - FIND("*", Q31, FIND("*", Q31) + 1)) -> 1478 | U31: 860 | V31: Уличное | W31: 3хG3/4" | Z31: 98 | AA31: 1500 | AB31: Воздушное | AC31: ЗИФ-00044609;ЗИФ-00044610;ЗИФ-00044611;ЗИФ-00018818;ЗИФ-00044576;ЗИФ-00044580 | AD31: Похож на Atlas Copco XAS 137 Kd | AE31: Воздух | AF31: ≤3,5 | AG31: 110 | AH31: 3,5 | AJ31: Плюс 40 ℃ к входной | AK31: 13 | AN31: ≤85 | AO31: Аналоговое | AP31: Перегрев двигателя; перегрев масла компрессора; падение давления масла двигателя; превышение давления нагнетания в маслоотделителе; обрыв ремней генератора. | AQ31: Пуск/Стоп; подогрев; индикация: наработки в м/ч, количество топлива, температура масла двигателя, давления нагнетания в маслоотделителе; аварийная сигнализация: перегрев двигателя, отсутствие давление масла в двигателе, разряд АКБ. | AR31: На раме | AS31: Прямой, через сцепление | AT31: Дизельный (FAW) | AU31: Винтовой | AV31: Маслозаполнный | AX31: Изменение оборотов двигателя+ дросселирование на всасывании | AY31: Электростартер | BA31: FAW-4DW92 | BB31: 2900 | BD31: 2.16 | BE31: 10.6 | BF31: 80 | BU31: В наличии | BV31: =VLOOKUP(A31,'[1]01. Дизельные винтовые'!$G:$CD,76,0) -> 1224814.8
A32: ЗИФ-00043561 | B32: ЗИФ-ПВ-12/0,7 F-R | C32: Компрессор ЗИФ дизельный 12 м3/мин, 7 бар. ЗИФ-ПВ-12/0,7 F-R | D32: 12 | G32: 0 | H32: 7 | J32: 80 | P32: -25...+40 | Q32: 2270*1244*1500 | R32: =LEFTB(Q32, FIND("*", Q32) - 1) -> 2270 | S32: =MID(Q32, FIND("*", Q32) + 1, FIND("*", Q32, FIND("*", Q32) + 1) - FIND("*", Q32) - 1) -> 1244 | T32: =RIGHTB(Q32, LEN(Q32) - FIND("*", Q32, FIND("*", Q32) + 1)) -> 1500 | U32: 1500 | V32: Уличное | W32: 3хG3/4"+1хG1-1/2" | Z32: 98 | AA32: 1500 | AB32: Воздушное | AC32: ЗИФ-00044609;ЗИФ-00044610;ЗИФ-00044611;ЗИФ-00018818;ЗИФ-00044576;ЗИФ-00044581 | AD32: Похож на Atlas Copco XAS 375, Atlas Copco XAHS 400 PACE | AE32: Воздух | AF32: ≤3,5 | AG32: 110 | AH32: 3,5 | AJ32: Плюс 40 ℃ к входной | AK32: 23 | AN32: ≤85 | AO32: Аналоговое | AP32: Перегрев двигателя; перегрев масла компрессора; падение давления масла двигателя; превышение давления нагнетания в маслоотделителе; обрыв ремней генератора. | AQ32: Пуск/Стоп; подогрев; индикация: наработки в м/ч, количество топлива, температура масла двигателя, давления нагнетания в маслоотделителе; аварийная сигнализация: перегрев двигателя, отсутствие давление масла в двигателе, разряд АКБ. | AR32: На раме | AS32: Прямой, через сцепление | AT32: Дизельный (FAW) | AU32: Винтовой | AV32: Маслозаполнный | AX32: Изменение оборотов двигателя+ дросселирование на всасывании | AY32: Электростартер | BA32: 4DX22-110G2 | BB32: 3000 | BD32: 3.8 | BE32: 17.6 | BF32: 80 | BU32: В наличии | BV32: =VLOOKUP(A32,'[1]01. Дизельные винтовые'!$G:$CD,76,0) -> 1537249.2
A33: ЗИФ-00043562 | B33: ЗИФ-ПВ-5,5/1,0 F-R | C33: Компрессор ЗИФ дизельный 5,5 м3/мин, 10 бар. ЗИФ-ПВ-5,5/1,0 F-R | D33: 5.5 | G33: 0 | H33: 10 | J33: 50 | P33: -25...+40 | Q33: 2014*1244*1478 | R33: =LEFTB(Q33, FIND("*", Q33) - 1) -> 2014 | S33: =MID(Q33, FIND("*", Q33) + 1, FIND("*", Q33, FIND("*", Q33) + 1) - FIND("*", Q33) - 1) -> 1244 | T33: =RIGHTB(Q33, LEN(Q33) - FIND("*", Q33, FIND("*", Q33) + 1)) -> 1478 | U33: 860 | V33: Уличное | W33: 3хG3/4" | Z33: 98 | AA33: 1500 | AB33: Воздушное | AC33: ЗИФ-00044609;ЗИФ-00044610;ЗИФ-00044611;ЗИФ-00018818;ЗИФ-00044576;ЗИФ-00044582 | AD33: Похож на Atlas Copco U 250 PACE | AE33: Воздух | AF33: ≤3,5 | AG33: 110 | AH33: 3,5 | AJ33: Плюс 40 ℃ к входной | AK33: 13 | AN33: ≤85 | AO33: Аналоговое | AP33: Перегрев двигателя; перегрев масла компрессора; падение давления масла двигателя; превышение давления нагнетания в маслоотделителе; обрыв ремней генератора. | AQ33: Пуск/Стоп; подогрев; индикация: наработки в м/ч, количество топлива, температура масла двигателя, давления нагнетания в маслоотделителе; аварийная сигнализация: перегрев двигателя, отсутствие давление масла в двигателе, разряд АКБ. | AR33: На раме | AS33: Прямой, через сцепление | AT33: Дизельный (FAW) | AU33: Винтовой | AV33: Маслозаполнный | AX33: Изменение оборотов двигателя+ дросселирование на всасывании | AY33: Электростартер | BA33: FAW-4DW92 | BB33: 2900 | BD33: 2.16 | BE33: 10.6 | BF33: 80 | BU33: В наличии | BV33: =VLOOKUP(A33,'[1]01. Дизельные винтовые'!$G:$CD,76,0) -> 1003110.2
A34: ЗИФ-00043732 | B34: ЗИФ-ПВ-6/1,0 F-R | C34: Компрессор ЗИФ дизельный 6 м3/мин, 10 бар. ЗИФ-ПВ-6/1,0 F-R | D34: 6 | G34: 0 | H34: 10 | J34: 50 | P34: -25...+40 | Q34: 2014*1244*1478 | R34: =LEFTB(Q34, FIND("*", Q34) - 1) -> 2014 | S34: =MID(Q34, FIND("*", Q34) + 1, FIND("*", Q34, FIND("*", Q34) + 1) - FIND("*", Q34) - 1) -> 1244 | T34: =RIGHTB(Q34, LEN(Q34) - FIND("*", Q34, FIND("*", Q34) + 1)) -> 1478 | U34: 860 | V34: Уличное | W34: 3хG3/4" | Z34: 98 | AA34: 1500 | AB34: Воздушное | AC34: ЗИФ-00044609;ЗИФ-00044610;ЗИФ-00044611;ЗИФ-00018818;ЗИФ-00044576;ЗИФ-00044583 | AD34: Похож на Atlas Copco U 250 PACE | AE34: Воздух | AF34: ≤3,5 | AG34: 110 | AH34: 3,5 | AJ34: Плюс 40 ℃ к входной | AK34: 13 | AN34: ≤85 | AO34: Аналоговое | AP34: Перегрев двигателя; перегрев масла компрессора; падение давления масла двигателя; превышение давления нагнетания в маслоотделителе; обрыв ремней генератора. | AQ34: Пуск/Стоп; подогрев; индикация: наработки в м/ч, количество топлива, температура масла двигателя, давления нагнетания в маслоотделителе; аварийная сигнализация: перегрев двигателя, отсутствие давление масла в двигателе, разряд АКБ. | AR34: На раме | AS34: Прямой, через сцепление | AT34: Дизельный (FAW) | AU34: Винтовой | AV34: Маслозаполнный | AX34: Изменение оборотов двигателя+ дросселирование на всасывании | AY34: Электростартер | BA34: FAW-4DW92 | BB34: 3000 | BD34: 2.16 | BE34: 10.6 | BF34: 80 | BU34: В наличии | BV34: =VLOOKUP(A34,'[1]01. Дизельные винтовые'!$G:$CD,76,0) -> 1212539.2
A35: ЗИФ-00043733 | B35: ЗИФ-ПВ-8/1,0 F-R | C35: Компрессор ЗИФ дизельный 8 м3/мин, 10 бар. ЗИФ-ПВ-8/1,0 F-R | D35: 8 | G35: 0 | H35: 10 | J35: 80 | P35: -25...+40 | Q35: 2270*1244*1500 | R35: =LEFTB(Q35, FIND("*", Q35) - 1) -> 2270 | S35: =MID(Q35, FIND("*", Q35) + 1, FIND("*", Q35, FIND("*", Q35) + 1) - FIND("*", Q35) - 1) -> 1244 | T35: =RIGHTB(Q35, LEN(Q35) - FIND("*", Q35, FIND("*", Q35) + 1)) -> 1500 | U35: 1500 | V35: Уличное | W35: 3хG3/4"+1хG1-1/2" | Z35: 98 | AA35: 1500 | AB35: Воздушное | AC35: ЗИФ-00044609;ЗИФ-00044610;ЗИФ-00044611;ЗИФ-00018818;ЗИФ-00044576;ЗИФ-00044584 | AD35: Похож на Atlas Copco XATS 156 Dd | AE35: Воздух | AF35: ≤3,5 | AG35: 110 | AH35: 3,5 | AJ35: Плюс 40 ℃ к входной | AK35: 23 | AN35: ≤85 | AO35: Аналоговое | AP35: Перегрев двигателя; перегрев масла компрессора; падение давления масла двигателя; превышение давления нагнетания в маслоотделителе; обрыв ремней генератора. | AQ35: Пуск/Стоп; подогрев; индикация: наработки в м/ч, количество топлива, температура масла двигателя, давления нагнетания в маслоотделителе; аварийная сигнализация: перегрев двигателя, отсутствие давление масла в двигателе, разряд АКБ. | AR35: На раме | AS35: Прямой, через сцепление | AT35: Дизельный (FAW) | AU35: Винтовой | AV35: Маслозаполнный | AX35: Изменение оборотов двигателя+ дросселирование на всасывании | AY35: Электростартер | BA35: 4DX22-110G2 | BB35: 3000 | BD35: 3.8 | BE35: 17.6 | BF35: 80 | BU35: В наличии | BV35: =VLOOKUP(A35,'[1]01. Дизельные винтовые'!$G:$CD,76,0) -> 1495622
A36: ЗИФ-00043563 | B36: ЗИФ-ПВ-10/1,0 F-R | C36: Компрессор ЗИФ дизельный 10 м3/мин, 10 бар. ЗИФ-ПВ-10/1,0 F-R | D36: 10 | G36: 0 | H36: 10 | J36: 80 | P36: -25...+40 | Q36: 2270*1244*1500 | R36: =LEFTB(Q36, FIND("*", Q36) - 1) -> 2270 | S36: =MID(Q36, FIND("*", Q36) + 1, FIND("*", Q36, FIND("*", Q36) + 1) - FIND("*", Q36) - 1) -> 1244 | T36: =RIGHTB(Q36, LEN(Q36) - FIND("*", Q36, FIND("*", Q36) + 1)) -> 1500 | U36: 1500 | V36: Уличное | W36: 3хG3/4"+1хG1-1/2" | Z36: 98 | AA36: 1500 | AB36: Воздушное | AC36: ЗИФ-00044609;ЗИФ-00044610;ЗИФ-00044611;ЗИФ-00018818;ЗИФ-00044576;ЗИФ-00044585 | AD36: Похож на Atlas Copco XATS 156 Dd | AE36: Воздух | AF36: ≤3,5 | AG36: 110 | AH36: 3,5 | AJ36: Плюс 40 ℃ к входной | AK36: 23 | AN36: ≤85 | AO36: Аналоговое | AP36: Перегрев двигателя; перегрев масла компрессора; падение давления масла двигателя; превышение давления нагнетания в маслоотделителе; обрыв ремней генератора. | AQ36: Пуск/Стоп; подогрев; индикация: наработки в м/ч, количество топлива, температура масла двигателя, давления нагнетания в маслоотделителе; аварийная сигнализация: перегрев двигателя, отсутствие давление масла в двигателе, разряд АКБ. | AR36: На раме | AS36: Прямой, через сцепление | AT36: Дизельный (FAW) | AU36: Винтовой | AV36: Маслозаполнный | AX36: Изменение оборотов двигателя+ дросселирование на всасывании | AY36: Электростартер | BA36: 4DX22-110G2 | BB36: 3000 | BD36: 3.8 | BE36: 17.6 | BF36: 80 | BU36: В наличии | BV36: =VLOOKUP(A36,'[1]01. Дизельные винтовые'!$G:$CD,76,0) -> 1561874.8
A37: ЗИФ-00043567 | B37: ЗИФ-ПВ-3/1,2 F-R | C37: Компрессор ЗИФ дизельный 3 м3/мин, 12 бар. ЗИФ-ПВ-3/1,2 F-R | D37: 3 | G37: 0 | H37: 12 | J37: 50 | P37: -25...+40 | Q37: 2014*1244*1478 | R37: =LEFTB(Q37, FIND("*", Q37) - 1) -> 2014 | S37: =MID(Q37, FIND("*", Q37) + 1, FIND("*", Q37, FIND("*", Q37) + 1) - FIND("*", Q37) - 1) -> 1244 | T37: =RIGHTB(Q37, LEN(Q37) - FIND("*", Q37, FIND("*", Q37) + 1)) -> 1478 | U37: 860 | V37: Уличное | W37: 3хG3/4" | Z37: 98 | AA37: 1500 | AB37: Воздушное | AC37: ЗИФ-00044609;ЗИФ-00044610;ЗИФ-00044611;ЗИФ-00018818;ЗИФ-00044576;ЗИФ-00044586 | AD37: Похож на Atlas Copco XAHS 38 | AE37: Воздух | AF37: ≤3,5 | AG37: 110 | AH37: 3,5 | AJ37: Плюс 40 ℃ к входной | AK37: 13 | AN37: ≤80 | AO37: Аналоговое | AP37: Перегрев двигателя; перегрев масла компрессора; падение давления масла двигателя; превышение давления нагнетания в маслоотделителе; обрыв ремней генератора. | AQ37: Пуск/Стоп; подогрев; индикация: наработки в м/ч, количество топлива, температура масла двигателя, давления нагнетания в маслоотделителе; аварийная сигнализация: перегрев двигателя, отсутствие давление масла в двигателе, разряд АКБ. | AR37: На раме | AS37: Прямой, через сцепление | AT37: Дизельный (FAW) | AU37: Винтовой | AV37: Маслозаполнный | AX37: Изменение оборотов двигателя+ дросселирование на всасывании | AY37: Электростартер | BA37: FAW-4DW92 | BB37: 2900 | BD37: 2.16 | BE37: 10.6 | BF37: 50 | BU37: 10 р. д. | BV37: =VLOOKUP(A37,'[1]01. Дизельные винтовые'!$G:$CD,76,0) -> 1124677.7
... A44: ЗИФ-00043580 | B44: ЗИФ-ПВ-6/1,3 F-R | C44: Компрессор ЗИФ дизельный 6 м3/мин, 13 бар. ЗИФ-ПВ-6/1,3 F-R | D44: 6 | G44: 0 | H44: 13 | J44: 80 | P44: -25...+40 | Q44: 2270*1244*1500 | R44: =LEFTB(Q44, FIND("*", Q44) - 1) -> 2270 | S44: =MID(Q44, FIND("*", Q44) + 1, FIND("*", Q44, FIND("*", Q44) + 1) - FIND("*", Q44) - 1) -> 1244 | T44: =RIGHTB(Q44, LEN(Q44) - FIND("*", Q44, FIND("*", Q44) + 1)) -> 1500 | U44: 1500 | V44: Уличное | W44: 3хG3/4"+1хG1-1/2" | Z44: 98 | AA44: 1500 | AB44: Воздушное | AC44: ЗИФ-00044609;ЗИФ-00044610;ЗИФ-00044611;ЗИФ-00018818;ЗИФ-00044576;ЗИФ-00044593 | AD44: Похож на Atlas Copco XAHS 107 Kd | AE44: Воздух | AF44: ≤3,5 | AG44: 110 | AH44: 3,5 | AJ44: Плюс 40 ℃ к входной | AK44: 23 | AN44: ≤85 | AO44: Аналоговое | AP44: Перегрев двигателя; перегрев масла компрессора; падение давления масла двигателя; превышение давления нагнетания в маслоотделителе; обрыв ремней генератора. | AQ44: Пуск/Стоп; подогрев; индикация: наработки в м/ч, количество топлива, температура масла двигателя, давления нагнетания в маслоотделителе; аварийная сигнализация: перегрев двигателя, отсутствие давление масла в двигателе, разряд АКБ. | AR44: На раме | AS44: Прямой, через сцепление | AT44: Дизельный (FAW) | AU44: Винтовой | AV44: Маслозаполнный | AX44: Изменение оборотов двигателя+ дросселирование на всасывании | AY44: Электростартер | BA44: 4DX22-110G2 | BB44: 3000 | BD44: 3.8 | BE44: 17.6 | BF44: 80 | BU44: 10 р. д. | BV44: =VLOOKUP(A44,'[1]01. Дизельные винтовые'!$G:$CD,76,0) -> 1543104.7
A45: ЗИФ-00043581 | B45: ЗИФ-ПВ-2/1,6 F-R | C45: Компрессор ЗИФ дизельный 2 м3/мин, 16 бар. ЗИФ-ПВ-2/1,6 F-R | D45: 2 | G45: 0 | H45: 16 | J45: 33 | P45: -25...+40 | Q45: 1642*969*1286 | R45: =LEFTB(Q45, FIND("*", Q45) - 1) -> 1642 | S45: =MID(Q45, FIND("*", Q45) + 1, FIND("*", Q45, FIND("*", Q45) + 1) - FIND("*", Q45) - 1) -> 969 | T45: =RIGHTB(Q45, LEN(Q45) - FIND("*", Q45, FIND("*", Q45) + 1)) -> 1286 | U45: 588 | V45: Уличное | W45: 2хG3/4" | Z45: 98 | AA45: 1500 | AB45: Воздушное | AC45: ЗИФ-00044609;ЗИФ-00044610;ЗИФ-00044611;ЗИФ-00018818;ЗИФ-00044576;ЗИФ-00044594 | AD45: 0 | AE45: Воздух | AF45: ≤3,5 | AG45: 110 | AH45: 3,5 | AJ45: Плюс 40 ℃ к входной | AK45: 13 | AN45: ≤80 | AO45: Аналоговое | AP45: Перегрев двигателя; перегрев масла компрессора; падение давления масла двигателя; превышение давления нагнетания в маслоотделителе; обрыв ремней генератора. | AQ45: Пуск/Стоп; подогрев; индикация: наработки в м/ч, количество топлива, температура масла двигателя, давления нагнетания в маслоотделителе; аварийная сигнализация: перегрев двигателя, отсутствие давление масла в двигателе, разряд АКБ. | AR45: На раме | AS45: Прямой, через сцепление | AT45: Дизельный (FAW) | AU45: Винтовой | AV45: Маслозаполнный | AX45: Изменение оборотов двигателя+ дросселирование на всасывании | AY45: Электростартер | BA45: FAW-4DW91 | BB45: 2900 | BD45: 2.16 | BE45: 7.3 | BF45: 50 | BU45: 60 р.д. | BV45: =VLOOKUP(A45,'[1]01. Дизельные винтовые'!$G:$CD,76,0) -> 1257822.3
A46: ЗИФ-00043582 | B46: ЗИФ-ПВ-4/1,6 F-R | C46: Компрессор ЗИФ дизельный 4 м3/мин, 16 бар. ЗИФ-ПВ-4/1,6 F-R | D46: 4 | G46: 0 | H46: 16 | J46: 80 | P46: -25...+40 | Q46: 2270*1244*1500 | R46: =LEFTB(Q46, FIND("*", Q46) - 1) -> 2270 | S46: =MID(Q46, FIND("*", Q46) + 1, FIND("*", Q46, FIND("*", Q46) + 1) - FIND("*", Q46) - 1) -> 1244 | T46: =RIGHTB(Q46, LEN(Q46) - FIND("*", Q46, FIND("*", Q46) + 1)) -> 1500 | U46: 1500 | V46: Уличное | W46: 3хG3/4" | Z46: 98 | AA46: 1500 | AB46: Воздушное | AC46: ЗИФ-00044609;ЗИФ-00044610;ЗИФ-00044611;ЗИФ-00018818;ЗИФ-00044576;ЗИФ-00044595 | AD46: 0 | AE46: Воздух | AF46: ≤3,5 | AG46: 110 | AH46: 3,5 | AJ46: Плюс 40 ℃ к входной | AK46: 23 | AN46: ≤85 | AO46: Аналоговое | AP46: Перегрев двигателя; перегрев масла компрессора; падение давления масла двигателя; превышение давления нагнетания в маслоотделителе; обрыв ремней генератора. | AQ46: Пуск/Стоп; подогрев; индикация: наработки в м/ч, количество топлива, температура масла двигателя, давления нагнетания в маслоотделителе; аварийная сигнализация: перегрев двигателя, отсутствие давление масла в двигателе, разряд АКБ. | AR46: На раме | AS46: Прямой, через сцепление | AT46: Дизельный (FAW) | AU46: Винтовой | AV46: Маслозаполнный | AX46: Изменение оборотов двигателя+ дросселирование на всасывании | AY46: Электростартер | BA46: 4DX22-110G2 | BB46: 2900 | BD46: 3.8 | BE46: 15 | BF46: 80 | BU46: В наличии | BV46: =VLOOKUP(A46,'[1]01. Дизельные винтовые'!$G:$CD,76,0) -> 1518984.4
A47: 01.01.02. Дизельные c двигателем FAW на шасси | C47: 01.01.02. Дизельные c двигателем FAW на шасси
A48: ЗИФ-00043723 | B48: ЗИФ-ПВ-3,5/0,7 F-R на шасси | C48: Компрессор ЗИФ дизельный 3,5 м3/мин, 7 бар + шасси (Не предназначен для перемещения по дорогам общего пользования, без ПТС и ПСМ). ЗИФ-ПВ-3,5/0,7 F-R | D48: 3.5 | G48: 0 | H48: 7 | J48: 33 | P48: -25...+40 | Q48: 1642*969*1286 | V48: Уличное | W48: 2хG3/4" | Z48: 98 | AA48: 1500 | AB48: Воздушное | AC48: ЗИФ-00044576;ЗИФ-00044575 | AD48: Похож на Atlas Copco XAS 67 Dd, Atlas Copco XAS 68 Kd | AE48: Воздух | AF48: ≤3,5 | AG48: 110 | AH48: 3,5 | AJ48: Плюс 40 ℃ к входной | AK48: 13 | AN48: ≤80 | AO48: Аналоговое | AP48: Перегрев двигателя; перегрев масла компрессора; падение давления масла двигателя; превышение давления нагнетания в маслоотделителе; обрыв ремней генератора. | AQ48: Пуск/Стоп; подогрев; индикация: наработки в м/ч, количество топлива, температура масла двигателя, давления нагнетания в маслоотделителе; аварийная сигнализация: перегрев двигателя, отсутствие давление масла в двигателе, разряд АКБ. | AR48: На шасси | AS48: Прямой, через сцепление | AT48: Дизельный (FAW) | AU48: Винтовой | AV48: Маслозаполнный | AX48: Изменение оборотов двигателя+ дросселирование на всасывании | AY48: Электростартер | BA48: FAW-4DW91 | BB48: 2900 | BD48: 2.16 | BE48: 7.3 | BF48: 50 | BU48: 2 р.д | BV48: =VLOOKUP(A48,'[1]01. Дизельные винтовые'!$G:$CD,76,0) -> 942162.95
A49: ЗИФ-00046747 | B49: ЗИФ-ПВ-3,5/0,8 F-R на шасси | C49: Компрессор ЗИФ дизельный 3,5 м3/мин, 8 бар + шасси (Не предназначен для перемещения по дорогам общего пользования, без ПТС и ПСМ). ЗИФ-ПВ-3,5/0,8 F-R | D49: 3.5 | G49: 0 | H49: 8 | J49: 33 | P49: -25...+40 | Q49: 1642*969*1286 | V49: Уличное | W49: 3хG3/4" | Z49: 98 | AA49: 1500 | AB49: Воздушное | AC49: ЗИФ-00044576;ЗИФ-00044576 | AD49: Похож на Atlas Copco XAS 67 Dd, Atlas Copco XAS 68 Kd | AE49: Воздух | AF49: ≤3,5 | AG49: 110 | AH49: 3,5 | AJ49: Плюс 40 ℃ к входной | AK49: 13 | AN49: ≤80 | AO49: Аналоговое | AP49: Перегрев двигателя; перегрев масла компрессора; падение давления масла двигателя; превышение давления нагнетания в маслоотделителе; обрыв ремней генератора. | AQ49: Пуск/Стоп; подогрев; индикация: наработки в м/ч, количество топлива, температура масла двигателя, давления нагнетания в маслоотделителе; аварийная сигнализация: перегрев двигателя, отсутствие давление масла в двигателе, разряд АКБ. | AR49: На шасси | AS49: Прямой, через сцепление | AT49: Дизельный (FAW) | AU49: Винтовой | AV49: Маслозаполнный | AX49: Изменение оборотов двигателя+ дросселирование на всасывании | AY49: Электростартер | BA49: FAW-4DW91 | BB49: 2900 | BD49: 2.16 | BE49: 7.3 | BF49: 50 | BU49: 2 р.д | BV49: =VLOOKUP(A49,'[1]01. Дизельные винтовые'!$G:$CD,76,0) -> 942162.95
A50: ЗИФ-00043724 | B50: ЗИФ-ПВ-5/0,7 F-R на шасси | C50: Компрессор ЗИФ дизельный 5 м3/мин, 7 бар + шасси (Не предназначен для перемещения по дорогам общего пользования, без ПТС и ПСМ), ЗИФ-ПВ-5/0,7 F-R | D50: 5 | G50: 0 | H50: 7 | J50: 33 | P50: -25...+40 | Q50: 2014*1244*1478 | V50: Уличное | W50: 3хG3/4" | Z50: 98 | AA50: 1500 | AB50: Воздушное | AC50: ЗИФ-00044576;ЗИФ-00044577 | AD50: Похож на Atlas Copco XAS 87 Kd, Atlas Copco XAS 88 Kd, Atlas Copco XAS 97 Dd, Atlas Copco XAS 98 | AE50: Воздух | AF50: ≤3,5 | AG50: 110 | AH50: 3,5 | AJ50: Плюс 40 ℃ к входной | AK50: 13 | AN50: ≤85 | AO50: Аналоговое | AP50: Перегрев двигателя; перегрев масла компрессора; падение давления масла двигателя; превышение давления нагнетания в маслоотделителе; обрыв ремней генератора. | AQ50: Пуск/Стоп; подогрев; индикация: наработки в м/ч, количество топлива, температура масла двигателя, давления нагнетания в маслоотделителе; аварийная сигнализация: перегрев двигателя, отсутствие давление масла в двигателе, разряд АКБ. | AR50: На шасси | AS50: Прямой, через сцепление | AT50: Дизельный (FAW) | AU50: Винтовой | AV50: Маслозаполнный | AX50: Изменение оборотов двигателя+ дросселирование на всасывании | AY50: Электростартер | BA50: FAW-4DW91 | BB50: 2900 | BD50: 2.16 | BE50: 7.3 | BF50: 80 | BU50: 2 р.д | BV50: =VLOOKUP(A50,'[1]01. Дизельные винтовые'!$G:$CD,76,0) -> 1044336.1
A51: ЗИФ-00046748 | B51: ЗИФ-ПВ-5/0,8 F-R на шасси | C51: Компрессор ЗИФ дизельный 5 м3/мин, 8 бар + шасси (Не предназначен для перемещения по дорогам общего пользования, без ПТС и ПСМ). ЗИФ-ПВ-5/0,8 F-R | D51: 5 | G51: 0 | H51: 8 | J51: 33 | P51: -25...+40 | Q51: 2014*1244*1478 | V51: Уличное | W51: 3хG3/4" | Z51: 98 | AA51: 1500 | AB51: Воздушное | AC51: ЗИФ-00044576;ЗИФ-00044578 | AD51: Похож на Atlas Copco XAS 87 Kd, Atlas Copco XAS 88 Kd, Atlas Copco XAS 97 Dd, Atlas Copco XAS 98 | AE51: Воздух | AF51: ≤3,5 | AG51: 110 | AH51: 3,5 | AJ51: Плюс 40 ℃ к входной | AK51: 13 | AN51: ≤85 | AO51: Аналоговое | AP51: Перегрев двигателя; перегрев масла компрессора; падение давления масла двигателя; превышение давления нагнетания в маслоотделителе; обрыв ремней генератора. | AQ51: Пуск/Стоп; подогрев; индикация: наработки в м/ч, количество топлива, температура масла двигателя, давления нагнетания в маслоотделителе; аварийная сигнализация: перегрев двигателя, отсутствие давление масла в двигателе, разряд АКБ. | AR51: На шасси | AS51: Прямой, через сцепление | AT51: Дизельный (FAW) | AU51: Винтовой | AV51: Маслозаполнный | AX51: Изменение оборотов двигателя+ дросселирование на всасывании | AY51: Электростартер | BA51: FAW-4DW91 | BB51: 2900 | BD51: 2.16 | BE51: 7.3 | BF51: 80 | BU51: 2 р.д | BV51: =VLOOKUP(A51,'[1]01. Дизельные винтовые'!$G:$CD,76,0) -> 1044336.1
A52: ЗИФ-00043725 | B52: ЗИФ-ПВ-6,5/0,7 F-R на шасси | C52: Компрессор ЗИФ дизельный 6,5 м3/мин, 7 бар + шасси (Не предназначен для перемещения по дорогам общего пользования, без ПТС и ПСМ). ЗИФ-ПВ-6,5/0,7 F-R | D52: 6.5 | G52: 0 | H52: 7 | J52: 50 | P52: -25...+40 | Q52: 2014*1244*1478 | V52: Уличное | W52: 3хG3/4" | Z52: 98 | AA52: 1500 | AB52: Воздушное | AC52: ЗИФ-00044576;ЗИФ-00044579 | AD52: Похож на Atlas Copco XAS 138 | AE52: Воздух | AF52: ≤3,5 | AG52: 110 | AH52: 3,5 | AJ52: Плюс 40 ℃ к входной | AK52: 13 | AN52: ≤85 | AO52: Аналоговое | AP52: Перегрев двигателя; перегрев масла компрессора; падение давления масла двигателя; превышение давления нагнетания в маслоотделителе; обрыв ремней генератора. | AQ52: Пуск/Стоп; подогрев; индикация: наработки в м/ч, количество топлива, температура масла двигателя, давления нагнетания в маслоотделителе; аварийная сигнализация: перегрев двигателя, отсутствие давление масла в двигателе, разряд АКБ. | AR52: На шасси | AS52: Прямой, через сцепление | AT52: Дизельный (FAW) | AU52: Винтовой | AV52: Маслозаполнный | AX52: Изменение оборотов двигателя+ дросселирование на всасывании | AY52: Электростартер | BA52: FAW-4DW92 | BB52: 2900 | BD52: 2.16 | BE52: 10.6 | BF52: 80 | BU52: 2 р.д | BV52: =VLOOKUP(A52,'[1]01. Дизельные винтовые'!$G:$CD,76,0) -> 1115983.7
A53: ЗИФ-00046749 | B53: ЗИФ-ПВ-6,5/0,8 F-R на шасси | C53: Компрессор ЗИФ дизельный 6,5 м3/мин, 8 бар + шасси (Не предназначен для перемещения по дорогам общего пользования, без ПТС и ПСМ). ЗИФ-ПВ-6,5/0,8 F-R | D53: 6.5 | G53: 0 | H53: 8 | J53: 50 | P53: -25...+40 | Q53: 2014*1244*1478 | V53: Уличное | W53: 3хG3/4" | Z53: 98 | AA53: 1500 | AB53: Воздушное | AC53: ЗИФ-00044576;ЗИФ-00044580 | AD53: Похож на Atlas Copco XAS 138 | AE53: Воздух | AF53: ≤3,5 | AG53: 110 | AH53: 3,5 | AJ53: Плюс 40 ℃ к входной | AK53: 13 | AN53: ≤85 | AO53: Аналоговое | AP53: Перегрев двигателя; перегрев масла компрессора; падение давления масла двигателя; превышение давления нагнетания в маслоотделителе; обрыв ремней генератора. | AQ53: Пуск/Стоп; подогрев; индикация: наработки в м/ч, количество топлива, температура масла двигателя, давления нагнетания в маслоотделителе; аварийная сигнализация: перегрев двигателя, отсутствие давление масла в двигателе, разряд АКБ. | AR53: На шасси | AS53: Прямой, через сцепление | AT53: Дизельный (FAW) | AU53: Винтовой | AV53: Маслозаполнный | AX53: Изменение оборотов двигателя+ дросселирование на всасывании | AY53: Электростартер | BA53: FAW-4DW92 | BB53: 2900 | BD53: 2.16 | BE53: 10.6 | BF53: 80 | BU53: 2 р.д | BV53: =VLOOKUP(A53,'[1]01. Дизельные винтовые'!$G:$CD,76,0) -> 1115983.7
A54: ЗИФ-00043726 | B54: ЗИФ-ПВ-8,5/0,7 F-R на шасси | C54: Компрессор ЗИФ дизельный 8,5 м3/мин, 7 бар + шасси (Не предназначен для перемещения по дорогам общего пользования, без ПТС и ПСМ). ЗИФ-ПВ-8,5/0,7 F-R | D54: 8.5 | G54: 0 | H54: 7 | J54: 50 | P54: -25...+40 | Q54: 2014*1244*1478 | V54: Уличное | W54: 3хG3/4" | Z54: 98 | AA54: 1500 | AB54: Воздушное | AC54: ЗИФ-00044576;ЗИФ-00044581 | AD54: Похож на Atlas Copco XAS 137 Kd | AE54: Воздух | AF54: ≤3,5 | AG54: 110 | AH54: 3,5 | AJ54: Плюс 40 ℃ к входной | AK54: 13 | AN54: ≤85 | AO54: Аналоговое | AP54: Перегрев двигателя; перегрев масла компрессора; падение давления масла двигателя; превышение давления нагнетания в маслоотделителе; обрыв ремней генератора. | AQ54: Пуск/Стоп; подогрев; индикация: наработки в м/ч, количество топлива, температура масла двигателя, давления нагнетания в маслоотделителе; аварийная сигнализация: перегрев двигателя, отсутствие давление масла в двигателе, разряд АКБ. | AR54: На шасси | AS54: Прямой, через сцепление | AT54: Дизельный (FAW) | AU54: Винтовой | AV54: Маслозаполнный | AX54: Изменение оборотов двигателя+ дросселирование на всасывании | AY54: Электростартер | BA54: FAW-4DW92 | BB54: 2900 | BD54: 2.16 | BE54: 10.6 | BF54: 80 | BU54: 2 р.д | BV54: =VLOOKUP(A54,'[1]01. Дизельные винтовые'!$G:$CD,76,0) -> 1269711.6
A55: ЗИФ-00046750 | B55: ЗИФ-ПВ-8,5/0,8 F-R на шасси | C55: Компрессор ЗИФ дизельный 8,5 м3/мин, 8 бар + шасси (Не предназначен для перемещения по дорогам общего пользования, без ПТС и ПСМ). ЗИФ-ПВ-8,5/0,8 F-R | D55: 8.5 | G55: 0 | H55: 8 | J55: 50 | P55: -25...+40 | Q55: 2014*1244*1478 | V55: Уличное | W55: 3хG3/4" | Z55: 98 | AA55: 1500 | AB55: Воздушное | AC55: ЗИФ-00044576;ЗИФ-00044582 | AD55: Похож на Atlas Copco XAS 137 Kd | AE55: Воздух | AF55: ≤3,5 | AG55: 110 | AH55: 3,5 | AJ55: Плюс 40 ℃ к входной | AK55: 13 | AN55: ≤85 | AO55: Аналоговое | AP55: Перегрев двигателя; перегрев масла компрессора; падение давления масла двигателя; превышение давления нагнетания в маслоотделителе; обрыв ремней генератора. | AQ55: Пуск/Стоп; подогрев; индикация: наработки в м/ч, количество топлива, температура масла двигателя, давления нагнетания в маслоотделителе; аварийная сигнализация: перегрев двигателя, отсутствие давление масла в двигателе, разряд АКБ. | AR55: На шасси | AS55: Прямой, через сцепление | AT55: Дизельный (FAW) | AU55: Винтовой | AV55: Маслозаполнный | AX55: Изменение оборотов двигателя+ дросселирование на всасывании | AY55: Электростартер | BA55: FAW-4DW92 | BB55: 2900 | BD55: 2.16 | BE55: 10.6 | BF55: 80 | BU55: 2 р.д | BV55: =VLOOKUP(A55,'[1]01. Дизельные винтовые'!$G:$CD,76,0) -> 1269711.6
A56: ЗИФ-00043727 | B56: ЗИФ-ПВ-12/0,7 F-R на шасси | C56: Компрессор ЗИФ дизельный 12 м3/мин, 7 бар + шасси (Не предназначен для перемещения по дорогам общего пользования, без ПТС и ПСМ). ЗИФ-ПВ-12/0,7 F-R | D56: 12 | G56: 0 | H56: 7 | J56: 80 | P56: -25...+40 | Q56: 2270*1244*1500 | V56: Уличное | W56: 3хG3/4"+1хG1-1/2" | Z56: 98 | AA56: 1500 | AB56: Воздушное | AC56: ЗИФ-00044576;ЗИФ-00044583 | AD56: Похож на Atlas Copco XAS 375, Atlas Copco XAHS 400 PACE | AE56: Воздух | AF56: ≤3,5 | AG56: 110 | AH56: 3,5 | AJ56: Плюс 40 ℃ к входной | AK56: 23 | AN56: ≤85 | AO56: Аналоговое | AP56: Перегрев двигателя; перегрев масла компрессора; падение давления масла двигателя; превышение давления нагнетания в маслоотделителе; обрыв ремней генератора. | AQ56: Пуск/Стоп; подогрев; индикация: наработки в м/ч, количество топлива, температура масла двигателя, давления нагнетания в маслоотделителе; аварийная сигнализация: перегрев двигателя, отсутствие давление масла в двигателе, разряд АКБ. | AR56: На шасси | AS56: Прямой, через сцепление | AT56: Дизельный (FAW) | AU56: Винтовой | AV56: Маслозаполнный | AX56: Изменение оборотов двигателя+ дросселирование на всасывании | AY56: Электростартер | BA56: 4DX22-110G2 | BB56: 3000 | BD56: 3.8 | BE56: 17.6 | BF56: 80 | BU56: 2 р.д | BV56: =VLOOKUP(A56,'[1]01. Дизельные винтовые'!$G:$CD,76,0) -> 1604334.3
A57: ЗИФ-00043728 | B57: ЗИФ-ПВ-5,5/1,0 F-R на шасси | C57: Компрессор ЗИФ дизельный 5,5 м3/мин, 10 бар + шасси (Не предназначен для перемещения по дорогам общего пользования, без ПТС и ПСМ). ЗИФ-ПВ-5,5/1,0 F-R | D57: 5.5 | G57: 0 | H57: 10 | J57: 50 | P57: -25...+40 | Q57: 2014*1244*1478 | V57: Уличное | W57: 3хG3/4" | Z57: 98 | AA57: 1500 | AB57: Воздушное | AC57: ЗИФ-00044576;ЗИФ-00044584 | AD57: Похож на Atlas Copco XAS 97 Dd, Atlas Copco XAS 98 | AE57: Воздух | AF57: ≤3,5 | AG57: 110 | AH57: 3,5 | AJ57: Плюс 40 ℃ к входной | AK57: 13 | AN57: ≤85 | AO57: Аналоговое | AP57: Перегрев двигателя; перегрев масла компрессора; падение давления масла двигателя; превышение давления нагнетания в маслоотделителе; обрыв ремней генератора. | AQ57: Пуск/Стоп; подогрев; индикация: наработки в м/ч, количество топлива, температура масла двигателя, давления нагнетания в маслоотделителе; аварийная сигнализация: перегрев двигателя, отсутствие давление масла в двигателе, разряд АКБ. | AR57: На шасси | AS57: Прямой, через сцепление | AT57: Дизельный (FAW) | AU57: Винтовой | AV57: Маслозаполнный | AX57: Изменение оборотов двигателя+ дросселирование на всасывании | AY57: Электростартер | BA57: FAW-4DW92 | BB57: 2900 | BD57: 2.16 | BE57: 10.6 | BF57: 80 | BU57: 2 р.д | BV57: =VLOOKUP(A57,'[1]01. Дизельные винтовые'!$G:$CD,76,0) -> 1127991.8
A58: ЗИФ-00043729 | B58: ЗИФ-ПВ-6/1,0 F-R на шасси | C58: Компрессор ЗИФ дизельный 6 м3/мин, 10 бар + шасси (Не предназначен для перемещения по дорогам общего пользования, без ПТС и ПСМ). ЗИФ-ПВ-6/1,0 F-R | D58: 6 | G58: 0 | H58: 10 | J58: 50 | P58: -25...+40 | Q58: 2014*1244*1478 | V58: Уличное | W58: 3хG3/4" | Z58: 98 | AA58: 1500 | AB58: Воздушное | AC58: ЗИФ-00044576;ЗИФ-00044585 | AD58: Похож на Atlas Copco U 250 PACE | AE58: Воздух | AF58: ≤3,5 | AG58: 110 | AH58: 3,5 | AJ58: Плюс 40 ℃ к входной | AK58: 13 | AN58: ≤85 | AO58: Аналоговое | AP58: Перегрев двигателя; перегрев масла компрессора; падение давления масла двигателя; превышение давления нагнетания в маслоотделителе; обрыв ремней генератора. | AQ58: Пуск/Стоп; подогрев; индикация: наработки в м/ч, количество топлива, температура масла двигателя, давления нагнетания в маслоотделителе; аварийная сигнализация: перегрев двигателя, отсутствие давление масла в двигателе, разряд АКБ. | AR58: На шасси | AS58: Прямой, через сцепление | AT58: Дизельный (FAW) | AU58: Винтовой | AV58: Маслозаполнный | AX58: Изменение оборотов двигателя+ дросселирование на всасывании | AY58: Электростартер | BA58: FAW-4DW92 | BB58: 3000 | BD58: 2.16 | BE58: 10.6 | BF58: 80 | BU58: 2 р.д | BV58: =VLOOKUP(A58,'[1]01. Дизельные винтовые'!$G:$CD,76,0) -> 1299315.8
A59: ЗИФ-00043730 | B59: ЗИФ-ПВ-8/1,0 F-R на шасси | C59: Компрессор ЗИФ дизельный 8 м3/мин, 10 бар + шасси (Не предназначен для перемещения по дорогам общего пользования, без ПТС и ПСМ). ЗИФ-ПВ-8/1,0 F-R | D59: 8 | G59: 0 | H59: 10 | J59: 80 | P59: -25...+40 | Q59: 2270*1244*1500 | V59: Уличное | W59: 3хG3/4"+1хG1-1/2" | Z59: 98 | AA59: 1500 | AB59: Воздушное | AC59: ЗИФ-00044576;ЗИФ-00044586 | AD59: Похож на Atlas Copco XATS 156 Dd | AE59: Воздух | AF59: ≤3,5 | AG59: 110 | AH59: 3,5 | AJ59: Плюс 40 ℃ к входной | AK59: 23 | AN59: ≤85 | AO59: Аналоговое | AP59: Перегрев двигателя; перегрев масла компрессора; падение давления масла двигателя; превышение давления нагнетания в маслоотделителе; обрыв ремней генератора. | AQ59: Пуск/Стоп; подогрев; индикация: наработки в м/ч, количество топлива, температура масла двигателя, давления нагнетания в маслоотделителе; аварийная сигнализация: перегрев двигателя, отсутствие давление масла в двигателе, разряд АКБ. | AR59: На шасси | AS59: Прямой, через сцепление | AT59: Дизельный (FAW) | AU59: Винтовой | AV59: Маслозаполнный | AX59: Изменение оборотов двигателя+ дросселирование на всасывании | AY59: Электростартер | BA59: 4DX22-110G2 | BB59: 3000 | BD59: 3.8 | BE59: 17.6 | BF59: 80 | BU59: 2 р.д | BV59: =VLOOKUP(A59,'[1]01. Дизельные винтовые'!$G:$CD,76,0) -> 1567403.3
A60: ЗИФ-00043731 | B60: ЗИФ-ПВ-10/1,0 F-R на шасси | C60: Компрессор ЗИФ дизельный 10 м3/мин, 10 бар + шасси (Не предназначен для перемещения по дорогам общего пользования, без ПТС и ПСМ). ЗИФ-ПВ-10/1,0 F-R | D60: 10 | G60: 0 | H60: 10 | J60: 80 | P60: -25...+40 | Q60: 2270*1244*1500 | V60: Уличное | W60: 3хG3/4"+1хG1-1/2" | Z60: 98 | AA60: 1500 | AB60: Воздушное | AC60: ЗИФ-00044576;ЗИФ-00044587 | AD60: Похож на Atlas Copco XATS 156 Dd | AE60: Воздух | AF60: ≤3,5 | AG60: 110 | AH60: 3,5 | AJ60: Плюс 40 ℃ к входной | AK60: 23 | AN60: ≤85 | AO60: Аналоговое | AP60: Перегрев двигателя; перегрев масла компрессора; падение давления масла двигателя; превышение давления нагнетания в маслоотделителе; обрыв ремней генератора. | AQ60: Пуск/Стоп; подогрев; индикация: наработки в м/ч, количество топлива, температура масла двигателя, давления нагнетания в маслоотделителе; аварийная сигнализация: перегрев двигателя, отсутствие давление масла в двигателе, разряд АКБ. | AR60: На шасси | AS60: Прямой, через сцепление | AT60: Дизельный (FAW) | AU60: Винтовой | AV60: Маслозаполнный | AX60: Изменение оборотов двигателя+ дросселирование на всасывании | AY60: Электростартер | BA60: 4DX22-110G2 | BB60: 3000 | BD60: 3.8 | BE60: 17.6 | BF60: 80 | BU60: 2 р.д | BV60: =VLOOKUP(A60,'[1]01. Дизельные винтовые'!$G:$CD,76,0) -> 1629301.7
A61: 01.01.03. Дизельные c двигателями ММЗ, ЯМЗ | C61: 01.01.03. Дизельные c двигателями ММЗ, ЯМЗ | AX61: Изменение оборотов двигателя+ дросселирование на всасывании | AY61: Электростартер
A62: ЗИФ-00043734 | B62: ЗИФ-ПВ-6/0,7-R | C62: Компрессор ЗИФ дизельный 6 м3/мин, 7 бар. ЗИФ-ПВ-6/0,7-R | D62: 6 | G62: 0 | H62: 7 | J62: 60 | P62: -25...+40 | Q62: 2014*1244*1478 | R62: =LEFTB(Q62, FIND("*", Q62) - 1) -> 2014 | S62: =MID(Q62, FIND("*", Q62) + 1, FIND("*", Q62, FIND("*", Q62) + 1) - FIND("*", Q62) - 1) -> 1244 | T62: =RIGHTB(Q62, LEN(Q62) - FIND("*", Q62, FIND("*", Q62) + 1)) -> 1478 | U62: 1170 | V62: Уличное | W62: 3хG3/4" | Z62: 98 | AA62: 1500 | AB62: Воздушное | AC62: ЗИФ-00044609;ЗИФ-00044610;ЗИФ-00044611;ЗИФ-00018818;ЗИФ-00044576;ЗИФ-00044595 | AD62: Похож на Atlas Copco XAS 97 Dd, Atlas Copco XAS 98 | AE62: Воздух | AF62: ≤3,5 | AG62: 110 | AH62: 3,5 | AJ62: Плюс 40 ℃ к входной | AK62: 13 | AN62: ≤80 | AO62: Аналоговое | AP62: Перегрев двигателя; перегрев масла компрессора; падение давления масла двигателя; превышение давления нагнетания в маслоотделителе; обрыв ремней генератора. | AQ62: Пуск/Стоп; подогрев; индикация: наработки в м/ч, количество топлива, температура масла двигателя, давления нагнетания в маслоотделителе; аварийная сигнализация: перегрев двигателя, отсутствие давление масла в двигателе, разряд АКБ. | AR62: На раме | AS62: Прямой, через сцепление | AT62: Дизельный (ММЗ) | AU62: Винтовой | AV62: Маслозаполнный | AX62: Изменение оборотов двигателя+ дросселирование на всасывании | AY62: Электростартер | BA62: ММЗ-243 | BB62: 2200 | BD62: 4.75 | BE62: 13.1 | BF62: 80 | BU62: В наличии | BV62: =VLOOKUP(A62,'[1]01. Дизельные винтовые'!$G:$CD,76,0) -> 1229361.1
A63: ЗИФ-00046751 | B63: ЗИФ-ПВ-6/0,8-R | C63: Компрессор ЗИФ дизельный 6 м3/мин, 8 бар. ЗИФ-ПВ-6/0,8-R | D63: 6 | G63: 0 | H63: 8 | J63: 60 | P63: -25...+40 | Q63: 2014*1244*1478 | R63: =LEFTB(Q63, FIND("*", Q63) - 1) -> 2014 | S63: =MID(Q63, FIND("*", Q63) + 1, FIND("*", Q63, FIND("*", Q63) + 1) - FIND("*", Q63) - 1) -> 1244 | T63: =RIGHTB(Q63, LEN(Q63) - FIND("*", Q63, FIND("*", Q63) + 1)) -> 1478 | U63: 1170 | V63: Уличное | W63: 3хG3/4" | Z63: 98 | AA63: 1500 | AB63: Воздушное | AC63: ЗИФ-00044609;ЗИФ-00044610;ЗИФ-00044611;ЗИФ-00018818;ЗИФ-00044576;ЗИФ-00044596 | AD63: Похож на Atlas Copco XAS 97 Dd, Atlas Copco XAS 98 | AE63: Воздух | AF63: ≤3,5 | AG63: 110 | AH63: 3,5 | AJ63: Плюс 40 ℃ к входной | AK63: 13 | AN63: ≤80 | AO63: Аналоговое | AP63: Перегрев двигателя; перегрев масла компрессора; падение давления масла двигателя; превышение давления нагнетания в маслоотделителе; обрыв ремней генератора. | AQ63: Пуск/Стоп; подогрев; индикация: наработки в м/ч, количество топлива, температура масла двигателя, давления нагнетания в маслоотделителе; аварийная сигнализация: перегрев двигателя, отсутствие давление масла в двигателе, разряд АКБ. | AR63: На раме | AS63: Прямой, через сцепление | AT63: Дизельный (ММЗ) | AU63: Винтовой | AV63: Маслозаполнный | AX63: Изменение оборотов двигателя+ дросселирование на всасывании | AY63: Электростартер | BA63: ММЗ-243 | BB63: 2200 | BD63: 4.75 | BE63: 13.1 | BF63: 80 | BU63: В наличии | BV63: =VLOOKUP(A63,'[1]01. Дизельные винтовые'!$G:$CD,76,0) -> 1229361.1
A64: ЗИФ-00021914 | B64: ЗИФ-ПВ-6/0,7 Тропическая | C64: Компрессор ЗИФ дизельный 6 м3/мин, 7 бар. ЗИФ-ПВ-6/0,7 Тропическая | D64: 6 | G64: 0 | H64: 7 | J64: 60 | P64: -25...+50 | Q64: 2014*1244*1478 | R64: =LEFTB(Q64, FIND("*", Q64) - 1) -> 2014 | S64: =MID(Q64, FIND("*", Q64) + 1, FIND("*", Q64, FIND("*", Q64) + 1) - FIND("*", Q64) - 1) -> 1244 | T64: =RIGHTB(Q64, LEN(Q64) - FIND("*", Q64, FIND("*", Q64) + 1)) -> 1478 | U64: 1170 | V64: Уличное | W64: 3хG3/4" | Z64: 98 | AA64: 1500 | AB64: Воздушное | AC64: ЗИФ-00044609;ЗИФ-00044610;ЗИФ-00044611;ЗИФ-00018818;ЗИФ-00044576;ЗИФ-00044597 | AD64: Похож на Atlas Copco XAS 97 Dd, Atlas Copco XAS 98 | AE64: Воздух | AF64: ≤3,5 | AG64: 110 | AH64: 3,5 | AJ64: Плюс 40 ℃ к входной | AK64: 13 | AN64: ≤80 | AO64: Аналоговое | AP64: Перегрев двигателя; перегрев масла компрессора; падение давления масла двигателя; превышение давления нагнетания в маслоотделителе; обрыв ремней генератора. | AQ64: Пуск/Стоп; подогрев; индикация: наработки в м/ч, количество топлива, температура масла двигателя, давления нагнетания в маслоотделителе; аварийная сигнализация: перегрев двигателя, отсутствие давление масла в двигателе, разряд АКБ. | AR64: На раме | AS64: Прямой, через сцепление | AT64: Дизельный (ММЗ) | AU64: Винтовой | AV64: Маслозаполнный | AX64: Изменение оборотов двигателя+ дросселирование на всасывании | AY64: Электростартер | BA64: ММЗ-243 | BB64: 2200 | BD64: 4.75 | BE64: 13.1 | BF64: 80 | BU64: 10 р. д. | BV64: =VLOOKUP(A64,'[1]01. Дизельные винтовые'!$G:$CD,76,0) -> 1880517.8
A65: ЗИФ-00046752 | B65: ЗИФ-ПВ-6/0,8 Тропическая | C65: Компрессор ЗИФ дизельный 6 м3/мин, 8 бар. ЗИФ-ПВ-6/0,8 Тропическая | D65: 6 | G65: 0 | H65: 8 | J65: 60 | P65: -25...+50 | Q65: 2014*1244*1478 | R65: =LEFTB(Q65, FIND("*", Q65) - 1) -> 2014 | S65: =MID(Q65, FIND("*", Q65) + 1, FIND("*", Q65, FIND("*", Q65) + 1) - FIND("*", Q65) - 1) -> 1244 | T65: =RIGHTB(Q65, LEN(Q65) - FIND("*", Q65, FIND("*", Q65) + 1)) -> 1478 | U65: 1170 | V65: Уличное | W65: 3хG3/4" | Z65: 98 | AA65: 1500 | AB65: Воздушное | AC65: ЗИФ-00044609;ЗИФ-00044610;ЗИФ-00044611;ЗИФ-00018818;ЗИФ-00044576;ЗИФ-00044598 | AD65: Похож на Atlas Copco XAS 97 Dd, Atlas Copco XAS 98 | AE65: Воздух | AF65: ≤3,5 | AG65: 110 | AH65: 3,5 | AJ65: Плюс 40 ℃ к входной | AK65: 13 | AN65: ≤80 | AO65: Аналоговое | AP65: Перегрев двигателя; перегрев масла компрессора; падение давления масла двигателя; превышение давления нагнетания в маслоотделителе; обрыв ремней генератора. | AQ65: Пуск/Стоп; подогрев; индикация: наработки в м/ч, количество топлива, температура масла двигателя, давления нагнетания в маслоотделителе; аварийная сигнализация: перегрев двигателя, отсутствие давление масла в двигателе, разряд АКБ. | AR65: На раме | AS65: Прямой, через сцепление | AT65: Дизельный (ММЗ) | AU65: Винтовой | AV65: Маслозаполнный | AX65: Изменение оборотов двигателя+ дросселирование на всасывании | AY65: Электростартер | BA65: ММЗ-243 | BB65: 2200 | BD65: 4.75 | BE65: 13.1 | BF65: 80 | BU65: 10 р. д. | BV65: =VLOOKUP(A65,'[1]01. Дизельные винтовые'!$G:$CD,76,0) -> 1880517.8
A66: ЗИФ-00043742 | B66: ЗИФ-ПВ-8/0,7-R | C66: Компрессор ЗИФ дизельный 8 м3/мин, 7 бар. ЗИФ-ПВ-8/0,7-R | D66: 8 | G66: 0 | H66: 7 | J66: 60 | P66: -25...+40 | Q66: 2014*1244*1478 | R66: =LEFTB(Q66, FIND("*", Q66) - 1) -> 2014 | S66: =MID(Q66, FIND("*", Q66) + 1, FIND("*", Q66, FIND("*", Q66) + 1) - FIND("*", Q66) - 1) -> 1244 | T66: =RIGHTB(Q66, LEN(Q66) - FIND("*", Q66, FIND("*", Q66) + 1)) -> 1478 | U66: 1170 | V66: Уличное | W66: 3хG3/4" | Z66: 98 | AA66: 1500 | AB66: Воздушное | AC66: ЗИФ-00044609;ЗИФ-00044610;ЗИФ-00044611;ЗИФ-00018818;ЗИФ-00044576;ЗИФ-00044599 | AD66: Похож на Atlas Copco XAS 137 Kd | AE66: Воздух | AF66: ≤3,5 | AG66: 110 | AH66: 3,5 | AJ66: Плюс 40 ℃ к входной | AK66: 13 | AN66: ≤80 | AO66: Аналоговое | AP66: Перегрев двигателя; перегрев масла компрессора; падение давления масла двигателя; превышение давления нагнетания в маслоотделителе; обрыв ремней генератора. | AQ66: Пуск/Стоп; подогрев; индикация: наработки в м/ч, количество топлива, температура масла двигателя, давления нагнетания в маслоотделителе; аварийная сигнализация: перегрев двигателя, отсутствие давление масла в двигателе, разряд АКБ. | AR66: На раме | AS66: Прямой, через сцепление | AT66: Дизельный (ММЗ) | AU66: Винтовой | AV66: Маслозаполнный | AX66: Изменение оборотов двигателя+ дросселирование на всасывании | AY66: Электростартер | BA66: ММЗ-243 | BB66: 2200 | BD66: 4.75 | BE66: 13.1 | BF66: 80 | BU66: В наличии | BV66: =VLOOKUP(A66,'[1]01. Дизельные винтовые'!$G:$CD,76,0) -> 1533248.4
A67: ЗИФ-00046753 | B67: ЗИФ-ПВ-8/0,8-R | C67: Компрессор ЗИФ дизельный 8 м3/мин, 8 бар. ЗИФ-ПВ-8/0,8-R | D67: 8 | G67: 0 | H67: 8 | J67: 60 | P67: -25...+40 | Q67: 2014*1244*1478 | R67: =LEFTB(Q67, FIND("*", Q67) - 1) -> 2014 | S67: =MID(Q67, FIND("*", Q67) + 1, FIND("*", Q67, FIND("*", Q67) + 1) - FIND("*", Q67) - 1) -> 1244 | T67: =RIGHTB(Q67, LEN(Q67) - FIND("*", Q67, FIND("*", Q67) + 1)) -> 1478 | U67: 1170 | V67: Уличное | W67: 3хG3/4" | Z67: 98 | AA67: 1500 | AB67: Воздушное | AC67: ЗИФ-00044609;ЗИФ-00044610;ЗИФ-00044611;ЗИФ-00018818;ЗИФ-00044576;ЗИФ-00044600 | AD67: Похож на Atlas Copco XAS 137 Kd | AE67: Воздух | AF67: ≤3,5 | AG67: 110 | AH67: 3,5 | AJ67: Плюс 40 ℃ к входной | AK67: 13 | AN67: ≤80 | AO67: Аналоговое | AP67: Перегрев двигателя; перегрев масла компрессора; падение давления масла двигателя; превышение давления нагнетания в маслоотделителе; обрыв ремней генератора. | AQ67: Пуск/Стоп; подогрев; индикация: наработки в м/ч, количество топлива, температура масла двигателя, давления нагнетания в маслоотделителе; аварийная сигнализация: перегрев двигателя, отсутствие давление масла в двигателе, разряд АКБ. | AR67: На раме | AS67: Прямой, через сцепление | AT67: Дизельный (ММЗ) | AU67: Винтовой | AV67: Маслозаполнный | AX67: Изменение оборотов двигателя+ дросселирование на всасывании | AY67: Электростартер | BA67: ММЗ-243 | BB67: 2200 | BD67: 4.75 | BE67: 13.1 | BF67: 80 | BU67: В наличии | BV67: =VLOOKUP(A67,'[1]01. Дизельные винтовые'!$G:$CD,76,0) -> 1533248.4
A68: ЗИФ-00043743 | B68: ЗИФ-ПВ-12/0,7-R | C68: Компрессор ЗИФ дизельный 12 м3/мин, 7 бар. ЗИФ-ПВ-12/0,7-R | D68: 12 | G68: 0 | H68: 7 | J68: 78 | P68: -25...+40 | Q68: 2270*1244*1500 | R68: =LEFTB(Q68, FIND("*", Q68) - 1) -> 2270 | S68: =MID(Q68, FIND("*", Q68) + 1, FIND("*", Q68, FIND("*", Q68) + 1) - FIND("*", Q68) - 1) -> 1244 | T68: =RIGHTB(Q68, LEN(Q68) - FIND("*", Q68, FIND("*", Q68) + 1)) -> 1500 | U68: 1570 | V68: Уличное | W68: 3хG3/4"+1хG1-1/2" | Z68: 98 | AA68: 1500 | AB68: Воздушное | AC68: ЗИФ-00044612;ЗИФ-00044613;ЗИФ-00044614;ЗИФ-00018818;ЗИФ-00044576;ЗИФ-00044575 | AD68: Похож на Atlas Copco XAHS 400 PACE | AE68: Воздух | AF68: ≤3,5 | AG68: 110 | AH68: 3,5 | AJ68: Плюс 40 ℃ к входной | AK68: 23 | AN68: ≤85 | AO68: Аналоговое | AP68: Перегрев двигателя; перегрев масла компрессора; падение давления масла двигателя; превышение давления нагнетания в маслоотделителе; обрыв ремней генератора. | AQ68: Пуск/Стоп; подогрев; индикация: наработки в м/ч, количество топлива, температура масла двигателя, давления нагнетания в маслоотделителе; аварийная сигнализация: перегрев двигателя, отсутствие давление масла в двигателе, разряд АКБ. | AR68: На раме | AS68: Прямой, через сцепление | AT68: Дизельный (ММЗ) | AU68: Винтовой | AV68: Маслозаполнный | AX68: Изменение оборотов двигателя+ дросселирование на всасывании | AY68: Электростартер | BA68: ММЗ-245 | BB68: 2200 | BD68: 4.75 | BE68: 16.38 | BF68: 80 | BU68: В наличии | BV68: =VLOOKUP(A68,'[1]01. Дизельные винтовые'!$G:$CD,76,0) -> 1741521.9
A69: ЗИФ-00024673 | B69: ЗИФ-ПВ-12/0,7-R Тропическая | C69: Компрессор ЗИФ дизельный 12 м3/мин, 7 бар. ЗИФ-ПВ-12/0,7-R Тропическая | D69: 12 | G69: 0 | H69: 7 | J69: 78 | P69: -25...+50 | Q69: 2270*1244*1500 | R69: =LEFTB(Q69, FIND("*", Q69) - 1) -> 2270 | S69: =MID(Q69, FIND("*", Q69) + 1, FIND("*", Q69, FIND("*", Q69) + 1) - FIND("*", Q69) - 1) -> 1244 | T69: =RIGHTB(Q69, LEN(Q69) - FIND("*", Q69, FIND("*", Q69) + 1)) -> 1500 | U69: 1570 | V69: Уличное | W69: 3хG3/4"+1хG1-1/2" | Z69: 98 | AA69: 1500 | AB69: Воздушное | AC69: ЗИФ-00044612;ЗИФ-00044613;ЗИФ-00044614;ЗИФ-00018818;ЗИФ-00044576;ЗИФ-00044575 | AD69: Похож на Atlas Copco XAHS 400 PACE | AE69: Воздух | AF69: ≤3,5 | AG69: 110 | AH69: 3,5 | AJ69: Плюс 40 ℃ к входной | AK69: 23 | AN69: ≤85 | AO69: Аналоговое | AP69: Перегрев двигателя; перегрев масла компрессора; падение давления масла двигателя; превышение давления нагнетания в маслоотделителе; обрыв ремней генератора. | AQ69: Пуск/Стоп; подогрев; индикация: наработки в м/ч, количество топлива, температура масла двигателя, давления нагнетания в маслоотделителе; аварийная сигнализация: перегрев двигателя, отсутствие давление масла в двигателе, разряд АКБ. | AR69: На раме | AS69: Прямой, через сцепление | AT69: Дизельный (ММЗ) | AU69: Винтовой | AV69: Маслозаполнный | AX69: Изменение оборотов двигателя+ дросселирование на всасывании | AY69: Электростартер | BA69: ММЗ-245 | BB69: 2200 | BD69: 4.75 | BE69: 16.38 | BF69: 80 | BU69: 10 р. д. | BV69: =VLOOKUP(A69,'[1]01. Дизельные винтовые'!$G:$CD,76,0) -> 2041468.7
A70: ЗИФ-00043664 | B70: ЗИФ-ПВ-14/0,7-R | C70: Компрессор ЗИФ дизельный 14 м3/мин, 7 бар. ЗИФ-ПВ-14/0,7-R | D70: 14 | G70: 0 | H70: 7 | J70: 95 | P70: -25...+40 | Q70: 2400*1230*1660 | R70: =LEFTB(Q70, FIND("*", Q70) - 1) -> 2400 | S70: =MID(Q70, FIND("*", Q70) + 1, FIND("*", Q70, FIND("*", Q70) + 1) - FIND("*", Q70) - 1) -> 1230 | T70: =RIGHTB(Q70, LEN(Q70) - FIND("*", Q70, FIND("*", Q70) + 1)) -> 1660 | U70: 1580 | V70: Уличное | W70: 3хG3/4"+1хG1-1/2" | Z70: 98 | AA70: 1500 | AB70: Воздушное | AC70: ЗИФ-00044611;ЗИФ-00044614;ЗИФ-00018818;ЗИФ-00044576;ЗИФ-00044575 | AD70: Похож на Atlas Copco XAMS 287 Dd | AE70: Воздух | AF70: ≤3,5 | AG70: 110 | AH70: 3,5 | AJ70: Плюс 40 ℃ к входной | AK70: 45 | AN70: ≤85 | AO70: Аналоговое | AP70: Перегрев двигателя; перегрев масла компрессора; падение давления масла двигателя; превышение давления нагнетания в маслоотделителе; обрыв ремней генератора. | AQ70: Пуск/Стоп; подогрев; индикация: наработки в м/ч, количество топлива, температура масла двигателя, давления нагнетания в маслоотделителе; аварийная сигнализация: перегрев двигателя, отсутствие давление масла в двигателе, разряд АКБ. | AR70: На раме | AS70: Прямой, через сцепление | AT70: Дизельный (ММЗ) | AU70: Винтовой | AV70: Маслозаполнный | AX70: Изменение оборотов двигателя+ дросселирование на всасывании | AY70: Электростартер | BA70: ММЗ-245,16 | BB70: 2100 | BD70: 4.75 | BE70: 19.95 | BF70: 80 | BU70: 10 р. д. | BV70: =VLOOKUP(A70,'[1]01. Дизельные винтовые'!$G:$CD,76,0) -> 2531218.2
A71: ЗИФ-00044152 | B71: ЗИФ-ПВ-16/0,7-R | C71: Компрессор ЗИФ дизельный 16 м3/мин, 7 бар. ЗИФ-ПВ-16/0,7-R | D71: 16 | G71: 0 | H71: 7 | J71: 132 | P71: -40...+40 | Q71: 3120*1500*1790 | R71: =LEFTB(Q71, FIND("*", Q71) - 1) -> 3120 | S71: =MID(Q71, FIND("*", Q71) + 1, FIND("*", Q71, FIND("*", Q71) + 1) - FIND("*", Q71) - 1) -> 1500 | T71: =RIGHTB(Q71, LEN(Q71) - FIND("*", Q71, FIND("*", Q71) + 1)) -> 1790 | U71: 2600 | V71: Уличное | W71: 1хG2" | Z71: 98 | AA71: 1500 | AB71: Воздушное | AC71: ЗИФ-00044617;ЗИФ-00044616;ЗИФ-00044615;ЗИФ-00044577 | AD71: Похож на Atlas Copco XAMS 287 Dd | AE71: Воздух | AF71: ≤3,5 | AG71: 110 | AH71: 3,5 | AJ71: Плюс 40 ℃ к входной | AK71: 45 | AN71: ≤90 | AO71: Аналоговое | AP71: Перегрев двигателя; перегрев масла компрессора; падение давления масла двигателя; превышение давления нагнетания в маслоотделителе; обрыв ремней генератора. | AQ71: Пуск/Стоп; подогрев; индикация: наработки в м/ч, количество топлива, температура масла двигателя, давления нагнетания в маслоотделителе; аварийная сигнализация: перегрев двигателя, отсутствие давление масла в двигателе, разряд АКБ. | AR71: На раме | AS71: Прямой, через сцепление | AT71: Дизельный (ЯМЗ) | AU71: Винтовой | AV71: Маслозаполнный | AX71: Изменение оборотов двигателя+ дросселирование на всасывании | AY71: Электростартер | BA71: ЯМЗ-236М | BB71: 2100 | BD71: 11.15 | BE71: 28.25 | BF71: 190 | BU71: 10 р. д. | BV71: =VLOOKUP(A71,'[1]01. Дизельные винтовые'!$G:$CD,76,0) -> 3781643.5
A72: ЗИФ-00044153 | B72: ЗИФ-ПВ-18/0,7-R | C72: Компрессор ЗИФ дизельный 18 м3/мин, 7 бар. ЗИФ-ПВ-18/0,7-R | D72: 18 | G72: 0 | H72: 7 | J72: 132 | P72: -40...+40 | Q72: 3120*1500*1790 | R72: =LEFTB(Q72, FIND("*", Q72) - 1) -> 3120 | S72: =MID(Q72, FIND("*", Q72) + 1, FIND("*", Q72, FIND("*", Q72) + 1) - FIND("*", Q72) - 1) -> 1500 | T72: =RIGHTB(Q72, LEN(Q72) - FIND("*", Q72, FIND("*", Q72) + 1)) -> 1790 | U72: 2600 | V72: Уличное | W72: 3хG3/4"+1G1/2" | Z72: 98 | AA72: 1500 | AB72: Воздушное | AC72: ЗИФ-00044617;ЗИФ-00044616;ЗИФ-00044615;ЗИФ-00044578 | AD72: Похож на Atlas Copco XAMS 287 Dd | AE72: Воздух | AF72: ≤3,5 | AG72: 110 | AH72: 3,5 | AJ72: Плюс 40 ℃ к входной | AN72: ≤90 | AO72: Аналоговое | AP72: Перегрев двигателя; перегрев масла компрессора; падение давления масла двигателя; превышение давления нагнетания в маслоотделителе; обрыв ремней генератора. | AQ72: Пуск/Стоп; подогрев; индикация: наработки в м/ч, количество топлива, температура масла двигателя, давления нагнетания в маслоотделителе; аварийная сигнализация: перегрев двигателя, отсутствие давление масла в двигателе, разряд АКБ. | AR72: На раме | AS72: Прямой, через сцепление | AT72: Дизельный (ЯМЗ) | AU72: Винтовой | AV72: Маслозаполнный | AX72: Изменение оборотов двигателя+ дросселирование на всасывании | AY72: Электростартер | BA72: ЯМЗ-236М | BB72: 2100 | BD72: 11.15 | BE72: 28.25 | BF72: 190 | BU72: 40 р. д. | BV72: По запросу
A73: ЗИФ-00044154 | B73: ЗИФ-ПВ-20/0,7-R | C73: Компрессор ЗИФ дизельный 20 м3/мин, 7 бар. ЗИФ-ПВ-20/0,7-R | D73: 20 | G73: 0 | H73: 7 | J73: 132 | P73: -40...+40 | Q73: 3120*1500*1790 | R73: =LEFTB(Q73, FIND("*", Q73) - 1) -> 3120 | S73: =MID(Q73, FIND("*", Q73) + 1, FIND("*", Q73, FIND("*", Q73) + 1) - FIND("*", Q73) - 1) -> 1500 | T73: =RIGHTB(Q73, LEN(Q73) - FIND("*", Q73, FIND("*", Q73) + 1)) -> 1790 | U73: 2600 | V73: Уличное | W73: 1хG2" | Z73: 98 | AA73: 1500 | AB73: Воздушное | AC73: ЗИФ-00044617;ЗИФ-00044616;ЗИФ-00044615;ЗИФ-00044579 | AD73: Похож на Atlas Copco XAMS 287 Dd | AE73: Воздух | AF73: ≤3,5 | AG73: 110 | AH73: 3,5 | AJ73: Плюс 40 ℃ к входной | AN73: ≤90 | AO73: Аналоговое | AP73: Перегрев двигателя; перегрев масла компрессора; падение давления масла двигателя; превышение давления нагнетания в маслоотделителе; обрыв ремней генератора. | AQ73: Пуск/Стоп; подогрев; индикация: наработки в м/ч, количество топлива, температура масла двигателя, давления нагнетания в маслоотделителе; аварийная сигнализация: перегрев двигателя, отсутствие давление масла в двигателе, разряд АКБ. | AR73: На раме | AS73: Прямой, через сцепление | AT73: Дизельный (ЯМЗ) | AU73: Винтовой | AV73: Маслозаполнный | AX73: Изменение оборотов двигателя+ дросселирование на всасывании | AY73: Электростартер | BA73: ЯМЗ-236М | BB73: 2100 | BD73: 11.15 | BE73: 28.25 | BF73: 190 | BU73: 40 р. д. | BV73: По запросу
A74: ЗИФ-00044155 | B74: ЗИФ-ПВ-22/0,7-R | C74: Компрессор ЗИФ дизельный 22 м3/мин, 7 бар. ЗИФ-ПВ-22/0,7-R | D74: 22 | G74: 0 | H74: 7 | J74: 132 | P74: -40...+40 | Q74: 3120*1500*1790 | R74: =LEFTB(Q74, FIND("*", Q74) - 1) -> 3120 | S74: =MID(Q74, FIND("*", Q74) + 1, FIND("*", Q74, FIND("*", Q74) + 1) - FIND("*", Q74) - 1) -> 1500 | T74: =RIGHTB(Q74, LEN(Q74) - FIND("*", Q74, FIND("*", Q74) + 1)) -> 1790 | U74: 2600 | V74: Уличное | W74: 1хG2" | Z74: 98 | AA74: 1500 | AB74: Воздушное | AC74: ЗИФ-00044617;ЗИФ-00044616;ЗИФ-00044615;ЗИФ-00044580 | AD74: Похож на Atlas Copco XAMS 407 Cd, Atlas Copco XAMS 850 | AE74: Воздух | AF74: ≤3,5 | AG74: 110 | AH74: 3,5 | AJ74: Плюс 40 ℃ к входной | AN74: ≤90 | AO74: Аналоговое | AP74: Перегрев двигателя; перегрев масла компрессора; падение давления масла двигателя; превышение давления нагнетания в маслоотделителе; обрыв ремней генератора. | AQ74: Пуск/Стоп; подогрев; индикация: наработки в м/ч, количество топлива, температура масла двигателя, давления нагнетания в маслоотделителе; аварийная сигнализация: перегрев двигателя, отсутствие давление масла в двигателе, разряд АКБ. | AR74: На раме | AS74: Прямой, через сцепление | AT74: Дизельный (ЯМЗ) | AU74: Винтовой | AV74: Маслозаполнный | AX74: Изменение оборотов двигателя+ дросселирование на всасывании | AY74: Электростартер | BA74: ЯМЗ-236М | BB74: 2100 | BD74: 11.15 | BE74: 28.25 | BF74: 190 | BU74: 40 р. д. | BV74: По запросу
A75: ЗИФ-00044156 | B75: ЗИФ-ПВ-24/0,7-R | C75: Компрессор ЗИФ дизельный 24 м3/мин, 7 бар. ЗИФ-ПВ-24/0,7-R | D75: 24 | G75: 0 | H75: 7 | J75: 184 | P75: -40...+40 | Q75: 3375*1500*1961 | R75: =LEFTB(Q75, FIND("*", Q75) - 1) -> 3375 | S75: =MID(Q75, FIND("*", Q75) + 1, FIND("*", Q75, FIND("*", Q75) + 1) - FIND("*", Q75) - 1) -> 1500 | T75: =RIGHTB(Q75, LEN(Q75) - FIND("*", Q75, FIND("*", Q75) + 1)) -> 1961 | U75: 2600 | V75: Уличное | W75: 1хG2" | Z75: 98 | AA75: 1500 | AB75: Воздушное | AC75: ЗИФ-00044617;ЗИФ-00044616;ЗИФ-00044615;ЗИФ-00044581 | AD75: Похож на Atlas Copco XAMS 407 Cd, Atlas Copco XAMS 850 | AE75: Воздух | AF75: ≤3,5 | AG75: 110 | AH75: 3,5 | AJ75: Плюс 40 ℃ к входной | AN75: ≤90 | AO75: Аналоговое | AP75: Перегрев двигателя; перегрев масла компрессора; падение давления масла двигателя; превышение давления нагнетания в маслоотделителе; обрыв ремней генератора. | AQ75: Пуск/Стоп; подогрев; индикация: наработки в м/ч, количество топлива, температура масла двигателя, давления нагнетания в маслоотделителе; аварийная сигнализация: перегрев двигателя, отсутствие давление масла в двигателе, разряд АКБ. | AR75: На раме | AS75: Прямой, через сцепление | AT75: Дизельный (ЯМЗ) | AU75: Винтовой | AV75: Маслозаполнный | AX75: Изменение оборотов двигателя+ дросселирование на всасывании | AY75: Электростартер | BA75: ЯМЗ-236Б | BB75: 2000 | BD75: 11.15 | BE75: 38.27 | BF75: 190 | BU75: 40 р. д. | BV75: По запросу
A76: ЗИФ-00044157 | B76: ЗИФ-ПВ-26/0,7-R | C76: Компрессор ЗИФ дизельный 26 м3/мин, 7 бар. ЗИФ-ПВ-26/0,7-R | D76: 26 | G76: 0 | H76: 7 | J76: 184 | P76: -40...+40 | Q76: 3375*1500*1961 | R76: =LEFTB(Q76, FIND("*", Q76) - 1) -> 3375 | S76: =MID(Q76, FIND("*", Q76) + 1, FIND("*", Q76, FIND("*", Q76) + 1) - FIND("*", Q76) - 1) -> 1500 | T76: =RIGHTB(Q76, LEN(Q76) - FIND("*", Q76, FIND("*", Q76) + 1)) -> 1961 | U76: 2600 | V76: Уличное | W76: 1хG2" | Z76: 98 | AA76: 1500 | AB76: Воздушное | AC76: ЗИФ-00044617;ЗИФ-00044616;ЗИФ-00044615;ЗИФ-00044582 | AD76: Похож на Atlas Copco XAMS 407 Cd, Atlas Copco XAMS 850 | AE76: Воздух | AF76: ≤3,5 | AG76: 110 | AH76: 3,5 | AJ76: Плюс 40 ℃ к входной | AN76: ≤90 | AO76: Аналоговое | AP76: Перегрев двигателя; перегрев масла компрессора; падение давления масла двигателя; превышение давления нагнетания в маслоотделителе; обрыв ремней генератора. | AQ76: Пуск/Стоп; подогрев; индикация: наработки в м/ч, количество топлива, температура масла двигателя, давления нагнетания в маслоотделителе; аварийная сигнализация: перегрев двигателя, отсутствие давление масла в двигателе, разряд АКБ. | AR76: На раме | AS76: Прямой, через сцепление | AT76: Дизельный (ЯМЗ) | AU76: Винтовой | AV76: Маслозаполнный | AX76: Изменение оборотов двигателя+ дросселирование на всасывании | AY76: Электростартер | BA76: ЯМЗ-236Б | BB76: 2000 | BD76: 11.15 | BE76: 38.27 | BF76: 190 | BU76: 40 р. д. | BV76: По запросу
A77: ЗИФ-00044158 | B77: ЗИФ-ПВ-28/0,7-R | C77: Компрессор ЗИФ дизельный 28 м3/мин, 7 бар. ЗИФ-ПВ-28/0,7-R | D77: 28 | G77: 0 | H77: 7 | J77: 221 | P77: -40...+40 | Q77: 3375*1500*1961 | R77: =LEFTB(Q77, FIND("*", Q77) - 1) -> 3375 | S77: =MID(Q77, FIND("*", Q77) + 1, FIND("*", Q77, FIND("*", Q77) + 1) - FIND("*", Q77) - 1) -> 1500 | T77: =RIGHTB(Q77, LEN(Q77) - FIND("*", Q77, FIND("*", Q77) + 1)) -> 1961 | U77: 2600 | V77: Уличное | W77: 1хG2" | Z77: 98 | AA77: 1500 | AB77: Воздушное | AC77: ЗИФ-00044617;ЗИФ-00044616;ЗИФ-00044615;ЗИФ-00044583 | AD77: Похож на Atlas Copco XAMS 407 Cd | AE77: Воздух | AF77: ≤3,5 | AG77: 110 | AH77: 3,5 | AJ77: Плюс 40 ℃ к входной | AN77: ≤90 | AO77: Аналоговое | AP77: Перегрев двигателя; перегрев масла компрессора; падение давления масла двигателя; превышение давления нагнетания в маслоотделителе; обрыв ремней генератора. | AQ77: Пуск/Стоп; подогрев; индикация: наработки в м/ч, количество топлива, температура масла двигателя, давления нагнетания в маслоотделителе; аварийная сигнализация: перегрев двигателя, отсутствие давление масла в двигателе, разряд АКБ. | AR77: На раме | AS77: Прямой, через сцепление | AT77: Дизельный (ЯМЗ) | AU77: Винтовой | AV77: Маслозаполнный | AX77: Изменение оборотов двигателя+ дросселирование на всасывании | AY77: Электростартер | BA77: ЯМЗ-238Б | BB77: 2000 | BD77: 14.86 | BE77: 45.89 | BF77: 2х190 | BU77: 40 р. д. | BV77: По запросу
A78: ЗИФ-00044159 | B78: ЗИФ-ПВ-30/0,7-R | C78: Компрессор ЗИФ дизельный 30 м3/мин, 7 бар. ЗИФ-ПВ-30/0,7-R | D78: 30 | G78: 0 | H78: 7 | J78: 221 | P78: -40...+40 | Q78: 3375*1500*1961 | R78: =LEFTB(Q78, FIND("*", Q78) - 1) -> 3375 | S78: =MID(Q78, FIND("*", Q78) + 1, FIND("*", Q78, FIND("*", Q78) + 1) - FIND("*", Q78) - 1) -> 1500 | T78: =RIGHTB(Q78, LEN(Q78) - FIND("*", Q78, FIND("*", Q78) + 1)) -> 1961 | U78: 2600 | V78: Уличное | W78: 1хG2" | Z78: 98 | AA78: 1500 | AB78: Воздушное | AC78: ЗИФ-00044617;ЗИФ-00044616;ЗИФ-00044615;ЗИФ-00044584 | AD78: Похож на Atlas Copco XAMS 407 Cd | AE78: Воздух | AF78: ≤3,5 | AG78: 110 | AH78: 3,5 | AJ78: Плюс 40 ℃ к входной | AN78: ≤90 | AO78: Аналоговое | AP78: Перегрев двигателя; перегрев масла компрессора; падение давления масла двигателя; превышение давления нагнетания в маслоотделителе; обрыв ремней генератора. | AQ78: Пуск/Стоп; подогрев; индикация: наработки в м/ч, количество топлива, температура масла двигателя, давления нагнетания в маслоотделителе; аварийная сигнализация: перегрев двигателя, отсутствие давление масла в двигателе, разряд АКБ. | AR78: На раме | AS78: Прямой, через сцепление | AT78: Дизельный (ЯМЗ) | AU78: Винтовой | AV78: Маслозаполнный | AX78: Изменение оборотов двигателя+ дросселирование на всасывании | AY78: Электростартер | BA78: ЯМЗ-238Б | BB78: 2000 | BD78: 14.86 | BE78: 45.89 | BF78: 2х190 | BU78: 40 р. д. | BV78: По запросу
A79: ЗИФ-00044160 | B79: ЗИФ-ПВ-5/1,0-R | C79: Компрессор ЗИФ дизельный 5 м3/мин, 10 бар. ЗИФ-ПВ-5/1,0-R | D79: 5 | G79: 0 | H79: 10 | J79: 60 | P79: -25...+40 | Q79: 2014*1244*1478 | R79: =LEFTB(Q79, FIND("*", Q79) - 1) -> 2014 | S79: =MID(Q79, FIND("*", Q79) + 1, FIND("*", Q79, FIND("*", Q79) + 1) - FIND("*", Q79) - 1) -> 1244 | T79: =RIGHTB(Q79, LEN(Q79) - FIND("*", Q79, FIND("*", Q79) + 1)) -> 1478 | U79: 1170 | V79: Уличное | W79: 3хG3/4" | Z79: 98 | AA79: 1500 | AB79: Воздушное | AC79: ЗИФ-00044609;ЗИФ-00044610;ЗИФ-00044611;ЗИФ-00018818;ЗИФ-00044576;ЗИФ-00044595 | AD79: Похож на Atlas Copco U 250 PACE | AE79: Воздух | AF79: ≤3,5 | AG79: 110 | AH79: 3,5 | AJ79: Плюс 40 ℃ к входной | AN79: ≤80 | AO79: Аналоговое | AP79: Перегрев двигателя; перегрев масла компрессора; падение давления масла двигателя; превышение давления нагнетания в маслоотделителе; обрыв ремней генератора. | AQ79: Пуск/Стоп; подогрев; индикация: наработки в м/ч, количество топлива, температура масла двигателя, давления нагнетания в маслоотделителе; аварийная сигнализация: перегрев двигателя, отсутствие давление масла в двигателе, разряд АКБ. | AR79: На раме | AS79: Прямой, через сцепление | AT79: Дизельный (ММЗ) | AU79: Винтовой | AV79: Маслозаполнный | AX79: Изменение оборотов двигателя+ дросселирование на всасывании | AY79: Электростартер | BA79: ММЗ-243 | BB79: 2200 | BD79: 4.75 | BE79: 13.1 | BF79: 80 | BU79: В наличии | BV79: =VLOOKUP(A79,'[1]01. Дизельные винтовые'!$G:$CD,76,0) -> 1538455.4
A80: ЗИФ-00044161 | B80: ЗИФ-ПВ-6/1,0-R | C80: Компрессор ЗИФ дизельный 6 м3/мин, 10 бар. ЗИФ-ПВ-6/1,0-R | D80: 6 | G80: 0 | H80: 10 | J80: 60 | P80: -25...+40 | Q80: 2014*1244*1478 | R80: =LEFTB(Q80, FIND("*", Q80) - 1) -> 2014 | S80: =MID(Q80, FIND("*", Q80) + 1, FIND("*", Q80, FIND("*", Q80) + 1) - FIND("*", Q80) - 1) -> 1244 | T80: =RIGHTB(Q80, LEN(Q80) - FIND("*", Q80, FIND("*", Q80) + 1)) -> 1478 | U80: 1170 | V80: Уличное | W80: 3хG3/4" | Z80: 98 | AA80: 1500 | AB80: Воздушное | AC80: ЗИФ-00044609;ЗИФ-00044610;ЗИФ-00044611;ЗИФ-00018818;ЗИФ-00044576;ЗИФ-00044595 | AD80: Похож на Atlas Copco U 250 PACE | AE80: Воздух | AF80: ≤3,5 | AG80: 110 | AH80: 3,5 | AJ80: Плюс 40 ℃ к входной | AN80: ≤80 | AO80: Аналоговое | AP80: Перегрев двигателя; перегрев масла компрессора; падение давления масла двигателя; превышение давления нагнетания в маслоотделителе; обрыв ремней генератора. | AQ80: Пуск/Стоп; подогрев; индикация: наработки в м/ч, количество топлива, температура масла двигателя, давления нагнетания в маслоотделителе; аварийная сигнализация: перегрев двигателя, отсутствие давление масла в двигателе, разряд АКБ. | AR80: На раме | AS80: Прямой, через сцепление | AT80: Дизельный (ММЗ) | AU80: Винтовой | AV80: Маслозаполнный | AX80: Изменение оборотов двигателя+ дросселирование на всасывании | AY80: Электростартер | BA80: ММЗ-243 | BB80: 2200 | BD80: 4.75 | BE80: 13.1 | BF80: 80 | BU80: В наличии | BV80: =VLOOKUP(A80,'[1]01. Дизельные винтовые'!$G:$CD,76,0) -> 1654682.3
A81: ЗИФ-00044162 | B81: ЗИФ-ПВ-8/1,0-R | C81: Компрессор ЗИФ дизельный 8 м3/мин, 10 бар. ЗИФ-ПВ-8/1,0-R | D81: 8 | G81: 0 | H81: 10 | J81: 78 | P81: -25...+40 | Q81: 2270*1244*1500 | R81: =LEFTB(Q81, FIND("*", Q81) - 1) -> 2270 | S81: =MID(Q81, FIND("*", Q81) + 1, FIND("*", Q81, FIND("*", Q81) + 1) - FIND("*", Q81) - 1) -> 1244 | T81: =RIGHTB(Q81, LEN(Q81) - FIND("*", Q81, FIND("*", Q81) + 1)) -> 1500 | U81: 1570 | V81: Уличное | W81: 3хG3/4" | Z81: 98 | AA81: 1500 | AB81: Воздушное | AC81: ЗИФ-00044609;ЗИФ-00044610;ЗИФ-00044611;ЗИФ-00018818;ЗИФ-00044576;ЗИФ-00044595 | AD81: Похож на Atlas Copco XAHS 400 PACE | AE81: Воздух | AF81: ≤3,5 | AG81: 110 | AH81: 3,5 | AJ81: Плюс 40 ℃ к входной | AK81: 23 | AN81: ≤85 | AO81: Аналоговое | AP81: Перегрев двигателя; перегрев масла компрессора; падение давления масла двигателя; превышение давления нагнетания в маслоотделителе; обрыв ремней генератора. | AQ81: Пуск/Стоп; подогрев; индикация: наработки в м/ч, количество топлива, температура масла двигателя, давления нагнетания в маслоотделителе; аварийная сигнализация: перегрев двигателя, отсутствие давление масла в двигателе, разряд АКБ. | AR81: На раме | AS81: Прямой, через сцепление | AT81: Дизельный (ММЗ) | AU81: Винтовой | AV81: Маслозаполнный | AX81: Изменение оборотов двигателя+ дросселирование на всасывании | AY81: Электростартер | BA81: ММЗ-245 | BB81: 2200 | BD81: 4.75 | BE81: 16.38 | BF81: 80 | BU81: В наличии | BV81: По запросу
A82: ЗИФ-00043744 | B82: ЗИФ-ПВ-10/1,0-R | C82: Компрессор ЗИФ дизельный 10 м3/мин, 10 бар. ЗИФ-ПВ-10/1,0-R | D82: 10 | G82: 0 | H82: 10 | J82: 78 | P82: -25...+40 | Q82: 2270*1244*1500 | R82: =LEFTB(Q82, FIND("*", Q82) - 1) -> 2270 | S82: =MID(Q82, FIND("*", Q82) + 1, FIND("*", Q82, FIND("*", Q82) + 1) - FIND("*", Q82) - 1) -> 1244 | T82: =RIGHTB(Q82, LEN(Q82) - FIND("*", Q82, FIND("*", Q82) + 1)) -> 1500 | U82: 1570 | V82: Уличное | W82: 3хG3/4"+1хG1-1/2" | Z82: 98 | AA82: 1500 | AB82: Воздушное | AC82: ЗИФ-00044612;ЗИФ-00044613;ЗИФ-00044614;ЗИФ-00018818;ЗИФ-00044576;ЗИФ-00044575 | AD82: Похож на Atlas Copco XATS 156 Dd | AE82: Воздух | AF82: ≤3,5 | AG82: 110 | AH82: 3,5 | AJ82: Плюс 40 ℃ к входной | AK82: 23 | AN82: ≤85 | AO82: Аналоговое | AP82: Перегрев двигателя; перегрев масла компрессора; падение давления масла двигателя; превышение давления нагнетания в маслоотделителе; обрыв ремней генератора. | AQ82: Пуск/Стоп; подогрев; индикация: наработки в м/ч, количество топлива, температура масла двигателя, давления нагнетания в маслоотделителе; аварийная сигнализация: перегрев двигателя, отсутствие давление масла в двигателе, разряд АКБ. | AR82: На раме | AS82: Прямой, через сцепление | AT82: Дизельный (ММЗ) | AU82: Винтовой | AV82: Маслозаполнный | AX82: Изменение оборотов двигателя+ дросселирование на всасывании | AY82: Электростартер | BA82: ММЗ-245 | BB82: 2200 | BD82: 4.75 | BE82: 16.38 | BF82: 80 | BU82: В наличии | BV82: =VLOOKUP(A82,'[1]01. Дизельные винтовые'!$G:$CD,76,0) -> 1741521.9
A83: ЗИФ-00024474 | B83: ЗИФ-ПВ-10/1,0 Тропическая | C83: Компрессор ЗИФ дизельный 10 м3/мин, 10 бар. ЗИФ-ПВ-10/1,0 Тропическая | D83: 10 | G83: 0 | H83: 10 | J83: 78 | P83: -25...+50 | Q83: 2270*1244*1500 | R83: =LEFTB(Q83, FIND("*", Q83) - 1) -> 2270 | S83: =MID(Q83, FIND("*", Q83) + 1, FIND("*", Q83, FIND("*", Q83) + 1) - FIND("*", Q83) - 1) -> 1244 | T83: =RIGHTB(Q83, LEN(Q83) - FIND("*", Q83, FIND("*", Q83) + 1)) -> 1500 | U83: 1800 | V83: Уличное | W83: 3хG3/4"+1хG1-1/2" | Z83: 98 | AA83: 1500 | AB83: Воздушное | AC83: ЗИФ-00044612;ЗИФ-00044613;ЗИФ-00044614;ЗИФ-00018818;ЗИФ-00044576;ЗИФ-00044575 | AD83: Похож на Atlas Copco XATS 156 Dd | AE83: Воздух | AF83: ≤3,5 | AG83: 110 | AH83: 3,5 | AJ83: Плюс 40 ℃ к входной | AK83: 23 | AN83: ≤85 | AO83: Аналоговое | AP83: Перегрев двигателя; перегрев масла компрессора; падение давления масла двигателя; превышение давления нагнетания в маслоотделителе; обрыв ремней генератора. | AQ83: Пуск/Стоп; подогрев; индикация: наработки в м/ч, количество топлива, температура масла двигателя, давления нагнетания в маслоотделителе; аварийная сигнализация: перегрев двигателя, отсутствие давление масла в двигателе, разряд АКБ. | AR83: На раме | AS83: Прямой, через сцепление | AT83: Дизельный (ММЗ) | AU83: Винтовой | AV83: Маслозаполнный | AX83: Изменение оборотов двигателя+ дросселирование на всасывании | AY83: Электростартер | BA83: ММЗ-245 | BB83: 2200 | BD83: 4.75 | BE83: 16.38 | BF83: 80 | BU83: 10 р. д. | BV83: По запросу
A84: ЗИФ-00044163 | B84: ЗИФ-ПВ-12/1,0-R | C84: Компрессор ЗИФ дизельный 12 м3/мин, 10 бар. ЗИФ-ПВ-12/1,0-R | D84: 12 | G84: 0 | H84: 10 | J84: 95 | P84: -25...+40 | Q84: 2400*1230*1660 | R84: =LEFTB(Q84, FIND("*", Q84) - 1) -> 2400 | S84: =MID(Q84, FIND("*", Q84) + 1, FIND("*", Q84, FIND("*", Q84) + 1) - FIND("*", Q84) - 1) -> 1230 | T84: =RIGHTB(Q84, LEN(Q84) - FIND("*", Q84, FIND("*", Q84) + 1)) -> 1660 | U84: 1580 | V84: Уличное | W84: 3хG3/4"+1хG1-1/2" | Z84: 98 | AA84: 1500 | AB84: Воздушное | AC84: ЗИФ-00044611;ЗИФ-00044614;ЗИФ-00018818;ЗИФ-00044576;ЗИФ-00044575 | AD84: Похож на Atlas Copco XAHS 146 Dd | AE84: Воздух | AF84: ≤3,5 | AG84: 110 | AH84: 3,5 | AJ84: Плюс 40 ℃ к входной | AK84: 45 | AN84: ≤85 | AO84: Аналоговое | AP84: Перегрев двигателя; перегрев масла компрессора; падение давления масла двигателя; превышение давления нагнетания в маслоотделителе; обрыв ремней генератора. | AQ84: Пуск/Стоп; подогрев; индикация: наработки в м/ч, количество топлива, температура масла двигателя, давления нагнетания в маслоотделителе; аварийная сигнализация: перегрев двигателя, отсутствие давление масла в двигателе, разряд АКБ. | AR84: На раме | AS84: Прямой, через сцепление | AT84: Дизельный (ММЗ) | AU84: Винтовой | AV84: Маслозаполнный | AX84: Изменение оборотов двигателя+ дросселирование на всасывании | AY84: Электростартер | BA84: ММЗ-245,16 | BB84: 2100 | BD84: 4.75 | BE84: 19.95 | BF84: 80 | BU84: В наличии | BV84: =VLOOKUP(A84,'[1]01. Дизельные винтовые'!$G:$CD,76,0) -> 2531218.2
A85: ЗИФ-00044164 | B85: ЗИФ-ПВ-14/1,0-R | C85: Компрессор ЗИФ дизельный 14 м3/мин, 10 бар. ЗИФ-ПВ-14/1,0-R | D85: 14 | G85: 0 | H85: 10 | J85: 132 | P85: -40...+40 | Q85: 3120*1500*1790 | R85: =LEFTB(Q85, FIND("*", Q85) - 1) -> 3120 | S85: =MID(Q85, FIND("*", Q85) + 1, FIND("*", Q85, FIND("*", Q85) + 1) - FIND("*", Q85) - 1) -> 1500 | T85: =RIGHTB(Q85, LEN(Q85) - FIND("*", Q85, FIND("*", Q85) + 1)) -> 1790 | U85: 2600 | V85: Уличное | W85: 3хG3/4"+1хG1-1/2" | Z85: 98 | AA85: 1500 | AB85: Воздушное | AC85: ЗИФ-00044617;ЗИФ-00044616;ЗИФ-00044615;ЗИФ-00044584 | AD85: Похож на Atlas Copco XAHS 237 Dd | AE85: Воздух | AF85: ≤3,5 | AG85: 110 | AH85: 3,5 | AJ85: Плюс 40 ℃ к входной | AK85: 45 | AN85: ≤85 | AO85: Аналоговое | AP85: Перегрев двигателя; перегрев масла компрессора; падение давления масла двигателя; превышение давления нагнетания в маслоотделителе; обрыв ремней генератора. | AQ85: Пуск/Стоп; подогрев; индикация: наработки в м/ч, количество топлива, температура масла двигателя, давления нагнетания в маслоотделителе; аварийная сигнализация: перегрев двигателя, отсутствие давление масла в двигателе, разряд АКБ. | AR85: На раме | AS85: Прямой, через сцепление | AT85: Дизельный (ЯМЗ) | AU85: Винтовой | AV85: Маслозаполнный | AX85: Изменение оборотов двигателя+ дросселирование на всасывании | AY85: Электростартер | BA85: ЯМЗ-236М | BB85: 2100 | BD85: 11.15 | BE85: 28.25 | BF85: 190 | BU85: 10 р. д. | BV85: =VLOOKUP(A85,'[1]01. Дизельные винтовые'!$G:$CD,76,0) -> 3781643.8
A86: ЗИФ-00044165 | B86: ЗИФ-ПВ-16/1,0-R | C86: Компрессор ЗИФ дизельный 16 м3/мин, 10 бар. ЗИФ-ПВ-16/1,0-R | D86: 16 | G86: 0 | H86: 10 | J86: 132 | P86: -40...+40 | Q86: 3120*1500*1790 | R86: =LEFTB(Q86, FIND("*", Q86) - 1) -> 3120 | S86: =MID(Q86, FIND("*", Q86) + 1, FIND("*", Q86, FIND("*", Q86) + 1) - FIND("*", Q86) - 1) -> 1500 | T86: =RIGHTB(Q86, LEN(Q86) - FIND("*", Q86, FIND("*", Q86) + 1)) -> 1790 | U86: 2600 | V86: Уличное | W86: 3хG3/4"+1хG1-1/2" | Z86: 98 | AA86: 1500 | AB86: Воздушное | AC86: ЗИФ-00044617;ЗИФ-00044616;ЗИФ-00044615;ЗИФ-00044585 | AD86: Похож на Atlas Copco XAMS 287 Dd | AE86: Воздух | AF86: ≤3,5 | AG86: 110 | AH86: 3,5 | AJ86: Плюс 40 ℃ к входной | AK86: 45 | AN86: ≤90 | AO86: Аналоговое | AP86: Перегрев двигателя; перегрев масла компрессора; падение давления масла двигателя; превышение давления нагнетания в маслоотделителе; обрыв ремней генератора. | AQ86: Пуск/Стоп; подогрев; индикация: наработки в м/ч, количество топлива, температура масла двигателя, давления нагнетания в маслоотделителе; аварийная сигнализация: перегрев двигателя, отсутствие давление масла в двигателе, разряд АКБ. | AR86: На раме | AS86: Прямой, через сцепление | AT86: Дизельный (ЯМЗ) | AU86: Винтовой | AV86: Маслозаполнный | AX86: Изменение оборотов двигателя+ дросселирование на всасывании | AY86: Электростартер | BA86: ЯМЗ-236М | BB86: 2100 | BD86: 11.15 | BE86: 28.25 | BF86: 190 | BU86: 40 р. д. | BV86: По запросу
A87: ЗИФ-00044166 | B87: ЗИФ-ПВ-18/1,0-R | C87: Компрессор ЗИФ дизельный 18 м3/мин, 10 бар. ЗИФ-ПВ-18/1,0-R | D87: 18 | G87: 0 | H87: 10 | J87: 132 | P87: -40...+40 | Q87: 3120*1500*1790 | R87: =LEFTB(Q87, FIND("*", Q87) - 1) -> 3120 | S87: =MID(Q87, FIND("*", Q87) + 1, FIND("*", Q87, FIND("*", Q87) + 1) - FIND("*", Q87) - 1) -> 1500 | T87: =RIGHTB(Q87, LEN(Q87) - FIND("*", Q87, FIND("*", Q87) + 1)) -> 1790 | U87: 2600 | V87: Уличное | W87: 3хG3/4"+1хG1-1/2" | Z87: 98 | AA87: 1500 | AB87: Воздушное | AC87: ЗИФ-00044617;ЗИФ-00044616;ЗИФ-00044615;ЗИФ-00044586 | AD87: Похож на Atlas Copco XATS 377 Cd | AE87: Воздух | AF87: ≤3,5 | AG87: 110 | AH87: 3,5 | AJ87: Плюс 40 ℃ к входной | AK87: 45 | AN87: ≤90 | AO87: Аналоговое | AP87: Перегрев двигателя; перегрев масла компрессора; падение давления масла двигателя; превышение давления нагнетания в маслоотделителе; обрыв ремней генератора. | AQ87: Пуск/Стоп; подогрев; индикация: наработки в м/ч, количество топлива, температура масла двигателя, давления нагнетания в маслоотделителе; аварийная сигнализация: перегрев двигателя, отсутствие давление масла в двигателе, разряд АКБ. | AR87: На раме | AS87: Прямой, через сцепление | AT87: Дизельный (ЯМЗ) | AU87: Винтовой | AV87: Маслозаполнный | AX87: Изменение оборотов двигателя+ дросселирование на всасывании | AY87: Электростартер | BA87: ЯМЗ-236М | BB87: 2100 | BD87: 11.15 | BE87: 28.25 | BF87: 190 | BU87: 40 р. д. | BV87: По запросу
A88: ЗИФ-00044167 | B88: ЗИФ-ПВ-20/1,0-R | C88: Компрессор ЗИФ дизельный 20 м3/мин, 10 бар. ЗИФ-ПВ-20/1,0-R | D88: 20 | G88: 0 | H88: 10 | J88: 184 | P88: -40...+40 | Q88: 3120*1500*1790 | R88: =LEFTB(Q88, FIND("*", Q88) - 1) -> 3120 | S88: =MID(Q88, FIND("*", Q88) + 1, FIND("*", Q88, FIND("*", Q88) + 1) - FIND("*", Q88) - 1) -> 1500 | T88: =RIGHTB(Q88, LEN(Q88) - FIND("*", Q88, FIND("*", Q88) + 1)) -> 1790 | U88: 2600 | V88: Уличное | W88: 1хG2" | Z88: 98 | AA88: 1500 | AB88: Воздушное | AC88: ЗИФ-00044617;ЗИФ-00044616;ЗИФ-00044615;ЗИФ-00044587 | AD88: Похож на Atlas Copco XATS 377 Cd, Atlas Copco XATS 800 | AE88: Воздух | AF88: ≤3,5 | AG88: 110 | AH88: 3,5 | AJ88: Плюс 40 ℃ к входной | AN88: ≤90 | AO88: Аналоговое | AP88: Перегрев двигателя; перегрев масла компрессора; падение давления масла двигателя; превышение давления нагнетания в маслоотделителе; обрыв ремней генератора. | AQ88: Пуск/Стоп; подогрев; индикация: наработки в м/ч, количество топлива, температура масла двигателя, давления нагнетания в маслоотделителе; аварийная сигнализация: перегрев двигателя, отсутствие давление масла в двигателе, разряд АКБ. | AR88: На раме | AS88: Прямой, через сцепление | AT88: Дизельный (ЯМЗ) | AU88: Винтовой | AV88: Маслозаполнный | AX88: Изменение оборотов двигателя+ дросселирование на всасывании | AY88: Электростартер | BA88: ЯМЗ-236Б | BB88: 2000 | BD88: 11.15 | BE88: 38.27 | BF88: 190 | BU88: 40 р. д. | BV88: По запросу
A89: ЗИФ-00044168 | B89: ЗИФ-ПВ-22/1,0-R | C89: Компрессор ЗИФ дизельный 22 м3/мин, 10 бар. ЗИФ-ПВ-22/1,0-R | D89: 22 | G89: 0 | H89: 10 | J89: 184 | P89: -40...+40 | Q89: 3375*1500*1961 | R89: =LEFTB(Q89, FIND("*", Q89) - 1) -> 3375 | S89: =MID(Q89, FIND("*", Q89) + 1, FIND("*", Q89, FIND("*", Q89) + 1) - FIND("*", Q89) - 1) -> 1500 | T89: =RIGHTB(Q89, LEN(Q89) - FIND("*", Q89, FIND("*", Q89) + 1)) -> 1961 | U89: 2500 | V89: Уличное | W89: 1хG2" | Z89: 98 | AA89: 1500 | AB89: Воздушное | AC89: ЗИФ-00044617;ЗИФ-00044616;ЗИФ-00044615;ЗИФ-00044588 | AD89: Похож на Atlas Copco XATS 377 Cd, Atlas Copco XATS 800 | AE89: Воздух | AF89: ≤3,5 | AG89: 110 | AH89: 3,5 | AJ89: Плюс 40 ℃ к входной | AN89: ≤90 | AO89: Аналоговое | AP89: Перегрев двигателя; перегрев масла компрессора; падение давления масла двигателя; превышение давления нагнетания в маслоотделителе; обрыв ремней генератора. | AQ89: Пуск/Стоп; подогрев; индикация: наработки в м/ч, количество топлива, температура масла двигателя, давления нагнетания в маслоотделителе; аварийная сигнализация: перегрев двигателя, отсутствие давление масла в двигателе, разряд АКБ. | AR89: На раме | AS89: Прямой, через сцепление | AT89: Дизельный (ЯМЗ) | AU89: Винтовой | AV89: Маслозаполнный | AX89: Изменение оборотов двигателя+ дросселирование на всасывании | AY89: Электростартер | BA89: ЯМЗ-236Б | BB89: 2000 | BD89: 11.15 | BE89: 38.27 | BF89: 190 | BU89: 40 р. д. | BV89: По запросу
A90: ЗИФ-00044169 | B90: ЗИФ-ПВ-24/1,0-R | C90: Компрессор ЗИФ дизельный 24 м3/мин, 10 бар. ЗИФ-ПВ-24/1,0-R | D90: 24 | G90: 0 | H90: 10 | J90: 221 | P90: -40...+40 | Q90: 3120*1500*1790 | R90: =LEFTB(Q90, FIND("*", Q90) - 1) -> 3120 | S90: =MID(Q90, FIND("*", Q90) + 1, FIND("*", Q90, FIND("*", Q90) + 1) - FIND("*", Q90) - 1) -> 1500 | T90: =RIGHTB(Q90, LEN(Q90) - FIND("*", Q90, FIND("*", Q90) + 1)) -> 1790 | U90: 2500 | V90: Уличное | W90: 1хG2" | Z90: 98 | AA90: 1500 | AB90: Воздушное | AC90: ЗИФ-00044617;ЗИФ-00044616;ЗИФ-00044615;ЗИФ-00044589 | AD90: Похож на Atlas Copco XATS 377 Cd, Atlas Copco XATS 800 | AE90: Воздух | AF90: ≤3,5 | AG90: 110 | AH90: 3,5 | AJ90: Плюс 40 ℃ к входной | AN90: ≤90 | AO90: Аналоговое | AP90: Перегрев двигателя; перегрев масла компрессора; падение давления масла двигателя; превышение давления нагнетания в маслоотделителе; обрыв ремней генератора. | AQ90: Пуск/Стоп; подогрев; индикация: наработки в м/ч, количество топлива, температура масла двигателя, давления нагнетания в маслоотделителе; аварийная сигнализация: перегрев двигателя, отсутствие давление масла в двигателе, разряд АКБ. | AR90: На раме | AS90: Прямой, через сцепление | AT90: Дизельный (ЯМЗ) | AU90: Винтовой | AV90: Маслозаполнный | AX90: Изменение оборотов двигателя+ дросселирование на всасывании | AY90: Электростартер | BA90: ЯМЗ-238Б | BB90: 2000 | BD90: 14.86 | BE90: 45.89 | BF90: 2х190 | BU90: 40 р. д. | BV90: По запросу
A91: ЗИФ-00044170 | B91: ЗИФ-ПВ-26/1,0-R | C91: Компрессор ЗИФ дизельный 26 м3/мин, 10 бар. ЗИФ-ПВ-26/1,0-R | D91: 26 | G91: 0 | H91: 10 | J91: 221 | P91: -40...+40 | Q91: 3120*1500*1790 | R91: =LEFTB(Q91, FIND("*", Q91) - 1) -> 3120 | S91: =MID(Q91, FIND("*", Q91) + 1, FIND("*", Q91, FIND("*", Q91) + 1) - FIND("*", Q91) - 1) -> 1500 | T91: =RIGHTB(Q91, LEN(Q91) - FIND("*", Q91, FIND("*", Q91) + 1)) -> 1790 | U91: 2500 | V91: Уличное | W91: 1хG2" | Z91: 98 | AA91: 1500 | AB91: Воздушное | AC91: ЗИФ-00044617;ЗИФ-00044616;ЗИФ-00044615;ЗИФ-00044590 | AD91: Похож на Atlas Copco XATS 487 Cd | AE91: Воздух | AF91: ≤3,5 | AG91: 110 | AH91: 3,5 | AJ91: Плюс 40 ℃ к входной | AN91: ≤90 | AO91: Аналоговое | AP91: Перегрев двигателя; перегрев масла компрессора; падение давления масла двигателя; превышение давления нагнетания в маслоотделителе; обрыв ремней генератора. | AQ91: Пуск/Стоп; подогрев; индикация: наработки в м/ч, количество топлива, температура масла двигателя, давления нагнетания в маслоотделителе; аварийная сигнализация: перегрев двигателя, отсутствие давление масла в двигателе, разряд АКБ. | AR91: На раме | AS91: Прямой, через сцепление | AT91: Дизельный (ЯМЗ) | AU91: Винтовой | AV91: Маслозаполнный | AX91: Изменение оборотов двигателя+ дросселирование на всасывании | AY91: Электростартер | BA91: ЯМЗ-238Б | BB91: 2000 | BD91: 14.86 | BE91: 45.89 | BF91: 2х190 | BU91: 40 р. д. | BV91: По запросу
A92: ЗИФ-00044232 | B92: ЗИФ-ПВ-28/1,0-R | C92: Компрессор ЗИФ дизельный 28 м3/мин, 10 бар. ЗИФ-ПВ-28/1,0-R | D92: 28 | G92: 0 | H92: 10 | J92: 221 | P92: -40...+40 | Q92: 3120*1500*1790 | R92: =LEFTB(Q92, FIND("*", Q92) - 1) -> 3120 | S92: =MID(Q92, FIND("*", Q92) + 1, FIND("*", Q92, FIND("*", Q92) + 1) - FIND("*", Q92) - 1) -> 1500 | T92: =RIGHTB(Q92, LEN(Q92) - FIND("*", Q92, FIND("*", Q92) + 1)) -> 1790 | U92: 2500 | V92: Уличное | W92: 1хG2" | Z92: 98 | AA92: 1500 | AB92: Воздушное | AC92: ЗИФ-00044617;ЗИФ-00044616;ЗИФ-00044615;ЗИФ-00044591 | AD92: Похож на Atlas Copco XATS 487 Cd | AE92: Воздух | AF92: ≤3,5 | AG92: 110 | AH92: 3,5 | AJ92: Плюс 40 ℃ к входной | AN92: ≤90 | AO92: Аналоговое | AP92: Перегрев двигателя; перегрев масла компрессора; падение давления масла двигателя; превышение давления нагнетания в маслоотделителе; обрыв ремней генератора. | AQ92: Пуск/Стоп; подогрев; индикация: наработки в м/ч, количество топлива, температура масла двигателя, давления нагнетания в маслоотделителе; аварийная сигнализация: перегрев двигателя, отсутствие давление масла в двигателе, разряд АКБ. | AR92: На раме | AS92: Прямой, через сцепление | AT92: Дизельный (ЯМЗ) | AU92: Винтовой | AV92: Маслозаполнный | AX92: Изменение оборотов двигателя+ дросселирование на всасывании | AY92: Электростартер | BA92: ЯМЗ-238Б | BB92: 2000 | BD92: 14.86 | BE92: 45.89 | BF92: 2х190 | BU92: 40 р. д. | BV92: По запросу
A93: ЗИФ-00044233 | B93: ЗИФ-ПВ-30/1,0-R | C93: Компрессор ЗИФ дизельный 30 м3/мин, 10 бар. ЗИФ-ПВ-30/1,0-R | D93: 30 | G93: 0 | H93: 10 | J93: 243 | P93: -40...+40 | Q93: 3120*1500*1837 | R93: =LEFTB(Q93, FIND("*", Q93) - 1) -> 3120 | S93: =MID(Q93, FIND("*", Q93) + 1, FIND("*", Q93, FIND("*", Q93) + 1) - FIND("*", Q93) - 1) -> 1500 | T93: =RIGHTB(Q93, LEN(Q93) - FIND("*", Q93, FIND("*", Q93) + 1)) -> 1837 | U93: 3000 | V93: Уличное | W93: 1хG2" | Z93: 98 | AA93: 1500 | AB93: Воздушное | AC93: ЗИФ-00044617;ЗИФ-00044616;ЗИФ-00044615;ЗИФ-00044592 | AD93: Похож на Atlas Copco XATS 1200 | AE93: Воздух | AF93: ≤3,5 | AG93: 110 | AH93: 3,5 | AJ93: Плюс 40 ℃ к входной | AK93: 36 | AN93: ≤90 | AO93: Аналоговое | AP93: Перегрев двигателя; перегрев масла компрессора; падение давления масла двигателя; превышение давления нагнетания в маслоотделителе; обрыв ремней генератора. | AQ93: Пуск/Стоп; подогрев; индикация: наработки в м/ч, количество топлива, температура масла двигателя, давления нагнетания в маслоотделителе; аварийная сигнализация: перегрев двигателя, отсутствие давление масла в двигателе, разряд АКБ. | AR93: На раме | AS93: Прямой, через сцепление | AT93: Дизельный (ЯМЗ) | AU93: Винтовой | AV93: Маслозаполнный | AX93: Изменение оборотов двигателя+ дросселирование на всасывании | AY93: Электростартер | BA93: ЯМЗ-238Д | BB93: 2100 | BD93: 14.86 | BE93: 50.54 | BF93: 2х190 | BU93: 40 р. д. | BV93: По запросу
A94: ЗИФ-00044234 | B94: ЗИФ-ПВ-4/1,2-R | C94: Компрессор ЗИФ дизельный 4 м3/мин, 12 бар. ЗИФ-ПВ-4/1,2-R | D94: 4 | G94: 0 | H94: 12 | J94: 60 | P94: -25...+40 | Q94: 2014*1244*1478 | R94: =LEFTB(Q94, FIND("*", Q94) - 1) -> 2014 | S94: =MID(Q94, FIND("*", Q94) + 1, FIND("*", Q94, FIND("*", Q94) + 1) - FIND("*", Q94) - 1) -> 1244 | T94: =RIGHTB(Q94, LEN(Q94) - FIND("*", Q94, FIND("*", Q94) + 1)) -> 1478 | U94: 1170 | V94: Уличное | W94: 3хG3/4" | Z94: 98 | AA94: 1500 | AB94: Воздушное | AC94: ЗИФ-00044609;ЗИФ-00044610;ЗИФ-00044611;ЗИФ-00018818;ЗИФ-00044576;ЗИФ-00044595 | AD94: Похож на Atlas Copco U 250 PACE | AE94: Воздух | AF94: ≤3,5 | AG94: 110 | AH94: 3,5 | AJ94: Плюс 40 ℃ к входной | AN94: ≤80 | AO94: Аналоговое | AP94: Перегрев двигателя; перегрев масла компрессора; падение давления масла двигателя; превышение давления нагнетания в маслоотделителе; обрыв ремней генератора. | AQ94: Пуск/Стоп; подогрев; индикация: наработки в м/ч, количество топлива, температура масла двигателя, давления нагнетания в маслоотделителе; аварийная сигнализация: перегрев двигателя, отсутствие давление масла в двигателе, разряд АКБ. | AR94: На раме | AS94: Прямой, через сцепление | AT94: Дизельный (ММЗ) | AU94: Винтовой | AV94: Маслозаполнный | AX94: Изменение оборотов двигателя+ дросселирование на всасывании | AY94: Электростартер | BA94: ММЗ-243 | BB94: 2200 | BD94: 4.75 | BE94: 13.1 | BF94: 80 | BU94: 10 р. д. | BV94: =VLOOKUP(A94,'[1]01. Дизельные винтовые'!$G:$CD,76,0) -> 1938447
A95: ЗИФ-00044235 | B95: ЗИФ-ПВ-5/1,2-R | C95: Компрессор ЗИФ дизельный 5 м3/мин, 12 бар. ЗИФ-ПВ-5/1,2-R | D95: 5 | G95: 0 | H95: 12 | J95: 60 | P95: -25...+40 | Q95: 2014*1244*1478 | R95: =LEFTB(Q95, FIND("*", Q95) - 1) -> 2014 | S95: =MID(Q95, FIND("*", Q95) + 1, FIND("*", Q95, FIND("*", Q95) + 1) - FIND("*", Q95) - 1) -> 1244 | T95: =RIGHTB(Q95, LEN(Q95) - FIND("*", Q95, FIND("*", Q95) + 1)) -> 1478 | U95: 1170 | V95: Уличное | W95: 3хG3/4" | Z95: 98 | AA95: 1500 | AB95: Воздушное | AC95: ЗИФ-00044609;ЗИФ-00044610;ЗИФ-00044611;ЗИФ-00018818;ЗИФ-00044576;ЗИФ-00044595 | AD95: Похож на Atlas Copco XAHS 108, Atlas Copco XAHS 107 Kd, Atlas Copco U190-12. | AE95: Воздух | AF95: ≤3,5 | AG95: 110 | AH95: 3,5 | AJ95: Плюс 40 ℃ к входной | AN95: ≤80 | AO95: Аналоговое | AP95: Перегрев двигателя; перегрев масла компрессора; падение давления масла двигателя; превышение давления нагнетания в маслоотделителе; обрыв ремней генератора. | AQ95: Пуск/Стоп; подогрев; индикация: наработки в м/ч, количество топлива, температура масла двигателя, давления нагнетания в маслоотделителе; аварийная сигнализация: перегрев двигателя, отсутствие давление масла в двигателе, разряд АКБ. | AR95: На раме | AS95: Прямой, через сцепление | AT95: Дизельный (ММЗ) | AU95: Винтовой | AV95: Маслозаполнный | AX95: Изменение оборотов двигателя+ дросселирование на всасывании | AY95: Электростартер | BA95: ММЗ-243 | BB95: 2200 | BD95: 4.75 | BE95: 13.1 | BF95: 80 | BU95: 10 р. д. | BV95: =VLOOKUP(A95,'[1]01. Дизельные винтовые'!$G:$CD,76,0) -> 1863783
A96: ЗИФ-00044236 | B96: ЗИФ-ПВ-6/1,2-R | C96: Компрессор ЗИФ дизельный 6 м3/мин, 12 бар. ЗИФ-ПВ-6/1,2-R | D96: 6 | G96: 0 | H96: 12 | J96: 78 | P96: -25...+40 | Q96: 2270*1250*1520 | R96: =LEFTB(Q96, FIND("*", Q96) - 1) -> 2270 | S96: =MID(Q96, FIND("*", Q96) + 1, FIND("*", Q96, FIND("*", Q96) + 1) - FIND("*", Q96) - 1) -> 1250 | T96: =RIGHTB(Q96, LEN(Q96) - FIND("*", Q96, FIND("*", Q96) + 1)) -> 1520 | U96: 1570 | V96: Уличное | W96: 3хG3/4" | Z96: 98 | AA96: 1500 | AB96: Воздушное | AC96: ЗИФ-00044609;ЗИФ-00044610;ЗИФ-00044611;ЗИФ-00018818;ЗИФ-00044576;ЗИФ-00044595 | AD96: Похож на Atlas Copco XAHS 107 Kd, Atlas Copco XAHS 108 | AE96: Воздух | AF96: ≤3,5 | AG96: 110 | AH96: 3,5 | AJ96: Плюс 40 ℃ к входной | AN96: ≤85 | AO96: Аналоговое | AP96: Перегрев двигателя; перегрев масла компрессора; падение давления масла двигателя; превышение давления нагнетания в маслоотделителе; обрыв ремней генератора. | AQ96: Пуск/Стоп; подогрев; индикация: наработки в м/ч, количество топлива, температура масла двигателя, давления нагнетания в маслоотделителе; аварийная сигнализация: перегрев двигателя, отсутствие давление масла в двигателе, разряд АКБ. | AR96: На раме | AS96: Прямой, через сцепление | AT96: Дизельный (ММЗ) | AU96: Винтовой | AV96: Маслозаполнный | AX96: Изменение оборотов двигателя+ дросселирование на всасывании | AY96: Электростартер | BA96: ММЗ-245 | BB96: 2200 | BD96: 4.75 | BE96: 16.38 | BF96: 80 | BU96: 10 р. д. | BV96: По запросу
A97: ЗИФ-00044237 | B97: ЗИФ-ПВ-8/1,2-R | C97: Компрессор ЗИФ дизельный 8 м3/мин, 12 бар. ЗИФ-ПВ-8/1,2-R | D97: 8 | G97: 0 | H97: 12 | J97: 78 | P97: -25...+40 | Q97: 2270*1244*1500 | R97: =LEFTB(Q97, FIND("*", Q97) - 1) -> 2270 | S97: =MID(Q97, FIND("*", Q97) + 1, FIND("*", Q97, FIND("*", Q97) + 1) - FIND("*", Q97) - 1) -> 1244 | T97: =RIGHTB(Q97, LEN(Q97) - FIND("*", Q97, FIND("*", Q97) + 1)) -> 1500 | U97: 1570 | V97: Уличное | W97: 3хG3/4" | Z97: 98 | AA97: 1500 | AB97: Воздушное | AC97: ЗИФ-00044609;ЗИФ-00044610;ЗИФ-00044611;ЗИФ-00018818;ЗИФ-00044576;ЗИФ-00044595 | AD97: Похож на Atlas Copco XAHS 146 Dd | AE97: Воздух | AF97: ≤3,5 | AG97: 110 | AH97: 3,5 | AJ97: Плюс 40 ℃ к входной | AN97: ≤85 | AO97: Аналоговое | AP97: Перегрев двигателя; перегрев масла компрессора; падение давления масла двигателя; превышение давления нагнетания в маслоотделителе; обрыв ремней генератора. | AQ97: Пуск/Стоп; подогрев; индикация: наработки в м/ч, количество топлива, температура масла двигателя, давления нагнетания в маслоотделителе; аварийная сигнализация: перегрев двигателя, отсутствие давление масла в двигателе, разряд АКБ. | AR97: На раме | AS97: Прямой, через сцепление | AT97: Дизельный (ММЗ) | AU97: Винтовой | AV97: Маслозаполнный | AX97: Изменение оборотов двигателя+ дросселирование на всасывании | AY97: Электростартер | BA97: ММЗ-245 | BB97: 2200 | BD97: 4.75 | BE97: 16.38 | BF97: 80 | BU97: 10 р. д. | BV97: По запросу
A98: ЗИФ-00044238 | B98: ЗИФ-ПВ-10/1,2-R | C98: Компрессор ЗИФ дизельный 10 м3/мин, 12 бар. ЗИФ-ПВ-10/1,2-R | D98: 10 | G98: 0 | H98: 12 | J98: 95 | P98: -25...+40 | Q98: 2400*1230*1660 | R98: =LEFTB(Q98, FIND("*", Q98) - 1) -> 2400 | S98: =MID(Q98, FIND("*", Q98) + 1, FIND("*", Q98, FIND("*", Q98) + 1) - FIND("*", Q98) - 1) -> 1230 | T98: =RIGHTB(Q98, LEN(Q98) - FIND("*", Q98, FIND("*", Q98) + 1)) -> 1660 | U98: 1580 | V98: Уличное | W98: 3хG3/4" | Z98: 98 | AA98: 1500 | AB98: Воздушное | AC98: ЗИФ-00044611;ЗИФ-00044614;ЗИФ-00018818;ЗИФ-00044576;ЗИФ-00044575 | AD98: Похож на Atlas Copco XAHS 186 Dd | AE98: Воздух | AF98: ≤3,5 | AG98: 110 | AH98: 3,5 | AJ98: Плюс 40 ℃ к входной | AK98: 35 | AN98: ≤85 | AO98: Аналоговое | AP98: Перегрев двигателя; перегрев масла компрессора; падение давления масла двигателя; превышение давления нагнетания в маслоотделителе; обрыв ремней генератора. | AQ98: Пуск/Стоп; подогрев; индикация: наработки в м/ч, количество топлива, температура масла двигателя, давления нагнетания в маслоотделителе; аварийная сигнализация: перегрев двигателя, отсутствие давление масла в двигателе, разряд АКБ. | AR98: На раме | AS98: Прямой, через сцепление | AT98: Дизельный (ММЗ) | AU98: Винтовой | AV98: Маслозаполнный | AX98: Изменение оборотов двигателя+ дросселирование на всасывании | AY98: Электростартер | BA98: ММЗ-245,16 | BB98: 2200 | BD98: 4.75 | BE98: 19.95 | BF98: 80 | BU98: 10 р. д. | BV98: =VLOOKUP(A98,'[1]01. Дизельные винтовые'!$G:$CD,76,0) -> 2531218.2
A99: ЗИФ-00044239 | B99: ЗИФ-ПВ-12/1,2-R | C99: Компрессор ЗИФ дизельный 12 м3/мин, 12 бар. ЗИФ-ПВ-12/1,2-R | D99: 12 | G99: 0 | H99: 12 | J99: 132 | P99: -40...+40 | Q99: 3375*1500*1916 | R99: =LEFTB(Q99, FIND("*", Q99) - 1) -> 3375 | S99: =MID(Q99, FIND("*", Q99) + 1, FIND("*", Q99, FIND("*", Q99) + 1) - FIND("*", Q99) - 1) -> 1500 | T99: =RIGHTB(Q99, LEN(Q99) - FIND("*", Q99, FIND("*", Q99) + 1)) -> 1916 | U99: 2600 | V99: Уличное | W99: 3хG3/4"+1хG1-1/2" | Z99: 98 | AA99: 1500 | AB99: Воздушное | AC99: ЗИФ-00044617;ЗИФ-00044616;ЗИФ-00044615;ЗИФ-00044592 | AD99: Похож на Atlas Copco XAHS 450 Cud | AE99: Воздух | AF99: ≤3,5 | AG99: 110 | AH99: 3,5 | AJ99: Плюс 40 ℃ к входной | AK99: 45 | AN99: ≤90 | AO99: Аналоговое | AP99: Перегрев двигателя; перегрев масла компрессора; падение давления масла двигателя; превышение давления нагнетания в маслоотделителе; обрыв ремней генератора. | AQ99: Пуск/Стоп; подогрев; индикация: наработки в м/ч, количество топлива, температура масла двигателя, давления нагнетания в маслоотделителе; аварийная сигнализация: перегрев двигателя, отсутствие давление масла в двигателе, разряд АКБ. | AR99: На раме | AS99: Прямой, через сцепление | AT99: Дизельный (ЯМЗ) | AU99: Винтовой | AV99: Маслозаполнный | AX99: Изменение оборотов двигателя+ дросселирование на всасывании | AY99: Электростартер | BA99: ЯМЗ-236М | BB99: 2100 | BD99: 11.15 | BE99: 28.25 | BF99: 190 | BU99: 10 р. д. | BV99: =VLOOKUP(A99,'[1]01. Дизельные винтовые'!$G:$CD,76,0) -> 3781643.8
A100: ЗИФ-00044241 | B100: ЗИФ-ПВ-14/1,2-R | C100: Компрессор ЗИФ дизельный 14 м3/мин, 12 бар. ЗИФ-ПВ-14/1,2-R | D100: 14 | G100: 0 | H100: 12 | J100: 132 | P100: -40...+40 | Q100: 3375*1500*1916 | R100: =LEFTB(Q100, FIND("*", Q100) - 1) -> 3375 | S100: =MID(Q100, FIND("*", Q100) + 1, FIND("*", Q100, FIND("*", Q100) + 1) - FIND("*", Q100) - 1) -> 1500 | T100: =RIGHTB(Q100, LEN(Q100) - FIND("*", Q100, FIND("*", Q100) + 1)) -> 1916 | U100: 2600 | V100: Уличное | W100: 3хG3/4"+1хG1-1/2" | Z100: 98 | AA100: 1500 | AB100: Воздушное | AC100: ЗИФ-00044617;ЗИФ-00044616;ЗИФ-00044615;ЗИФ-00044593 | AD100: Похож на Atlas Copco XAHS 237 Dd | AE100: Воздух | AF100: ≤3,5 | AG100: 110 | AH100: 3,5 | AJ100: Плюс 40 ℃ к входной | AK100: 45 | AN100: ≤90 | AO100: Аналоговое | AP100: Перегрев двигателя; перегрев масла компрессора; падение давления масла двигателя; превышение давления нагнетания в маслоотделителе; обрыв ремней генератора. | AQ100: Пуск/Стоп; подогрев; индикация: наработки в м/ч, количество топлива, температура масла двигателя, давления нагнетания в маслоотделителе; аварийная сигнализация: перегрев двигателя, отсутствие давление масла в двигателе, разряд АКБ. | AR100: На раме | AS100: Прямой, через сцепление | AT100: Дизельный (ЯМЗ) | AU100: Винтовой | AV100: Маслозаполнный | AX100: Изменение оборотов двигателя+ дросселирование на всасывании | AY100: Электростартер | BA100: ЯМЗ-236М | BB100: 2100 | BD100: 11.15 | BE100: 28.25 | BF100: 190 | BU100: 10 р. д. | BV100: По запросу
A101: ЗИФ-00044242 | B101: ЗИФ-ПВ-16/1,2-R | C101: Компрессор ЗИФ дизельный 16 м3/мин, 12 бар. ЗИФ-ПВ-16/1,2-R | D101: 16 | G101: 0 | H101: 12 | J101: 184 | P101: -40...+40 | Q101: 3120*1500*1790 | R101: =LEFTB(Q101, FIND("*", Q101) - 1) -> 3120 | S101: =MID(Q101, FIND("*", Q101) + 1, FIND("*", Q101, FIND("*", Q101) + 1) - FIND("*", Q101) - 1) -> 1500 | T101: =RIGHTB(Q101, LEN(Q101) - FIND("*", Q101, FIND("*", Q101) + 1)) -> 1790 | U101: 2600 | V101: Уличное | W101: 3хG3/4"+1хG1-1/2" | Z101: 98 | AA101: 1500 | AB101: Воздушное | AC101: ЗИФ-00044617;ЗИФ-00044616;ЗИФ-00044615;ЗИФ-00044594 | AD101: Похож на Atlas Copco XAVS 500 | AE101: Воздух | AF101: ≤3,5 | AG101: 110 | AH101: 3,5 | AJ101: Плюс 40 ℃ к входной | AN101: ≤90 | AO101: Аналоговое | AP101: Перегрев двигателя; перегрев масла компрессора; падение давления масла двигателя; превышение давления нагнетания в маслоотделителе; обрыв ремней генератора. | AQ101: Пуск/Стоп; подогрев; индикация: наработки в м/ч, количество топлива, температура масла двигателя, давления нагнетания в маслоотделителе; аварийная сигнализация: перегрев двигателя, отсутствие давление масла в двигателе, разряд АКБ. | AR101: На раме | AS101: Прямой, через сцепление | AT101: Дизельный (ЯМЗ) | AU101: Винтовой | AV101: Маслозаполнный | AX101: Изменение оборотов двигателя+ дросселирование на всасывании | AY101: Электростартер | BA101: ЯМЗ-236Б | BB101: 2000 | BD101: 11.15 | BE101: 38.27 | BF101: 190 | BU101: 40 р. д. | BV101: По запросу
A102: ЗИФ-00044243 | B102: ЗИФ-ПВ-18/1,2-R | C102: Компрессор ЗИФ дизельный 18 м3/мин, 12 бар. ЗИФ-ПВ-18/1,2-R | D102: 18 | G102: 0 | H102: 12 | J102: 184 | P102: -40...+40 | Q102: 3120*1500*1790 | R102: =LEFTB(Q102, FIND("*", Q102) - 1) -> 3120 | S102: =MID(Q102, FIND("*", Q102) + 1, FIND("*", Q102, FIND("*", Q102) + 1) - FIND("*", Q102) - 1) -> 1500 | T102: =RIGHTB(Q102, LEN(Q102) - FIND("*", Q102, FIND("*", Q102) + 1)) -> 1790 | U102: 2600 | V102: Уличное | W102: 3хG3/4"+1хG1-1/2" | Z102: 98 | AA102: 1500 | AB102: Воздушное | AC102: ЗИФ-00044617;ЗИФ-00044616;ЗИФ-00044615;ЗИФ-00044595 | AD102: Похож на Atlas Copco XATS 377 Cd | AE102: Воздух | AF102: ≤3,5 | AG102: 110 | AH102: 3,5 | AJ102: Плюс 40 ℃ к входной | AN102: ≤90 | AO102: Аналоговое | AP102: Перегрев двигателя; перегрев масла компрессора; падение давления масла двигателя; превышение давления нагнетания в маслоотделителе; обрыв ремней генератора. | AQ102: Пуск/Стоп; подогрев; индикация: наработки в м/ч, количество топлива, температура масла двигателя, давления нагнетания в маслоотделителе; аварийная сигнализация: перегрев двигателя, отсутствие давление масла в двигателе, разряд АКБ. | AR102: На раме | AS102: Прямой, через сцепление | AT102: Дизельный (ЯМЗ) | AU102: Винтовой | AV102: Маслозаполнный | AX102: Изменение оборотов двигателя+ дросселирование на всасывании | AY102: Электростартер | BA102: ЯМЗ-236Б | BB102: 2000 | BD102: 11.15 | BE102: 38.27 | BF102: 190 | BU102: 40 р. д. | BV102: По запросу
A103: ЗИФ-00044244 | B103: ЗИФ-ПВ-20/1,2-R | C103: Компрессор ЗИФ дизельный 20 м3/мин, 12 бар. ЗИФ-ПВ-20/1,2-R | D103: 20 | G103: 0 | H103: 12 | J103: 184 | P103: -40...+40 | Q103: 3120*1500*1790 | R103: =LEFTB(Q103, FIND("*", Q103) - 1) -> 3120 | S103: =MID(Q103, FIND("*", Q103) + 1, FIND("*", Q103, FIND("*", Q103) + 1) - FIND("*", Q103) - 1) -> 1500 | T103: =RIGHTB(Q103, LEN(Q103) - FIND("*", Q103, FIND("*", Q103) + 1)) -> 1790 | U103: 2600 | V103: Уличное | W103: 1хG2" | Z103: 98 | AA103: 1500 | AB103: Воздушное | AC103: ЗИФ-00044617;ЗИФ-00044616;ЗИФ-00044615;ЗИФ-00044596 | AD103: Похож на Atlas Copco XAHS 347 Cd, Atlas Copco XAHS 700 | AE103: Воздух | AF103: ≤3,5 | AG103: 110 | AH103: 3,5 | AJ103: Плюс 40 ℃ к входной | AN103: ≤90 | AO103: Аналоговое | AP103: Перегрев двигателя; перегрев масла компрессора; падение давления масла двигателя; превышение давления нагнетания в маслоотделителе; обрыв ремней генератора. | AQ103: Пуск/Стоп; подогрев; индикация: наработки в м/ч, количество топлива, температура масла двигателя, давления нагнетания в маслоотделителе; аварийная сигнализация: перегрев двигателя, отсутствие давление масла в двигателе, разряд АКБ. | AR103: На раме | AS103: Прямой, через сцепление | AT103: Дизельный (ЯМЗ) | AU103: Винтовой | AV103: Маслозаполнный | AX103: Изменение оборотов двигателя+ дросселирование на всасывании | AY103: Электростартер | BA103: ЯМЗ-236Б | BB103: 2000 | BD103: 11.15 | BE103: 38.27 | BF103: 190 | BU103: 40 р. д. | BV103: По запросу
A104: ЗИФ-00044245 | B104: ЗИФ-ПВ-22/1,2-R | C104: Компрессор ЗИФ дизельный 22 м3/мин, 12 бар. ЗИФ-ПВ-22/1,2-R | D104: 22 | G104: 0 | H104: 12 | J104: 221 | P104: -40...+40 | Q104: 3120*1500*1790 | R104: =LEFTB(Q104, FIND("*", Q104) - 1) -> 3120 | S104: =MID(Q104, FIND("*", Q104) + 1, FIND("*", Q104, FIND("*", Q104) + 1) - FIND("*", Q104) - 1) -> 1500 | T104: =RIGHTB(Q104, LEN(Q104) - FIND("*", Q104, FIND("*", Q104) + 1)) -> 1790 | U104: 2600 | V104: Уличное | W104: 1хG2" | Z104: 98 | AA104: 1500 | AB104: Воздушное | AC104: ЗИФ-00044617;ЗИФ-00044616;ЗИФ-00044615;ЗИФ-00044597 | AD104: Похож на Atlas Copco XAHS 347 Cd, Atlas Copco XAHS 700 | AE104: Воздух | AF104: ≤3,5 | AG104: 110 | AH104: 3,5 | AJ104: Плюс 40 ℃ к входной | AN104: ≤90 | AO104: Аналоговое | AP104: Перегрев двигателя; перегрев масла компрессора; падение давления масла двигателя; превышение давления нагнетания в маслоотделителе; обрыв ремней генератора. | AQ104: Пуск/Стоп; подогрев; индикация: наработки в м/ч, количество топлива, температура масла двигателя, давления нагнетания в маслоотделителе; аварийная сигнализация: перегрев двигателя, отсутствие давление масла в двигателе, разряд АКБ. | AR104: На раме | AS104: Прямой, через сцепление | AT104: Дизельный (ЯМЗ) | AU104: Винтовой | AV104: Маслозаполнный | AX104: Изменение оборотов двигателя+ дросселирование на всасывании | AY104: Электростартер | BA104: ЯМЗ-238Б | BB104: 2000 | BD104: 14.86 | BE104: 45.89 | BF104: 2х190 | BU104: 40 р. д. | BV104: По запросу
A105: ЗИФ-00044246 | B105: ЗИФ-ПВ-24/1,2-R | C105: Компрессор ЗИФ дизельный 24 м3/мин, 12 бар. ЗИФ-ПВ-24/1,2-R | D105: 24 | G105: 0 | H105: 12 | J105: 221 | P105: -40...+40 | Q105: 3120*1500*1790 | R105: =LEFTB(Q105, FIND("*", Q105) - 1) -> 3120 | S105: =MID(Q105, FIND("*", Q105) + 1, FIND("*", Q105, FIND("*", Q105) + 1) - FIND("*", Q105) - 1) -> 1500 | T105: =RIGHTB(Q105, LEN(Q105) - FIND("*", Q105, FIND("*", Q105) + 1)) -> 1790 | U105: 2600 | V105: Уличное | W105: 1хG2" | Z105: 98 | AA105: 1500 | AB105: Воздушное | AC105: ЗИФ-00044617;ЗИФ-00044616;ЗИФ-00044615;ЗИФ-00044598 | AD105: Похож на Atlas Copco XAHS 447 Cd | AE105: Воздух | AF105: ≤3,5 | AG105: 110 | AH105: 3,5 | AJ105: Плюс 40 ℃ к входной | AN105: ≤90 | AO105: Аналоговое | AP105: Перегрев двигателя; перегрев масла компрессора; падение давления масла двигателя; превышение давления нагнетания в маслоотделителе; обрыв ремней генератора. | AQ105: Пуск/Стоп; подогрев; индикация: наработки в м/ч, количество топлива, температура масла двигателя, давления нагнетания в маслоотделителе; аварийная сигнализация: перегрев двигателя, отсутствие давление масла в двигателе, разряд АКБ. | AR105: На раме | AS105: Прямой, через сцепление | AT105: Дизельный (ЯМЗ) | AU105: Винтовой | AV105: Маслозаполнный | AX105: Изменение оборотов двигателя+ дросселирование на всасывании | AY105: Электростартер | BA105: ЯМЗ-238Б | BB105: 2000 | BD105: 14.86 | BE105: 45.89 | BF105: 2х190 | BU105: 40 р. д. | BV105: По запросу
A106: ЗИФ-00044247 | B106: ЗИФ-ПВ-26/1,2-R | C106: Компрессор ЗИФ дизельный 26 м3/мин, 12 бар. ЗИФ-ПВ-26/1,2-R | D106: 26 | G106: 0 | H106: 12 | J106: 243 | P106: -40...+40 | Q106: 3120*1500*1790 | R106: =LEFTB(Q106, FIND("*", Q106) - 1) -> 3120 | S106: =MID(Q106, FIND("*", Q106) + 1, FIND("*", Q106, FIND("*", Q106) + 1) - FIND("*", Q106) - 1) -> 1500 | T106: =RIGHTB(Q106, LEN(Q106) - FIND("*", Q106, FIND("*", Q106) + 1)) -> 1790 | U106: 2600 | V106: Уличное | W106: 1хG2" | Z106: 98 | AA106: 1500 | AB106: Воздушное | AC106: ЗИФ-00044617;ЗИФ-00044616;ЗИФ-00044615;ЗИФ-00044599 | AD106: Похож на Atlas Copco XAHS 447 Cd | AE106: Воздух | AF106: ≤3,5 | AG106: 110 | AH106: 3,5 | AJ106: Плюс 40 ℃ к входной | AN106: ≤90 | AO106: Аналоговое | AP106: Перегрев двигателя; перегрев масла компрессора; падение давления масла двигателя; превышение давления нагнетания в маслоотделителе; обрыв ремней генератора. | AQ106: Пуск/Стоп; подогрев; индикация: наработки в м/ч, количество топлива, температура масла двигателя, давления нагнетания в маслоотделителе; аварийная сигнализация: перегрев двигателя, отсутствие давление масла в двигателе, разряд АКБ. | AR106: На раме | AS106: Прямой, через сцепление | AT106: Дизельный (ЯМЗ) | AU106: Винтовой | AV106: Маслозаполнный | AX106: Изменение оборотов двигателя+ дросселирование на всасывании | AY106: Электростартер | BA106: ЯМЗ-238Д | BB106: 2100 | BD106: 14.86 | BE106: 50.54 | BF106: 2х190 | BU106: 40 р. д. | BV106: По запросу
A107: ЗИФ-00044248 | B107: ЗИФ-ПВ-28/1,2-R | C107: Компрессор ЗИФ дизельный 28 м3/мин, 12 бар. ЗИФ-ПВ-28/1,2-R | D107: 28 | G107: 0 | H107: 12 | J107: 294 | P107: -40...+40 | Q107: 3120*1500*1790 | R107: =LEFTB(Q107, FIND("*", Q107) - 1) -> 3120 | S107: =MID(Q107, FIND("*", Q107) + 1, FIND("*", Q107, FIND("*", Q107) + 1) - FIND("*", Q107) - 1) -> 1500 | T107: =RIGHTB(Q107, LEN(Q107) - FIND("*", Q107, FIND("*", Q107) + 1)) -> 1790 | U107: 2600 | V107: Уличное | W107: 1хG2" | Z107: 98 | AA107: 1500 | AB107: Воздушное | AC107: ЗИФ-00044617;ЗИФ-00044616;ЗИФ-00044615;ЗИФ-00044600 | AD107: Похож на Atlas Copco XAHS 447 Cd, Atlas Copco XAVS 1000 | AE107: Воздух | AF107: ≤3,5 | AG107: 110 | AH107: 3,5 | AJ107: Плюс 40 ℃ к входной | AN107: ≤90 | AO107: Аналоговое | AP107: Перегрев двигателя; перегрев масла компрессора; падение давления масла двигателя; превышение давления нагнетания в маслоотделителе; обрыв ремней генератора. | AQ107: Пуск/Стоп; подогрев; индикация: наработки в м/ч, количество топлива, температура масла двигателя, давления нагнетания в маслоотделителе; аварийная сигнализация: перегрев двигателя, отсутствие давление масла в двигателе, разряд АКБ. | AR107: На раме | AS107: Прямой, через сцепление | AT107: Дизельный (ЯМЗ) | AU107: Винтовой | AV107: Маслозаполнный | AX107: Изменение оборотов двигателя+ дросселирование на всасывании | AY107: Электростартер | BA107: ЯМЗ-7511 | BB107: 1900 | BD107: 14.86 | BE107: 57.33 | BF107: 2х190 | BU107: 40 р. д. | BV107: По запросу
A108: ЗИФ-00044249 | B108: ЗИФ-ПВ-30/1,2-R | C108: Компрессор ЗИФ дизельный 30 м3/мин, 12 бар. ЗИФ-ПВ-30/1,2-R | D108: 30 | G108: 0 | H108: 12 | J108: 309 | P108: -40...+40 | Q108: 3120*1500*1790 | R108: =LEFTB(Q108, FIND("*", Q108) - 1) -> 3120 | S108: =MID(Q108, FIND("*", Q108) + 1, FIND("*", Q108, FIND("*", Q108) + 1) - FIND("*", Q108) - 1) -> 1500 | T108: =RIGHTB(Q108, LEN(Q108) - FIND("*", Q108, FIND("*", Q108) + 1)) -> 1790 | U108: 2600 | V108: Уличное | W108: 1хG2" | Z108: 98 | AA108: 1500 | AB108: Воздушное | AC108: ЗИФ-00044617;ЗИФ-00044616;ЗИФ-00044615;ЗИФ-00044601 | AD108: Похож на Atlas Copco XAVS 1000 | AE108: Воздух | AF108: ≤3,5 | AG108: 110 | AH108: 3,5 | AJ108: Плюс 40 ℃ к входной | AN108: ≤90 | AO108: Аналоговое | AP108: Перегрев двигателя; перегрев масла компрессора; падение давления масла двигателя; превышение давления нагнетания в маслоотделителе; обрыв ремней генератора. | AQ108: Пуск/Стоп; подогрев; индикация: наработки в м/ч, количество топлива, температура масла двигателя, давления нагнетания в маслоотделителе; аварийная сигнализация: перегрев двигателя, отсутствие давление масла в двигателе, разряд АКБ. | AR108: На раме | AS108: Прямой, через сцепление | AT108: Дизельный (ЯМЗ) | AU108: Винтовой | AV108: Маслозаполнный | AX108: Изменение оборотов двигателя+ дросселирование на всасывании | AY108: Электростартер | BA108: ЯМЗ-7513 | BB108: 1900 | BD108: 14.86 | BE108: 60.26 | BF108: 2х190 | BU108: 40 р. д. | BV108: По запросу
A109: ЗИФ-00044266 | B109: ЗИФ-ПВ-4/1,3-R | C109: Компрессор ЗИФ дизельный 4 м3/мин, 13 бар. ЗИФ-ПВ-4/1,3-R | D109: 4 | G109: 0 | H109: 13 | J109: 60 | P109: -25...+40 | Q109: 2014*1244*1478 | R109: =LEFTB(Q109, FIND("*", Q109) - 1) -> 2014 | S109: =MID(Q109, FIND("*", Q109) + 1, FIND("*", Q109, FIND("*", Q109) + 1) - FIND("*", Q109) - 1) -> 1244 | T109: =RIGHTB(Q109, LEN(Q109) - FIND("*", Q109, FIND("*", Q109) + 1)) -> 1478 | U109: 1170 | V109: Уличное | W109: 3хG3/4" | Z109: 98 | AA109: 1500 | AB109: Воздушное | AC109: ЗИФ-00044609;ЗИФ-00044610;ЗИФ-00044611;ЗИФ-00018818;ЗИФ-00044576;ЗИФ-00044595 | AD109: Похож на Atlas Copco U 250 PACE | AE109: Воздух | AF109: ≤3,5 | AG109: 110 | AH109: 3,5 | AJ109: Плюс 40 ℃ к входной | AK109: 13 | AN109: ≤80 | AO109: Аналоговое | AP109: Перегрев двигателя; перегрев масла компрессора; падение давления масла двигателя; превышение давления нагнетания в маслоотделителе; обрыв ремней генератора. | AQ109: Пуск/Стоп; подогрев; индикация: наработки в м/ч, количество топлива, температура масла двигателя, давления нагнетания в маслоотделителе; аварийная сигнализация: перегрев двигателя, отсутствие давление масла в двигателе, разряд АКБ. | AR109: На раме | AS109: Прямой, через сцепление | AT109: Дизельный (ММЗ) | AU109: Винтовой | AV109: Маслозаполнный | AX109: Изменение оборотов двигателя+ дросселирование на всасывании | AY109: Электростартер | BA109: ММЗ-243 | BB109: 2200 | BD109: 4.75 | BE109: 13.1 | BF109: 80 | BU109: 10 р. д. | BV109: По запросу
A110: ЗИФ-00044267 | B110: ЗИФ-ПВ-5/1,3-R | C110: Компрессор ЗИФ дизельный 5 м3/мин, 13 бар. ЗИФ-ПВ-5/1,3-R | D110: 5 | G110: 0 | H110: 13 | J110: 78 | P110: -25...+40 | Q110: 2270*1244*1500 | R110: =LEFTB(Q110, FIND("*", Q110) - 1) -> 2270 | S110: =MID(Q110, FIND("*", Q110) + 1, FIND("*", Q110, FIND("*", Q110) + 1) - FIND("*", Q110) - 1) -> 1244 | T110: =RIGHTB(Q110, LEN(Q110) - FIND("*", Q110, FIND("*", Q110) + 1)) -> 1500 | U110: 1570 | V110: Уличное | W110: 3хG3/4" | Z110: 98 | AA110: 1500 | AB110: Воздушное | AC110: ЗИФ-00044609;ЗИФ-00044610;ЗИФ-00044611;ЗИФ-00018818;ЗИФ-00044576;ЗИФ-00044595 | AD110: Похож на Atlas Copco XAHS 108, Atlas Copco XAHS 107 Kd, Atlas Copco U190-12. | AE110: Воздух | AF110: ≤3,5 | AG110: 110 | AH110: 3,5 | AJ110: Плюс 40 ℃ к входной | AK110: 23 | AN110: ≤80 | AO110: Аналоговое | AP110: Перегрев двигателя; перегрев масла компрессора; падение давления масла двигателя; превышение давления нагнетания в маслоотделителе; обрыв ремней генератора. | AQ110: Пуск/Стоп; подогрев; индикация: наработки в м/ч, количество топлива, температура масла двигателя, давления нагнетания в маслоотделителе; аварийная сигнализация: перегрев двигателя, отсутствие давление масла в двигателе, разряд АКБ. | AR110: На раме | AS110: Прямой, через сцепление | AT110: Дизельный (ММЗ) | AU110: Винтовой | AV110: Маслозаполнный | AX110: Изменение оборотов двигателя+ дросселирование на всасывании | AY110: Электростартер | BA110: ММЗ-245 | BB110: 2200 | BD110: 4.75 | BE110: 13.1 | BF110: 80 | BU110: 10 р. д. | BV110: По запросу
A111: ЗИФ-00044268 | B111: ЗИФ-ПВ-6/1,3-R | C111: Компрессор ЗИФ дизельный 6 м3/мин, 13 бар. ЗИФ-ПВ-6/1,3-R | D111: 6 | G111: 0 | H111: 13 | J111: 78 | P111: -25...+40 | Q111: 2270*1244*1500 | R111: =LEFTB(Q111, FIND("*", Q111) - 1) -> 2270 | S111: =MID(Q111, FIND("*", Q111) + 1, FIND("*", Q111, FIND("*", Q111) + 1) - FIND("*", Q111) - 1) -> 1244 | T111: =RIGHTB(Q111, LEN(Q111) - FIND("*", Q111, FIND("*", Q111) + 1)) -> 1500 | U111: 1570 | V111: Уличное | W111: 3хG3/4" | Z111: 98 | AA111: 1500 | AB111: Воздушное | AC111: ЗИФ-00044609;ЗИФ-00044610;ЗИФ-00044611;ЗИФ-00018818;ЗИФ-00044576;ЗИФ-00044595 | AD111: Похож на Atlas Copco XAHS 107 Kd, Atlas Copco XAHS 108 | AE111: Воздух | AF111: ≤3,5 | AG111: 110 | AH111: 3,5 | AJ111: Плюс 40 ℃ к входной | AK111: 23 | AN111: ≤80 | AO111: Аналоговое | AP111: Перегрев двигателя; перегрев масла компрессора; падение давления масла двигателя; превышение давления нагнетания в маслоотделителе; обрыв ремней генератора. | AQ111: Пуск/Стоп; подогрев; индикация: наработки в м/ч, количество топлива, температура масла двигателя, давления нагнетания в маслоотделителе; аварийная сигнализация: перегрев двигателя, отсутствие давление масла в двигателе, разряд АКБ. | AR111: На раме | AS111: Прямой, через сцепление | AT111: Дизельный (ММЗ) | AU111: Винтовой | AV111: Маслозаполнный | AX111: Изменение оборотов двигателя+ дросселирование на всасывании | AY111: Электростартер | BA111: ММЗ-245 | BB111: 2200 | BD111: 4.75 | BE111: 13.1 | BF111: 80 | BU111: 10 р. д. | BV111: По запросу
...

Sheet 2. Электрические
B2: 02. ЭЛЕКТРИЧЕСКИЕ винтовые компрессоры
A4: Оглавление
A5: 02.01. Электрические стационарные (7,5 - 355 кВт) от +1 ˚С
A6: 02.01.01. Электрические 7,5 - 75 кВт
A7: 02.01.02. Электрические 90 - 355 кВт
A8: 02.02. Электрические стационарные (7,5 - 355 кВт) от +1 ˚С с частотным регулированием
A9: 02.02.01. Электрические 7,5 - 75 кВт с частотным регулированием
A10: 02.02.02. Электрические 90 - 355 кВт с частотным регулированием
A11: 02.03. Электрические передвижные. Полная защита от осадков (18,5 - 90 кВт) до -40 ˚С
A12: 02.03.01. Передвижные до -40 ˚С. Полная защита от осадков
A13: 02.03.02. Стационарные до -40 ˚С. Для работы под крышей
A14: 02.03.03. Опции к электрическим компрессорным станциям
A15: 02.04. Электрические стационарные на ресивере (7,5 - 22 кВт)
... A24: 02.07.01. Электрические 90-132 кВт в специсполнении
A26: 1 | B26: =A26+1 -> 2 | C26: =B26+1 -> 3 | D26: =C26+1 -> 4 | E26: =D26+1 -> 5 | F26: =E26+1 -> 6 | G26: =F26+1 -> 7 | H26: =G26+1 -> 8 | I26: =H26+1 -> 9 | ... BV26: =BU26+1 -> 74
A27: Артикул | B27: Название модели | C27: Наименование для сайта | D27: Производи-тельность, м3/мин | E27: Производи-тельность, м3/ч | F27: Производи-тельность, фунт в мин (PPM) | G27: Давление на входе (бар избыт.) | H27: Давление на выходе (бар избыт.) | I27: Рабочее давление, PSIG | J27: Мощность, кВт | K27: Точка росы, °C | L27: Чистота азота, % | M27: Расход воздуха (на выработку азота) , м3/ч | N27: Расход воздуха (на выработку азота) , м3/мин | O27: Коэффициент «воздух-азот» | P27: Диапазон температуры эксплуатации, °C | Q27: Габаритные размеры, ДхШхВ, мм | R27: Длина, мм | S27: Ширина, мм | T27: Высота, мм | U27: Масса (нетто), кг | V27: Место расположения | W27: Диаметры точек подключения | X27: Номинальный диаметр точки подключения на входе | Y27: Номинальный диаметр точки подключения на выходе | Z27: Допустимая влажность окружающего воздуха, % | AA27: Максимальная высота над уронем моря, м | AB27: Тип охлаждения | AC27: Доступные опции | AD27: Аналоги по параметрам | AE27: Состав газа | AF27: Содержание масла в сжатом воздухе, не более, мг/м3 | AG27: Максимальная рабочая тепература масла, ℃ | AH27: Минимальное рабочее давление, бар | AI27: Макс. t сжатого воздуха на входе, °C | AJ27: Макc. t сжатого воздуха на выходе, °C | AK27: Количество заправки компрессорного масла, л | AL27: Количество заправки моторного масла, л | AM27: Объём воздуха для охлаждения станции, м3/мин | AN27: Уровень шума, дБ | AO27: Тип системы управления | AP27: Датчики и устройства защиты | AQ27: Функции системы управления | AR27: Прицеп/шасси/рама | AS27: Тип привода | AT27: Тип двигателя | AU27: Тип компрессорного блока | AV27: Тип смазки. Безмасляный/маслозаполненный | AW27: Тип электродвигателя | AX27: Способ регулирования производительности | AY27: Метод запуска | AZ27: Наличие частотного регулирования | BA27: Марка двигателя | BB27: Частота вращения двигателя, об/мин | BC27: Частота вращения двигателя максимальная, об/мин | BD27: Объём двигателя, л . | BE27: Расход топлива, кг/час | BF27: Ёмкость топливного бака, л | BG27: Параметры электросети | BH27: Класс изоляции электродвигателя | BI27: Класс энергоэффективности электродвигателя | BJ27: Степень защиты двигателя (IP) | BK27: Минимальное сечение медного кабеля для подключения станции, мм2 | BL27: Класс взрывозащиты (исполнение) | BM27: Мощность вентиляторов охлаждения, кВт | BN27: Тип регенерации | BO27: Степень очистки | BP27: Количество ступеней | BQ27: Количество цилиндров | BR27: Объем ресивера, литр | BS27: Минимальный объем ресивера, м3 | BT27: Свойства прицепа | BU27: Срок производства | BV27: Цена, руб. с НДС
A28: 02.01. Электрические стационарные (7,5 - 355 кВт) от +1 ˚С
A29: 02.01.01. Электрические 7,5 - 75 кВт
A30: ЗИФ-00043564 | B30: ЗИФ-СВЭ-1,5/0,7 ШМ-R | C30: Компрессор ЗИФ 7,5 кВт, 1,5 м3/мин, 7 бар винтовой. ЗИФ-СВЭ-1,5/0,7 ШМ-R | D30: 1.11 | G30: 0 | H30: 7 | J30: 7.5 | P30: +1...+45 °С | Q30: 820*540*810 | R30: =LEFTB(Q30, FIND("*", Q30) - 1) -> 820 | S30: =MID(Q30, FIND("*", Q30) + 1, FIND("*", Q30, FIND("*", Q30) + 1) - FIND("*", Q30) - 1) -> 540 | T30: =RIGHTB(Q30, LEN(Q30) - FIND("*", Q30, FIND("*", Q30) + 1)) -> 810 | U30: =DC30 -> 0 | V30: В помещении | W30: G3/4 | Z30: 60 | AA30: 1000 | AB30: Воздушное | AD30: Похож на Atlas Copco GA 7,5 7,5 | AE30: Воздух | AF30: ≤3 | AG30: 105 | AH30: 6.5 | AJ30: +15 ℃ к t°C окр. среды | AK30: 4 | AM30: 50 | AN30: ≤65 | AO30: Контроллер | AP30: Датчик температуры, датчик давления, защита от перегрузки по току, защита от перекоса фаз, защита от некорректного напряжения | AQ30: Измерения энергопотребления, включение/выключение по расписанию, управление инвертором (при его наличии); защита двигателя от обрыва фазы, перегрузки по току, дисбаланса тока, высокого и низкого напряжения. | AR30: На раме, в кожухе | AS30: прямой | AT30: Электрический | AU30: Винтовой | AV30: Маслозаполненный | AW30: Асинхронный | AX30: Дросселирование на всасывании + пуск-остановка | AY30: Звезда-треугольник (Y-△) | AZ30: Нет | BB30: 3000 | BG30: 380 В, 50 Гц | BH30: F | BI30: IE3 | BJ30: IP23 | BK30: 3х4 | BM30: 0.18 | BU30: В наличии | BV30: =VLOOKUP(A30,'[1]02. Электрические винтовые'!$G:$CD,76,0) -> 121864.73
A31: ЗИФ-00046758 | B31: ЗИФ-СВЭ-1,4/0,8 ШМ-R | C31: Компрессор ЗИФ 7,5 кВт, 1,4 м3/мин, 8 бар винтовой. ЗИФ-СВЭ-1,4/0,8 ШМ-R | D31: 1.06 | G31: 0 | H31: 8 | J31: 7.5 | P31: +1...+45 °С | Q31: 820*540*810 | R31: =LEFTB(Q31, FIND("*", Q31) - 1) -> 820 | S31: =MID(Q31, FIND("*", Q31) + 1, FIND("*", Q31, FIND("*", Q31) + 1) - FIND("*", Q31) - 1) -> 540 | T31: =RIGHTB(Q31, LEN(Q31) - FIND("*", Q31, FIND("*", Q31) + 1)) -> 810 | U31: =DC31 -> 0 | V31: В помещении | W31: G3/4 | Z31: 60 | AA31: 1000 | AB31: Воздушное | AD31: Похож на Atlas Copco GA 7,5 7,5 | AE31: Воздух | AF31: ≤3 | AG31: 105 | AH31: 6.5 | AJ31: +15 ℃ к t°C окр. среды | AK31: 4 | AM31: 50 | AN31: ≤65 | AO31: Контроллер | AP31: Датчик температуры, датчик давления, защита от перегрузки по току, защита от перекоса фаз, защита от некорректного напряжения | AQ31: Измерения энергопотребления, включение/выключение по расписанию, управление инвертором (при его наличии); защита двигателя от обрыва фазы, перегрузки по току, дисбаланса тока, высокого и низкого напряжения. | AR31: На раме, в кожухе | AS31: прямой | AT31: Электрический | AU31: Винтовой | AV31: Маслозаполненный | AW31: Асинхронный | AX31: Дросселирование на всасывании + пуск-остановка | AY31: Звезда-треугольник (Y-△) | AZ31: Нет | BB31: 3000 | BG31: 380 В, 50 Гц | BH31: F | BI31: IE3 | BJ31: IP23 | BK31: 3х4 | BM31: 0.18 | BU31: В наличии | BV31: =VLOOKUP(A31,'[1]02. Электрические винтовые'!$G:$CD,76,0) -> 121864.73
A32: ЗИФ-00043565 | B32: ЗИФ-СВЭ-1/1,0 ШМ-R | C32: Компрессор ЗИФ 7,5 кВт, 1 м3/мин, 7 бар винтовой. ЗИФ-СВЭ-1/1,0 ШМ-R | D32: 0.96 | G32: 0 | H32: 10 | J32: 7.5 | P32: +1...+45 °С | Q32: 820*540*810 | R32: =LEFTB(Q32, FIND("*", Q32) - 1) -> 820 | S32: =MID(Q32, FIND("*", Q32) + 1, FIND("*", Q32, FIND("*", Q32) + 1) - FIND("*", Q32) - 1) -> 540 | T32: =RIGHTB(Q32, LEN(Q32) - FIND("*", Q32, FIND("*", Q32) + 1)) -> 810 | U32: =DC32 -> 0 | V32: В помещении | W32: G3/4 | Z32: 60 | AA32: 1000 | AB32: Воздушное | AD32: Похож на Atlas Copco GA 7,5 10 | AE32: Воздух | AF32: ≤3 | AG32: 105 | AH32: 6.5 | AJ32: +15 ℃ к t°C окр. среды | AK32: 4 | AM32: 50 | AN32: ≤65 | AO32: Контроллер | AP32: Датчик температуры, датчик давления, защита от перегрузки по току, защита от перекоса фаз, защита от некорректного напряжения | AQ32: Измерения энергопотребления, включение/выключение по расписанию, управление инвертором (при его наличии); защита двигателя от обрыва фазы, перегрузки по току, дисбаланса тока, высокого и низкого напряжения. | AR32: На раме, в кожухе | AS32: прямой | AT32: Электрический | AU32: Винтовой | AV32: Маслозаполненный | AW32: Асинхронный | AX32: Дросселирование на всасывании + пуск-остановка | AY32: Звезда-треугольник (Y-△) | AZ32: Нет | BB32: 3000 | BG32: 380 В, 50 Гц | BH32: F | BI32: IE3 | BJ32: IP23 | BK32: 3х4 | BM32: 0.18 | BU32: В наличии | BV32: =VLOOKUP(A32,'[1]02. Электрические винтовые'!$G:$CD,76,0) -> 121864.73
A33: ЗИФ-00043566 | B33: ЗИФ-СВЭ-2/0,7 ШМ-R | C33: Компрессор ЗИФ 11 кВт, 2 м3/мин, 7 бар винтовой. ЗИФ-СВЭ-2/0,7 ШМ-R | D33: 1.78 | G33: 0 | H33: 7 | J33: 11 | P33: +1...+45 °С | Q33: 1020*640*1020 | R33: =LEFTB(Q33, FIND("*", Q33) - 1) -> 1020 | S33: =MID(Q33, FIND("*", Q33) + 1, FIND("*", Q33, FIND("*", Q33) + 1) - FIND("*", Q33) - 1) -> 640 | T33: =RIGHTB(Q33, LEN(Q33) - FIND("*", Q33, FIND("*", Q33) + 1)) -> 1020 | U33: =DC33 -> 0 | V33: В помещении | W33: G3/4 | Z33: 60 | AA33: 1000 | AB33: Воздушное | AD33: Похож на Atlas Copco GA 7,5 7,5 | AE33: Воздух | AF33: ≤3 | AG33: 105 | AH33: 6.5 | AJ33: +15 ℃ к t°C окр. среды | AK33: 10 | AM33: 117 | AN33: ≤65 | AO33: Контроллер | AP33: Датчик температуры, датчик давления, защита от перегрузки по току, защита от перекоса фаз, защита от некорректного напряжения | AQ33: Измерения энергопотребления, включение/выключение по расписанию, управление инвертором (при его наличии); защита двигателя от обрыва фазы, перегрузки по току, дисбаланса тока, высокого и низкого напряжения. | AR33: На раме, в кожухе | AS33: прямой | AT33: Электрический | AU33: Винтовой | AV33: Маслозаполненный | AW33: Асинхронный | AX33: Дросселирование на всасывании + пуск-остановка | AY33: Звезда-треугольник (Y-△) | AZ33: Нет | BB33: 2200 | BG33: 380 В, 50 Гц | BH33: F | BI33: IE3 | BJ33: IP23 | BK33: 3х10 | BM33: 0.45 | BU33: В наличии | BV33: =VLOOKUP(A33,'[1]02. Электрические винтовые'!$G:$CD,76,0) -> 189321.31
A34: ЗИФ-00046759 | B34: ЗИФ-СВЭ-1,9/0,8 ШМ-R | C34: Компрессор ЗИФ 11 кВт, 1,9 м3/мин, 8 бар винтовой. ЗИФ-СВЭ-1,9/0,8 ШМ-R | D34: 1.7 | G34: 0 | H34: 8 | J34: 11 | P34: +1...+45 °С | Q34: 1020*640*1020 | R34: =LEFTB(Q34, FIND("*", Q34) - 1) -> 1020 | S34: =MID(Q34, FIND("*", Q34) + 1, FIND("*", Q34, FIND("*", Q34) + 1) - FIND("*", Q34) - 1) -> 640 | T34: =RIGHTB(Q34, LEN(Q34) - FIND("*", Q34, FIND("*", Q34) + 1)) -> 1020 | U34: =DC34 -> 0 | V34: В помещении | W34: G3/4 | Z34: 60 | AA34: 1000 | AB34: Воздушное | AD34: Похож на Atlas Copco GA 7,5 7,5 | AE34: Воздух | AF34: ≤3 | AG34: 105 | AH34: 6.5 | AJ34: +15 ℃ к t°C окр. среды | AK34: 10 | AM34: 117 | AN34: ≤65 | AO34: Контроллер | AP34: Датчик температуры, датчик давления, защита от перегрузки по току, защита от перекоса фаз, защита от некорректного напряжения | AQ34: Измерения энергопотребления, включение/выключение по расписанию, управление инвертором (при его наличии); защита двигателя от обрыва фазы, перегрузки по току, дисбаланса тока, высокого и низкого напряжения. | AR34: На раме, в кожухе | AS34: прямой | AT34: Электрический | AU34: Винтовой | AV34: Маслозаполненный | AW34: Асинхронный | AX34: Дросселирование на всасывании + пуск-остановка | AY34: Звезда-треугольник (Y-△) | AZ34: Нет | BB34: 2200 | BG34: 380 В, 50 Гц | BH34: F | BI34: IE3 | BJ34: IP23 | BK34: 3х10 | BM34: 0.45 | BU34: В наличии | BV34: =VLOOKUP(A34,'[1]02. Электрические винтовые'!$G:$CD,76,0) -> 189321.31
A35: ЗИФ-00043944 | B35: ЗИФ-СВЭ-1,9/1,0 ШМ-R | C35: Компрессор ЗИФ 11 кВт, 1,9 м3/мин, 10 бар винтовой. ЗИФ-СВЭ-1,9/1,0 ШМ-R | D35: 1.55 | G35: 0 | H35: 10 | J35: 11 | P35: +1...+45 °С | Q35: 1020*640*1020 | R35: =LEFTB(Q35, FIND("*", Q35) - 1) -> 1020 | S35: =MID(Q35, FIND("*", Q35) + 1, FIND("*", Q35, FIND("*", Q35) + 1) - FIND("*", Q35) - 1) -> 640 | T35: =RIGHTB(Q35, LEN(Q35) - FIND("*", Q35, FIND("*", Q35) + 1)) -> 1020 | U35: =DC35 -> 0 | V35: В помещении | W35: G3/4 | Z35: 60 | AA35: 1000 | AB35: Воздушное | AD35: Похож на Atlas Copco GA 11 10 | AE35: Воздух | AF35: ≤3 | AG35: 105 | AH35: 6.5 | AJ35: +15 ℃ к t°C окр. среды | AK35: 10 | AM35: 117 | AN35: ≤65 | AO35: Контроллер | AP35: Датчик температуры, датчик давления, защита от перегрузки по току, защита от перекоса фаз, защита от некорректного напряжения | AQ35: Измерения энергопотребления, включение/выключение по расписанию, управление инвертором (при его наличии); защита двигателя от обрыва фазы, перегрузки по току, дисбаланса тока, высокого и низкого напряжения. | AR35: На раме, в кожухе | AS35: прямой | AT35: Электрический | AU35: Винтовой | AV35: Маслозаполненный | AW35: Асинхронный | AX35: Дросселирование на всасывании + пуск-остановка | AY35: Звезда-треугольник (Y-△) | AZ35: Нет | BB35: 2200 | BG35: 380 В, 50 Гц | BH35: F | BI35: IE3 | BJ35: IP23 | BK35: 3х10 | BM35: 0.45 | BU35: В наличии | BV35: =VLOOKUP(A35,'[1]02. Электрические винтовые'!$G:$CD,76,0) -> 189321.31
A36: ЗИФ-00043945 | B36: ЗИФ-СВЭ-2,5/0,7 ШМ-R | C36: Компрессор ЗИФ 15 кВт, 2,5 м3/мин, 7 бар винтовой. ЗИФ-СВЭ-2,5/0,7 ШМ-R | D36: 2.48 | G36: 0 | H36: 7 | J36: 15 | P36: +1...+45 °С | Q36: 1020*640*1020 | R36: =LEFTB(Q36, FIND("*", Q36) - 1) -> 1020 | S36: =MID(Q36, FIND("*", Q36) + 1, FIND("*", Q36, FIND("*", Q36) + 1) - FIND("*", Q36) - 1) -> 640 | T36: =RIGHTB(Q36, LEN(Q36) - FIND("*", Q36, FIND("*", Q36) + 1)) -> 1020 | U36: =DC36 -> 0 | V36: В помещении | W36: G3/4 | Z36: 60 | AA36: 1000 | AB36: Воздушное | AD36: Похож на Atlas Copco GA 15 7,5 | AE36: Воздух | AF36: ≤3 | AG36: 105 | AH36: 6.5 | AJ36: +15 ℃ к t°C окр. среды | AK36: 10 | AM36: 117 | AN36: ≤65 | AO36: Контроллер | AP36: Датчик температуры, датчик давления, защита от перегрузки по току, защита от перекоса фаз, защита от некорректного напряжения | AQ36: Измерения энергопотребления, включение/выключение по расписанию, управление инвертором (при его наличии); защита двигателя от обрыва фазы, перегрузки по току, дисбаланса тока, высокого и низкого напряжения. | AR36: На раме, в кожухе | AS36: прямой | AT36: Электрический | AU36: Винтовой | AV36: Маслозаполненный | AW36: Асинхронный | AX36: Дросселирование на всасывании + пуск-остановка | AY36: Звезда-треугольник (Y-△) | AZ36: Нет | BB36: 3000 | BG36: 380 В, 50 Гц | BH36: F | BI36: IE3 | BJ36: IP23 | BK36: 3х10 | BM36: 0.45 | BU36: В наличии | BV36: =VLOOKUP(A36,'[1]02. Электрические винтовые'!$G:$CD,76,0) -> 201195.69
A37: ЗИФ-00046760 | B37: ЗИФ-СВЭ-2,4/0,8 ШМ-R | C37: Компрессор ЗИФ 15 кВт, 2,4 м3/мин, 8 бар винтовой. ЗИФ-СВЭ-2,4/0,8 ШМ-R | D37: 2.37 | G37: 0 | H37: 8 | J37: 15 | P37: +1...+45 °С | Q37: 1020*640*1020 | R37: =LEFTB(Q37, FIND("*", Q37) - 1) -> 1020 | S37: =MID(Q37, FIND("*", Q37) + 1, FIND("*", Q37, FIND("*", Q37) + 1) - FIND("*", Q37) - 1) -> 640 | T37: =RIGHTB(Q37, LEN(Q37) - FIND("*", Q37, FIND("*", Q37) + 1)) -> 1020 | U37: =DC37 -> 0 | V37: В помещении | W37: G3/4 | Z37: 60 | AA37: 1000 | AB37: Воздушное | AD37: Похож на Atlas Copco GA 7,5 7,5 | AE37: Воздух | AF37: ≤3 | AG37: 105 | AH37: 6.5 | AJ37: +15 ℃ к t°C окр. среды | AK37: 10 | AM37: 117 | AN37: ≤65 | AO37: Контроллер | AP37: Датчик температуры, датчик давления, защита от перегрузки по току, защита от перекоса фаз, защита от некорректного напряжения | AQ37: Измерения энергопотребления, включение/выключение по расписанию, управление инвертором (при его наличии); защита двигателя от обрыва фазы, перегрузки по току, дисбаланса тока, высокого и низкого напряжения. | AR37: На раме, в кожухе | AS37: прямой | AT37: Электрический | AU37: Винтовой | AV37: Маслозаполненный | AW37: Асинхронный | AX37: Дросселирование на всасывании + пуск-остановка | AY37: Звезда-треугольник (Y-△) | AZ37: Нет | BB37: 3000 | BG37: 380 В, 50 Гц | BH37: F | BI37: IE3 | BJ37: IP23 | BK37: 3х10 | BM37: 0.45 | BU37: В наличии | BV37: =VLOOKUP(A37,'[1]02. Электрические винтовые'!$G:$CD,76,0) -> 201195.69
A38: ЗИФ-00043946 | B38: ЗИФ-СВЭ-2,3/1,0 ШМ-R | C38: Компрессор ЗИФ 15 кВт, 2,3 м3/мин, 10 бар винтовой. ЗИФ-СВЭ-2,3/1,0 ШМ-R | D38: 2.15 | G38: 0 | H38: 10 | J38: 15 | P38: +1...+45 °С | Q38: 1020*640*1020 | R38: =LEFTB(Q38, FIND("*", Q38) - 1) -> 1020 | S38: =MID(Q38, FIND("*", Q38) + 1, FIND("*", Q38, FIND("*", Q38) + 1) - FIND("*", Q38) - 1) -> 640 | T38: =RIGHTB(Q38, LEN(Q38) - FIND("*", Q38, FIND("*", Q38) + 1)) -> 1020 | U38: =DC38 -> 0 | V38: В помещении | W38: G3/4 | Z38: 60 | AA38: 1000 | AB38: Воздушное | AD38: Похож на Atlas Copco GA 15 10 | AE38: Воздух | AF38: ≤3 | AG38: 105 | AH38: 6.5 | AJ38: +15 ℃ к t°C окр. среды | AK38: 10 | AM38: 117 | AN38: ≤65 | AO38: Контроллер | AP38: Датчик температуры, датчик давления, защита от перегрузки по току, защита от перекоса фаз, защита от некорректного напряжения | AQ38: Измерения энергопотребления, включение/выключение по расписанию, управление инвертором (при его наличии); защита двигателя от обрыва фазы, перегрузки по току, дисбаланса тока, высокого и низкого напряжения. | AR38: На раме, в кожухе | AS38: прямой | AT38: Электрический | AU38: Винтовой | AV38: Маслозаполненный | AW38: Асинхронный | AX38: Дросселирование на всасывании + пуск-остановка | AY38: Звезда-треугольник (Y-△) | AZ38: Нет | BB38: 3000 | BG38: 380 В, 50 Гц | BH38: F | BI38: IE3 | BJ38: IP23 | BK38: 3х10 | BM38: 0.45 | BU38: В наличии | BV38: =VLOOKUP(A38,'[1]02. Электрические винтовые'!$G:$CD,76,0) -> 201195.69
A39: ЗИФ-00043947 | B39: ЗИФ-СВЭ-3/0,7 ШМ-R | C39: Компрессор ЗИФ 18,5 кВт, 3 м3/мин, 7 бар винтовой. ЗИФ-СВЭ-3/0,7 ШМ-R | D39: 2.88 | G39: 0 | H39: 7 | J39: 18.5 | P39: +1...+45 °С | Q39: 1100*670*1130 | R39: =LEFTB(Q39, FIND("*", Q39) - 1) -> 1100 | S39: =MID(Q39, FIND("*", Q39) + 1, FIND("*", Q39, FIND("*", Q39) + 1) - FIND("*", Q39) - 1) -> 670 | T39: =RIGHTB(Q39, LEN(Q39) - FIND("*", Q39, FIND("*", Q39) + 1)) -> 1130 | U39: =DC39 -> 0 | V39: В помещении | W39: G1 1/4 | Z39: 60 | AA39: 1000 | AB39: Воздушное | AD39: Похож на Atlas Copco GA 18 7,5 | AE39: Воздух | AF39: ≤3 | AG39: 105 | AH39: 6.5 | AJ39: +15 ℃ к t°C окр. среды | AK39: 16 | AM39: 117 | AN39: ≤75 | AO39: Контроллер | AP39: Датчик температуры, датчик давления, защита от перегрузки по току, защита от перекоса фаз, защита от некорректного напряжения | AQ39: Измерения энергопотребления, включение/выключение по расписанию, управление инвертором (при его наличии); защита двигателя от обрыва фазы, перегрузки по току, дисбаланса тока, высокого и низкого напряжения. | AR39: На раме, в кожухе | AS39: прямой | AT39: Электрический | AU39: Винтовой | AV39: Маслозаполненный | AW39: Асинхронный | AX39: Дросселирование на всасывании + пуск-остановка | AY39: Звезда-треугольник (Y-△) | AZ39: Нет | BB39: 3000 | BG39: 380 В, 50 Гц | BH39: F | BI39: IE3 | BJ39: IP23 | BK39: 3х16 | BM39: 0.45 | BU39: В наличии | BV39: =VLOOKUP(A39,'[1]02. Электрические винтовые'!$G:$CD,76,0) -> 294853.19
A40: ЗИФ-00046761 | B40: ЗИФ-СВЭ-2,9/0,8 ШМ-R | C40: Компрессор ЗИФ 18,5 кВт, 2,9 м3/мин, 8 бар винтовой. ЗИФ-СВЭ-2,9/0,8 ШМ-R | D40: 2.87 | G40: 0 | H40: 8 | J40: 18.5 | P40: +1...+45 °С | Q40: 1100*670*1130 | R40: =LEFTB(Q40, FIND("*", Q40) - 1) -> 1100 | S40: =MID(Q40, FIND("*", Q40) + 1, FIND("*", Q40, FIND("*", Q40) + 1) - FIND("*", Q40) - 1) -> 670 | T40: =RIGHTB(Q40, LEN(Q40) - FIND("*", Q40, FIND("*", Q40) + 1)) -> 1130 | U40: =DC40 -> 0 | V40: В помещении | W40: G1 1/4 | Z40: 60 | AA40: 1000 | AB40: Воздушное | AD40: Похож на Atlas Copco GA 18 7,5 | AE40: Воздух | AF40: ≤3 | AG40: 105 | AH40: 6.5 | AJ40: +15 ℃ к t°C окр. среды | AK40: 16 | AM40: 117 | AN40: ≤75 | AO40: Контроллер | AP40: Датчик температуры, датчик давления, защита от перегрузки по току, защита от перекоса фаз, защита от некорректного напряжения | AQ40: Измерения энергопотребления, включение/выключение по расписанию, управление инвертором (при его наличии); защита двигателя от обрыва фазы, перегрузки по току, дисбаланса тока, высокого и низкого напряжения. | AR40: На раме, в кожухе | AS40: прямой | AT40: Электрический | AU40: Винтовой | AV40: Маслозаполненный | AW40: Асинхронный | AX40: Дросселирование на всасывании + пуск-остановка | AY40: Звезда-треугольник (Y-△) | AZ40: Нет | BB40: 3000 | BG40: 380 В, 50 Гц | BH40: F | BI40: IE3 | BJ40: IP23 | BK40: 3х16 | BM40: 0.45 | BU40: В наличии | BV40: =VLOOKUP(A40,'[1]02. Электрические винтовые'!$G:$CD,76,0) -> 294853.19
A41: ЗИФ-00043948 | B41: ЗИФ-СВЭ-2,5/1,0 ШМ-R | C41: Компрессор ЗИФ 18,5 кВт, 2,5 м3/мин, 10 бар винтовой. ЗИФ-СВЭ-2,5/1,0 ШМ-R | D41: 2.85 | G41: 0 | H41: 10 | J41: 18.5 | P41: +1...+45 °С | Q41: 1100*670*1130 | R41: =LEFTB(Q41, FIND("*", Q41) - 1) -> 1100 | S41: =MID(Q41, FIND("*", Q41) + 1, FIND("*", Q41, FIND("*", Q41) + 1) - FIND("*", Q41) - 1) -> 670 | T41: =RIGHTB(Q41, LEN(Q41) - FIND("*", Q41, FIND("*", Q41) + 1)) -> 1130 | U41: =DC41 -> 0 | V41: В помещении | W41: G1 1/4 | Z41: 60 | AA41: 1000 | AB41: Воздушное | AD41: Похож на Atlas Copco GA 18 10 | AE41: Воздух | AF41: ≤3 | AG41: 105 | AH41: 6.5 | AJ41: +15 ℃ к t°C окр. среды | AK41: 16 | AM41: 117 | AN41: ≤75 | AO41: Контроллер | AP41: Датчик температуры, датчик давления, защита от перегрузки по току, защита от перекоса фаз, защита от некорректного напряжения | AQ41: Измерения энергопотребления, включение/выключение по расписанию, управление инвертором (при его наличии); защита двигателя от обрыва фазы, перегрузки по току, дисбаланса тока, высокого и низкого напряжения. | AR41: На раме, в кожухе | AS41: прямой | AT41: Электрический | AU41: Винтовой | AV41: Маслозаполненный | AW41: Асинхронный | AX41: Дросселирование на всасывании + пуск-остановка | AY41: Звезда-треугольник (Y-△) | AZ41: Нет | BB41: 3000 | BG41: 380 В, 50 Гц | BH41: F | BI41: IE3 | BJ41: IP23 | BK41: 3х16 | BM41: 0.45 | BU41: В наличии | BV41: =VLOOKUP(A41,'[1]02. Электрические винтовые'!$G:$CD,76,0) -> 294853.19
... A50: ЗИФ-00043954 | B50: ЗИФ-СВЭ-6/1,0 ШМ-R | C50: Компрессор ЗИФ 37 кВт, 6 м3/мин, 10 бар винтовой. ЗИФ-СВЭ-6/1,0 ШМ-R | D50: 5.62 | G50: 0 | H50: 10 | J50: 37 | P50: +1...+45 °С | Q50: 1220*850*1240 | R50: =LEFTB(Q50, FIND("*", Q50) - 1) -> 1220 | S50: =MID(Q50, FIND("*", Q50) + 1, FIND("*", Q50, FIND("*", Q50) + 1) - FIND("*", Q50) - 1) -> 850 | T50: =RIGHTB(Q50, LEN(Q50) - FIND("*", Q50, FIND("*", Q50) + 1)) -> 1240 | U50: =DC50 -> 0 | V50: В помещении | W50: G1 1/2 | Z50: 60 | AA50: 1000 | AB50: Воздушное | AD50: Похож на Atlas Copco GA 37 10 | AE50: Воздух | AF50: ≤3 | AG50: 105 | AH50: 6.5 | AJ50: +15 ℃ к t°C окр. среды | AK50: 18 | AM50: 127 | AN50: ≤75 | AO50: Контроллер | AP50: Датчик температуры, датчик давления, защита от перегрузки по току, защита от перекоса фаз, защита от некорректного напряжения | AQ50: Измерения энергопотребления, включение/выключение по расписанию, управление инвертором (при его наличии); защита двигателя от обрыва фазы, перегрузки по току, дисбаланса тока, высокого и низкого напряжения. | AR50: На раме, в кожухе | AS50: прямой | AT50: Электрический | AU50: Винтовой | AV50: Маслозаполненный | AW50: Асинхронный | AX50: Дросселирование на всасывании + пуск-остановка | AY50: Звезда-треугольник (Y-△) | AZ50: Нет | BB50: 3000 | BG50: 380 В, 50 Гц | BH50: F | BI50: IE3 | BJ50: IP23 | BK50: 3х35 | BM50: 0.86 | BU50: В наличии | BV50: =VLOOKUP(A50,'[1]02. Электрические винтовые'!$G:$CD,76,0) -> 377721.21
A51: ЗИФ-00043955 | B51: ЗИФ-СВЭ-7,5/0,7 ШМ-R | C51: Компрессор ЗИФ 45 кВт, 7,5 м3/мин, 7 бар винтовой. ЗИФ-СВЭ-7,5/0,7 ШМ-R | D51: 7.71 | G51: 0 | H51: 7 | J51: 45 | P51: +1...+45 °С | Q51: 1300*1000*1334 | R51: =LEFTB(Q51, FIND("*", Q51) - 1) -> 1300 | S51: =MID(Q51, FIND("*", Q51) + 1, FIND("*", Q51, FIND("*", Q51) + 1) - FIND("*", Q51) - 1) -> 1000 | T51: =RIGHTB(Q51, LEN(Q51) - FIND("*", Q51, FIND("*", Q51) + 1)) -> 1334 | U51: =DC51 -> 0 | V51: В помещении | W51: G1 1/2 | Z51: 60 | AA51: 1000 | AB51: Воздушное | AD51: Похож на Atlas Copco GA 45 7,5 | AE51: Воздух | AF51: ≤3 | AG51: 105 | AH51: 6.5 | AJ51: +15 ℃ к t°C окр. среды | AK51: 16 | AN51: ≤78 | AO51: Контроллер | AP51: Датчик температуры, датчик давления, защита от перегрузки по току, защита от перекоса фаз, защита от некорректного напряжения | AQ51: Измерения энергопотребления, включение/выключение по расписанию, управление инвертором (при его наличии); защита двигателя от обрыва фазы, перегрузки по току, дисбаланса тока, высокого и низкого напряжения. | AR51: На раме, в кожухе | AS51: прямой | AT51: Электрический | AU51: Винтовой | AV51: Маслозаполненный | AW51: Асинхронный | AX51: Дросселирование на всасывании + пуск-остановка | AY51: Звезда-треугольник (Y-△) | AZ51: Нет | BB51: 3000 | BG51: 380 В, 50 Гц | BH51: F | BI51: IE3 | BJ51: IP55 | BK51: 3х35 | BM51: 0.86 | BU51: В наличии | BV51: =VLOOKUP(A51,'[1]02. Электрические винтовые'!$G:$CD,76,0) -> 473667.39
A52: ЗИФ-00046765 | B52: ЗИФ-СВЭ-7,4/0,8 ШМ-R | C52: Компрессор ЗИФ 45 кВт, 7,4 м3/мин, 8 бар винтовой.ЗИФ-СВЭ-7,4/0,8 ШМ-R | D52: 7.35 | G52: 0 | H52: 8 | J52: 45 | P52: +1...+45 °С | Q52: 1300*1000*1334 | R52: =LEFTB(Q52, FIND("*", Q52) - 1) -> 1300 | S52: =MID(Q52, FIND("*", Q52) + 1, FIND("*", Q52, FIND("*", Q52) + 1) - FIND("*", Q52) - 1) -> 1000 | T52: =RIGHTB(Q52, LEN(Q52) - FIND("*", Q52, FIND("*", Q52) + 1)) -> 1334 | U52: =DC52 -> 0 | V52: В помещении | W52: G1 1/2 | Z52: 60 | AA52: 1000 | AB52: Воздушное | AD52: Похож на Atlas Copco GA 45 7,5 | AE52: Воздух | AF52: ≤3 | AG52: 105 | AH52: 6.5 | AJ52: +15 ℃ к t°C окр. среды | AK52: 16 | AN52: ≤78 | AO52: Контроллер | AP52: Датчик температуры, датчик давления, защита от перегрузки по току, защита от перекоса фаз, защита от некорректного напряжения | AQ52: Измерения энергопотребления, включение/выключение по расписанию, управление инвертором (при его наличии); защита двигателя от обрыва фазы, перегрузки по току, дисбаланса тока, высокого и низкого напряжения. | AR52: На раме, в кожухе | AS52: прямой | AT52: Электрический | AU52: Винтовой | AV52: Маслозаполненный | AW52: Асинхронный | AX52: Дросселирование на всасывании + пуск-остановка | AY52: Звезда-треугольник (Y-△) | AZ52: Нет | BB52: 3000 | BG52: 380 В, 50 Гц | BH52: F | BI52: IE3 | BJ52: IP55 | BK52: 3х35 | BM52: 0.86 | BU52: В наличии | BV52: =VLOOKUP(A52,'[1]02. Электрические винтовые'!$G:$CD,76,0) -> 473667.39
A53: ЗИФ-00043956 | B53: ЗИФ-СВЭ-6,5/1,0 ШМ-R | C53: Компрессор ЗИФ 45 кВт, 6,5 м3/мин, 10 бар винтовой. ЗИФ-СВЭ-6,5/1,0 ШМ-R | D53: 6.67 | G53: 0 | H53: 10 | J53: 45 | P53: +1...+45 °С | Q53: 1300*1000*1334 | R53: =LEFTB(Q53, FIND("*", Q53) - 1) -> 1300 | S53: =MID(Q53, FIND("*", Q53) + 1, FIND("*", Q53, FIND("*", Q53) + 1) - FIND("*", Q53) - 1) -> 1000 | T53: =RIGHTB(Q53, LEN(Q53) - FIND("*", Q53, FIND("*", Q53) + 1)) -> 1334 | U53: =DC53 -> 0 | V53: В помещении | W53: G1 1/2 | Z53: 60 | AA53: 1000 | AB53: Воздушное | AD53: Похож на Atlas Copco GA 45 10 | AE53: Воздух | AF53: ≤3 | AG53: 105 | AH53: 6.5 | AJ53: +15 ℃ к t°C окр. среды | AK53: 16 | AN53: ≤78 | AO53: Контроллер | AP53: Датчик температуры, датчик давления, защита от перегрузки по току, защита от перекоса фаз, защита от некорректного напряжения | AQ53: Измерения энергопотребления, включение/выключение по расписанию, управление инвертором (при его наличии); защита двигателя от обрыва фазы, перегрузки по току, дисбаланса тока, высокого и низкого напряжения. | AR53: На раме, в кожухе | AS53: прямой | AT53: Электрический | AU53: Винтовой | AV53: Маслозаполненный | AW53: Асинхронный | AX53: Дросселирование на всасывании + пуск-остановка | AY53: Звезда-треугольник (Y-△) | AZ53: Нет | BB53: 3000 | BG53: 380 В, 50 Гц | BH53: F | BI53: IE3 | BJ53: IP55 | BK53: 3х35 | BM53: 0.86 | BU53: В наличии | BV53: =VLOOKUP(A53,'[1]02. Электрические винтовые'!$G:$CD,76,0) -> 473667.39
A54: ЗИФ-00043957 | B54: ЗИФ-СВЭ-9,5/0,7 ШМ-R | C54: Компрессор ЗИФ 55 кВт, 9,5 м3/мин, 7 бар винтовой. ЗИФ-СВЭ-9,5/0,7 ШМ-R | D54: 10.14 | G54: 0 | H54: 7 | J54: 55 | P54: +1...+45 °С | Q54: 1600*1300*1580 | R54: =LEFTB(Q54, FIND("*", Q54) - 1) -> 1600 | S54: =MID(Q54, FIND("*", Q54) + 1, FIND("*", Q54, FIND("*", Q54) + 1) - FIND("*", Q54) - 1) -> 1300 | T54: =RIGHTB(Q54, LEN(Q54) - FIND("*", Q54, FIND("*", Q54) + 1)) -> 1580 | U54: =DC54 -> 0 | V54: В помещении | W54: G2 | Z54: 60 | AA54: 1000 | AB54: Воздушное | AD54: Похож на Atlas Copco GA 55 7,5 | AE54: Воздух | AF54: ≤3 | AG54: 105 | AH54: 6.5 | AJ54: +15 ℃ к t°C окр. среды | AK54: 52 | AN54: ≤78 | AO54: Контроллер | AP54: Датчик температуры, датчик давления, защита от перегрузки по току, защита от перекоса фаз, защита от некорректного напряжения | AQ54: Измерения энергопотребления, включение/выключение по расписанию, управление инвертором (при его наличии); защита двигателя от обрыва фазы, перегрузки по току, дисбаланса тока, высокого и низкого напряжения. | AR54: На раме, в кожухе | AS54: прямой | AT54: Электрический | AU54: Винтовой | AV54: Маслозаполненный | AW54: Асинхронный | AX54: Дросселирование на всасывании + пуск-остановка | AY54: Звезда-треугольник (Y-△) | AZ54: Нет | BB54: 3000 | BG54: 380 В, 50 Гц | BH54: F | BI54: IE3 | BJ54: IP23 | BK54: 3х50 | BM54: 1.2 | BU54: В наличии | BV54: =VLOOKUP(A54,'[1]02. Электрические винтовые'!$G:$CD,76,0) -> 662067.28
A55: ЗИФ-00046766 | B55: ЗИФ-СВЭ-9,4/0,8 ШМ-R | C55: Компрессор ЗИФ 55 кВт, 9,4 м3/мин, 8 бар винтовой. ЗИФ-СВЭ-9,4/0,8 ШМ-R | D55: 9.66 | G55: 0 | H55: 8 | J55: 55 | P55: +1...+45 °С | Q55: 1600*1300*1580 | R55: =LEFTB(Q55, FIND("*", Q55) - 1) -> 1600 | S55: =MID(Q55, FIND("*", Q55) + 1, FIND("*", Q55, FIND("*", Q55) + 1) - FIND("*", Q55) - 1) -> 1300 | T55: =RIGHTB(Q55, LEN(Q55) - FIND("*", Q55, FIND("*", Q55) + 1)) -> 1580 | U55: =DC55 -> 0 | V55: В помещении | W55: G2 | Z55: 60 | AA55: 1000 | AB55: Воздушное | AD55: Похож на Atlas Copco GA 55 7,5 | AE55: Воздух | AF55: ≤3 | AG55: 105 | AH55: 6.5 | AJ55: +15 ℃ к t°C окр. среды | AK55: 52 | AN55: ≤78 | AO55: Контроллер | AP55: Датчик температуры, датчик давления, защита от перегрузки по току, защита от перекоса фаз, защита от некорректного напряжения | AQ55: Измерения энергопотребления, включение/выключение по расписанию, управление инвертором (при его наличии); защита двигателя от обрыва фазы, перегрузки по току, дисбаланса тока, высокого и низкого напряжения. | AR55: На раме, в кожухе | AS55: прямой | AT55: Электрический | AU55: Винтовой | AV55: Маслозаполненный | AW55: Асинхронный | AX55: Дросселирование на всасывании + пуск-остановка | AY55: Звезда-треугольник (Y-△) | AZ55: Нет | BB55: 3000 | BG55: 380 В, 50 Гц | BH55: F | BI55: IE3 | BJ55: IP23 | BK55: 3х50 | BM55: 1.2 | BU55: В наличии | BV55: =VLOOKUP(A55,'[1]02. Электрические винтовые'!$G:$CD,76,0) -> 662067.28
A56: ЗИФ-00043958 | B56: ЗИФ-СВЭ-8,5/1,0 ШМ-R | C56: Компрессор ЗИФ 55 кВт, 8,5 м3/мин, 10 бар винтовой.ЗИФ-СВЭ-8,5/1,0 ШМ-R | D56: 8.77 | G56: 0 | H56: 10 | J56: 55 | P56: +1...+45 °С | Q56: 1600*1300*1580 | R56: =LEFTB(Q56, FIND("*", Q56) - 1) -> 1600 | S56: =MID(Q56, FIND("*", Q56) + 1, FIND("*", Q56, FIND("*", Q56) + 1) - FIND("*", Q56) - 1) -> 1300 | T56: =RIGHTB(Q56, LEN(Q56) - FIND("*", Q56, FIND("*", Q56) + 1)) -> 1580 | U56: =DC56 -> 0 | V56: В помещении | W56: G2 | Z56: 60 | AA56: 1000 | AB56: Воздушное | AD56: Похож на Atlas Copco GA 55 8,5 | AE56: Воздух | AF56: ≤3 | AG56: 105 | AH56: 6.5 | AJ56: +15 ℃ к t°C окр. среды | AK56: 52 | AN56: ≤78 | AO56: Контроллер | AP56: Датчик температуры, датчик давления, защита от перегрузки по току, защита от перекоса фаз, защита от некорректного напряжения | AQ56: Измерения энергопотребления, включение/выключение по расписанию, управление инвертором (при его наличии); защита двигателя от обрыва фазы, перегрузки по току, дисбаланса тока, высокого и низкого напряжения. | AR56: На раме, в кожухе | AS56: прямой | AT56: Электрический | AU56: Винтовой | AV56: Маслозаполненный | AW56: Асинхронный | AX56: Дросселирование на всасывании + пуск-остановка | AY56: Звезда-треугольник (Y-△) | AZ56: Нет | BB56: 3000 | BG56: 380 В, 50 Гц | BH56: F | BI56: IE3 | BJ56: IP23 | BK56: 3х50 | BM56: 1.2 | BU56: В наличии | BV56: =VLOOKUP(A56,'[1]02. Электрические винтовые'!$G:$CD,76,0) -> 662067.28
A57: ЗИФ-00043959 | B57: ЗИФ-СВЭ-12/0,7 ШМ-R | C57: Компрессор ЗИФ 75 кВт, 12 м3/мин, 7 бар винтовой. ЗИФ-СВЭ-12/0,7 ШМ-R | D57: 12.78 | G57: 0 | H57: 7 | J57: 75 | P57: +1...+45 °С | Q57: 1600*1300*1630 | R57: =LEFTB(Q57, FIND("*", Q57) - 1) -> 1600 | S57: =MID(Q57, FIND("*", Q57) + 1, FIND("*", Q57, FIND("*", Q57) + 1) - FIND("*", Q57) - 1) -> 1300 | T57: =RIGHTB(Q57, LEN(Q57) - FIND("*", Q57, FIND("*", Q57) + 1)) -> 1630 | U57: 1300 | V57: В помещении | W57: G2 | Z57: 60 | AA57: 1000 | AB57: Воздушное | AD57: Похож на Atlas Copco GA 75 7,5 | AE57: Воздух | AF57: ≤3 | AG57: 105 | AH57: 6.5 | AJ57: +15 ℃ к t°C окр. среды | AK57: 52 | AM57: 254 | AN57: ≤78 | AO57: Контроллер | AP57: Датчик температуры, датчик давления, защита от перегрузки по току, защита от перекоса фаз, защита от некорректного напряжения | AQ57: Измерения энергопотребления, включение/выключение по расписанию, управление инвертором (при его наличии); защита двигателя от обрыва фазы, перегрузки по току, дисбаланса тока, высокого и низкого напряжения. | AR57: На раме, в кожухе | AS57: прямой | AT57: Электрический | AU57: Винтовой | AV57: Маслозаполненный | AW57: Асинхронный | AX57: Дросселирование на всасывании + пуск-остановка | AY57: Звезда-треугольник (Y-△) | AZ57: Нет | BB57: 3000 | BG57: 380 В, 50 Гц | BH57: F | BI57: IE3 | BJ57: IP23 | BK57: 3х70 | BM57: 1.2 | BU57: В наличии | BV57: =VLOOKUP(A57,'[1]02. Электрические винтовые'!$G:$CD,76,0) -> 749007.36
A58: ЗИФ-00046767 | B58: ЗИФ-СВЭ-11,9/0,8 ШМ-R | C58: Компрессор ЗИФ 75 кВт, 11,9 м3/мин, 8 бар винтовой. ЗИФ-СВЭ-12/0,7 ШМ-R | D58: 12.18 | G58: 0 | H58: 8 | J58: 75 | P58: +1...+45 °С | Q58: 1600*1300*1630 | R58: =LEFTB(Q58, FIND("*", Q58) - 1) -> 1600 | S58: =MID(Q58, FIND("*", Q58) + 1, FIND("*", Q58, FIND("*", Q58) + 1) - FIND("*", Q58) - 1) -> 1300 | T58: =RIGHTB(Q58, LEN(Q58) - FIND("*", Q58, FIND("*", Q58) + 1)) -> 1630 | U58: 1300 | V58: В помещении | W58: G2 | Z58: 60 | AA58: 1000 | AB58: Воздушное | AD58: Похож на Atlas Copco GA 75 7,5 | AE58: Воздух | AF58: ≤3 | AG58: 105 | AH58: 6.5 | AJ58: +15 ℃ к t°C окр. среды | AK58: 52 | AM58: 254 | AN58: ≤78 | AO58: Контроллер | AP58: Датчик температуры, датчик давления, защита от перегрузки по току, защита от перекоса фаз, защита от некорректного напряжения | AQ58: Измерения энергопотребления, включение/выключение по расписанию, управление инвертором (при его наличии); защита двигателя от обрыва фазы, перегрузки по току, дисбаланса тока, высокого и низкого напряжения. | AR58: На раме, в кожухе | AS58: прямой | AT58: Электрический | AU58: Винтовой | AV58: Маслозаполненный | AW58: Асинхронный | AX58: Дросселирование на всасывании + пуск-остановка | AY58: Звезда-треугольник (Y-△) | AZ58: Нет | BB58: 3000 | BG58: 380 В, 50 Гц | BH58: F | BI58: IE3 | BJ58: IP23 | BK58: 3х70 | BM58: 1.2 | BU58: В наличии | BV58: =VLOOKUP(A58,'[1]02. Электрические винтовые'!$G:$CD,76,0) -> 749007.36
A59: ЗИФ-00043960 | B59: ЗИФ-СВЭ-11/1,0 ШМ-R | C59: Компрессор ЗИФ 75 кВт, 11 м3/мин, 10 бар винтовой. ЗИФ-СВЭ-11/1,0 ШМ-R | D59: 11.07 | G59: 0 | H59: 10 | J59: 75 | P59: +1...+45 °С | Q59: 1600*1300*1630 | R59: =LEFTB(Q59, FIND("*", Q59) - 1) -> 1600 | S59: =MID(Q59, FIND("*", Q59) + 1, FIND("*", Q59, FIND("*", Q59) + 1) - FIND("*", Q59) - 1) -> 1300 | T59: =RIGHTB(Q59, LEN(Q59) - FIND("*", Q59, FIND("*", Q59) + 1)) -> 1630 | U59: 1300 | V59: В помещении | W59: G2 | Z59: 60 | AA59: 1000 | AB59: Воздушное | AD59: Похож на Atlas Copco GA 75 10 | AE59: Воздух | AF59: ≤3 | AG59: 105 | AH59: 6.5 | AJ59: +15 ℃ к t°C окр. среды | AK59: 52 | AM59: 254 | AN59: ≤78 | AO59: Контроллер | AP59: Датчик температуры, датчик давления, защита от перегрузки по току, защита от перекоса фаз, защита от некорректного напряжения | AQ59: Измерения энергопотребления, включение/выключение по расписанию, управление инвертором (при его наличии); защита двигателя от обрыва фазы, перегрузки по току, дисбаланса тока, высокого и низкого напряжения. | AR59: На раме, в кожухе | AS59: прямой | AT59: Электрический | AU59: Винтовой | AV59: Маслозаполненный | AW59: Асинхронный | AX59: Дросселирование на всасывании + пуск-остановка | AY59: Звезда-треугольник (Y-△) | AZ59: Нет | BB59: 3000 | BG59: 380 В, 50 Гц | BH59: F | BI59: IE3 | BJ59: IP23 | BK59: 3х70 | BM59: 1.2 | BU59: В наличии | BV59: =VLOOKUP(A59,'[1]02. Электрические винтовые'!$G:$CD,76,0) -> 749007.36
A60: ЗИФ-00043961 | B60: ЗИФ-СВЭ-10/1,3 ШМ-R | C60: Компрессор ЗИФ 75 кВт, 10 м3/мин, 13 бар винтовой. ЗИФ-СВЭ-10/1,3 ШМ-R | D60: 8.77 | G60: 0 | H60: 13 | J60: 75 | P60: +1...+45 °С | Q60: 1800*1200*1600 | R60: =LEFTB(Q60, FIND("*", Q60) - 1) -> 1800 | S60: =MID(Q60, FIND("*", Q60) + 1, FIND("*", Q60, FIND("*", Q60) + 1) - FIND("*", Q60) - 1) -> 1200 | T60: =RIGHTB(Q60, LEN(Q60) - FIND("*", Q60, FIND("*", Q60) + 1)) -> 1600 | U60: =DC60 -> 0 | V60: В помещении | W60: DN50 | Z60: 80 | AA60: 2000 | AB60: Воздушное | AD60: Похож на Atlas Copco GA 75 13 | AE60: Воздух | AF60: ≤3 | AG60: 105 | AH60: 6.5 | AJ60: +15 ℃ к t°C окр. среды | AK60: 40 | AM60: 180 | AN60: ≤78 | AO60: Контроллер | AP60: Датчик температуры, датчик давления, защита от перегрузки по току, защита от перекоса фаз, защита от некорректного напряжения | AQ60: Измерения энергопотребления, включение/выключение по расписанию, управление инвертором (при его наличии); защита двигателя от обрыва фазы, перегрузки по току, дисбаланса тока, высокого и низкого напряжения. | AR60: На раме, в кожухе | AS60: прямой | AT60: Электрический | AU60: Винтовой | AV60: Маслозаполненный | AW60: Синхронный на постоянных магнитах | AX60: Частотное (ЧРП) | AY60: Плавный пуск через ЧРП | AZ60: Да | BB60: 3000 | BG60: 380 В, 50 Гц | BH60: F | BI60: IE3 | BJ60: IP23 | BK60: 3х70 | BM60: 2.2 | BU60: 64 р. д. | BV60: =VLOOKUP(A60,'[1]02. Электрические винтовые'!$G:$CD,76,0) -> 1108151.6
A61: 02.01.02. Электрические компрессоры 90 - 355 кВт
A62: ЗИФ-00043762 | B62: ЗИФ-СВЭ-15/0,7 ШМ-R | C62: Компрессор ЗИФ 90 кВт, 15 м3/мин, 7 бар винтовой. ЗИФ-СВЭ-15/0,7 ШМ-R | D62: 15.1 | G62: 0 | H62: 7 | J62: 90 | P62: +1...+45 °С | Q62: 1800*1350*1700 | R62: =LEFTB(Q62, FIND("*", Q62) - 1) -> 1800 | S62: =MID(Q62, FIND("*", Q62) + 1, FIND("*", Q62, FIND("*", Q62) + 1) - FIND("*", Q62) - 1) -> 1350 | T62: =RIGHTB(Q62, LEN(Q62) - FIND("*", Q62, FIND("*", Q62) + 1)) -> 1700 | U62: =DC62 -> 0 | V62: В помещении | W62: DN65 | Z62: 80 | AA62: 2000 | AB62: Воздушное | AD62: Похож на Atlas Copco GA 90-7,5 | AE62: Воздух | AF62: ≤3 | AG62: 105 | AH62: 6.5 | AJ62: +15 ℃ к t°C окр. среды | AK62: 70 | AM62: 250 | AN62: ≤80 | AO62: Контроллер | AP62: Датчик температуры, датчик давления, защита от перегрузки по току, защита от перекоса фаз, защита от некорректного напряжения | AQ62: Измерения энергопотребления, включение/выключение по расписанию, управление инвертором (при его наличии); защита двигателя от обрыва фазы, перегрузки по току, дисбаланса тока, высокого и низкого напряжения. | AR62: На раме, в кожухе | AS62: прямой | AT62: Электрический | AU62: Винтовой | AV62: Маслозаполненный | AW62: Асинхронный | AX62: Дросселирование на всасывании + пуск-остановка | AY62: Звезда-треугольник (Y-△) | AZ62: Нет | BB62: 2975 | BG62: 380 В, 50 Гц | BH62: F | BI62: IE3 | BJ62: IP54 | BK62: 3х90 | BM62: 3 | BU62: 64 р. д. | BV62: =VLOOKUP(A62,'[1]02. Электрические винтовые'!$G:$CD,76,0) -> 1378007.7
A63: ЗИФ-00043962 | B63: ЗИФ-СВЭ-13/1,0 ШМ-R | C63: Компрессор ЗИФ 90 кВт, 13 м3/мин, 10 бар винтовой. ЗИФ-СВЭ-13/1,0 ШМ-R | D63: 13.5 | G63: 0 | H63: 10 | J63: 90 | P63: +1...+45 °С | Q63: 1800*1350*1700 | R63: =LEFTB(Q63, FIND("*", Q63) - 1) -> 1800 | S63: =MID(Q63, FIND("*", Q63) + 1, FIND("*", Q63, FIND("*", Q63) + 1) - FIND("*", Q63) - 1) -> 1350 | T63: =RIGHTB(Q63, LEN(Q63) - FIND("*", Q63, FIND("*", Q63) + 1)) -> 1700 | U63: =DC63 -> 0 | V63: В помещении | W63: DN65 | Z63: 80 | AA63: 2000 | AB63: Воздушное | AD63: Похож на Atlas Copco GA 90-10 | AE63: Воздух | AF63: ≤3 | AG63: 105 | AH63: 6.5 | AJ63: +15 ℃ к t°C окр. среды | AK63: 70 | AM63: 250 | AN63: ≤80 | AO63: Контроллер | AP63: Датчик температуры, датчик давления, защита от перегрузки по току, защита от перекоса фаз, защита от некорректного напряжения | AQ63: Измерения энергопотребления, включение/выключение по расписанию, управление инвертором (при его наличии); защита двигателя от обрыва фазы, перегрузки по току, дисбаланса тока, высокого и низкого напряжения. | AR63: На раме, в кожухе | AS63: прямой | AT63: Электрический | AU63: Винтовой | AV63: Маслозаполненный | AW63: Асинхронный | AX63: Дросселирование на всасывании + пуск-остановка | AY63: Звезда-треугольник (Y-△) | AZ63: Нет | BB63: 2975 | BG63: 380 В, 50 Гц | BH63: F | BI63: IE3 | BJ63: IP54 | BK63: 3х90 | BM63: 3 | BU63: 64 р. д. | BV63: =VLOOKUP(A63,'[1]02. Электрические винтовые'!$G:$CD,76,0) -> 1378007.7
A64: ЗИФ-00043963 | B64: ЗИФ-СВЭ-11/1,3 ШМ-R | C64: Компрессор ЗИФ 90 кВт, 11м3/мин, 13 бар винтовой. ЗИФ-СВЭ-11/1,3 ШМ-R | D64: 11.18 | G64: 0 | H64: 13 | J64: 90 | P64: +1...+45 °С | Q64: 1800*1350*1700 | R64: =LEFTB(Q64, FIND("*", Q64) - 1) -> 1800 | S64: =MID(Q64, FIND("*", Q64) + 1, FIND("*", Q64, FIND("*", Q64) + 1) - FIND("*", Q64) - 1) -> 1350 | T64: =RIGHTB(Q64, LEN(Q64) - FIND("*", Q64, FIND("*", Q64) + 1)) -> 1700 | U64: =DC64 -> 0 | V64: В помещении | W64: DN65 | Z64: 80 | AA64: 2000 | AB64: Воздушное | AD64: Похож на Atlas Copco GA 90-13 | AE64: Воздух | AF64: ≤3 | AG64: 105 | AH64: 6.5 | AJ64: +15 ℃ к t°C окр. среды | AK64: 70 | AM64: 250 | AN64: ≤80 | AO64: Контроллер | AP64: Датчик температуры, датчик давления, защита от перегрузки по току, защита от перекоса фаз, защита от некорректного напряжения | AQ64: Измерения энергопотребления, включение/выключение по расписанию, управление инвертором (при его наличии); защита двигателя от обрыва фазы, перегрузки по току, дисбаланса тока, высокого и низкого напряжения. | AR64: На раме, в кожухе | AS64: прямой | AT64: Электрический | AU64: Винтовой | AV64: Маслозаполненный | AW64: Асинхронный | AX64: Дросселирование на всасывании + пуск-остановка | AY64: Звезда-треугольник (Y-△) | AZ64: Нет | BB64: 2975 | BG64: 380 В, 50 Гц | BH64: F | BI64: IE3 | BJ64: IP54 | BK64: 3х90 | BM64: 3 | BU64: 64 р. д. | BV64: =VLOOKUP(A64,'[1]02. Электрические винтовые'!$G:$CD,76,0) -> 1740659.3
A65: ЗИФ-00043964 | B65: ЗИФ-СВЭ-21/0,7 ШМ-R | C65: Компрессор ЗИФ 110 кВт, 21 м3/мин, 7 бар винтовой. ЗИФ-СВЭ-21/0,7 ШМ-R | D65: 19.05 | G65: 0 | H65: 7 | J65: 110 | P65: +1...+45 °С | Q65: 2250*1500*1750 | R65: =LEFTB(Q65, FIND("*", Q65) - 1) -> 2250 | S65: =MID(Q65, FIND("*", Q65) + 1, FIND("*", Q65, FIND("*", Q65) + 1) - FIND("*", Q65) - 1) -> 1500 | T65: =RIGHTB(Q65, LEN(Q65) - FIND("*", Q65, FIND("*", Q65) + 1)) -> 1750 | U65: =DC65 -> 0 | V65: В помещении | W65: DN65 | Z65: 80 | AA65: 2000 | AB65: Воздушное | AD65: Похож на Atlas Copco GA 110-7,5 | AE65: Воздух | AF65: ≤3 | AG65: 105 | AH65: 6.5 | AJ65: +15 ℃ к t°C окр. среды | AK65: 110 | AM65: 250 | AN65: ≤80 | AO65: Контроллер | AP65: Датчик температуры, датчик давления, защита от перегрузки по току, защита от перекоса фаз, защита от некорректного напряжения | AQ65: Измерения энергопотребления, включение/выключение по расписанию, управление инвертором (при его наличии); защита двигателя от обрыва фазы, перегрузки по току, дисбаланса тока, высокого и низкого напряжения. | AR65: На раме, в кожухе | AS65: прямой | AT65: Электрический | AU65: Винтовой | AV65: Маслозаполненный | AW65: Асинхронный | AX65: Дросселирование на всасывании + пуск-остановка | AY65: Звезда-треугольник (Y-△) | AZ65: Нет | BB65: 2985 | BG65: 380 В, 50 Гц | BH65: F | BI65: IE3 | BJ65: IP54 | BK65: 3х120 | BM65: 3 | BU65: 64 р. д. | BV65: =VLOOKUP(A65,'[1]02. Электрические винтовые'!$G:$CD,76,0) -> 1672147.5
A66: ЗИФ-00043965 | B66: ЗИФ-СВЭ-17,5/1,0 ШМ-R | C66: Компрессор ЗИФ 110 кВт, 17,5 м3/мин, 10 бар винтовой. ЗИФ-СВЭ-17,5/1,0 ШМ-R | D66: 15.2 | G66: 0 | H66: 10 | J66: 110 | P66: +1...+45 °С | Q66: 2250*1500*1750 | R66: =LEFTB(Q66, FIND("*", Q66) - 1) -> 2250 | S66: =MID(Q66, FIND("*", Q66) + 1, FIND("*", Q66, FIND("*", Q66) + 1) - FIND("*", Q66) - 1) -> 1500 | T66: =RIGHTB(Q66, LEN(Q66) - FIND("*", Q66, FIND("*", Q66) + 1)) -> 1750 | U66: =DC66 -> 0 | V66: В помещении | W66: DN65 | Z66: 80 | AA66: 2000 | AB66: Воздушное | AD66: Похож на Atlas Copco GA 110-10 | AE66: Воздух | AF66: ≤3 | AG66: 105 | AH66: 6.5 | AJ66: +15 ℃ к t°C окр. среды | AK66: 110 | AM66: 250 | AN66: ≤80 | AO66: Контроллер | AP66: Датчик температуры, датчик давления, защита от перегрузки по току, защита от перекоса фаз, защита от некорректного напряжения | AQ66: Измерения энергопотребления, включение/выключение по расписанию, управление инвертором (при его наличии); защита двигателя от обрыва фазы, перегрузки по току, дисбаланса тока, высокого и низкого напряжения. | AR66: На раме, в кожухе | AS66: прямой | AT66: Электрический | AU66: Винтовой | AV66: Маслозаполненный | AW66: Асинхронный | AX66: Дросселирование на всасывании + пуск-остановка | AY66: Звезда-треугольник (Y-△) | AZ66: Нет | BB66: 2985 | BG66: 380 В, 50 Гц | BH66: F | BI66: IE3 | BJ66: IP54 | BK66: 3х120 | BM66: 3 | BU66: 64 р. д. | BV66: =VLOOKUP(A66,'[1]02. Электрические винтовые'!$G:$CD,76,0) -> 1672147.5
A67: ЗИФ-00043966 | B67: ЗИФ-СВЭ-15,1/1,3 ШМ-R | C67: Компрессор ЗИФ 110 кВт, 15,5 м3/мин, 13 бар винтовой. ЗИФ-СВЭ-15,1/1,3 ШМ-R | D67: 12.6 | G67: 0 | H67: 13 | J67: 110 | P67: +1...+45 °С | Q67: 2250*1500*1750 | R67: =LEFTB(Q67, FIND("*", Q67) - 1) -> 2250 | S67: =MID(Q67, FIND("*", Q67) + 1, FIND("*", Q67, FIND("*", Q67) + 1) - FIND("*", Q67) - 1) -> 1500 | T67: =RIGHTB(Q67, LEN(Q67) - FIND("*", Q67, FIND("*", Q67) + 1)) -> 1750 | U67: =DC67 -> 0 | V67: В помещении | W67: DN65 | Z67: 80 | AA67: 2000 | AB67: Воздушное | AD67: Похож на Atlas Copco GA 110-13 | AE67: Воздух | AF67: ≤3 | AG67: 105 | AH67: 6.5 | AJ67: +15 ℃ к t°C окр. среды | AK67: 110 | AM67: 250 | AN67: ≤80 | AO67: Контроллер | AP67: Датчик температуры, датчик давления, защита от перегрузки по току, защита от перекоса фаз, защита от некорректного напряжения | AQ67: Измерения энергопотребления, включение/выключение по расписанию, управление инвертором (при его наличии); защита двигателя от обрыва фазы, перегрузки по току, дисбаланса тока, высокого и низкого напряжения. | AR67: На раме, в кожухе | AS67: прямой | AT67: Электрический | AU67: Винтовой | AV67: Маслозаполненный | AW67: Асинхронный | AX67: Дросселирование на всасывании + пуск-остановка | AY67: Звезда-треугольник (Y-△) | AZ67: Нет | BB67: 2985 | BG67: 380 В, 50 Гц | BH67: F | BI67: IE3 | BJ67: IP54 | BK67: 3х120 | BM67: 3 | BU67: 64 р. д. | BV67: =VLOOKUP(A67,'[1]02. Электрические винтовые'!$G:$CD,76,0) -> 2108794.8
A68: ЗИФ-00043967 | B68: ЗИФ-СВЭ-24/0,7 ШМ-R | C68: Компрессор ЗИФ 132 кВт, 24 м3/мин, 7 бар винтовой. ЗИФ-СВЭ-24/0,7 ШМ-R | D68: 21.59 | G68: 0 | H68: 7 | J68: 132 | P68: +1...+45 °С | Q68: 2250*1500*1750 | R68: =LEFTB(Q68, FIND("*", Q68) - 1) -> 2250 | S68: =MID(Q68, FIND("*", Q68) + 1, FIND("*", Q68, FIND("*", Q68) + 1) - FIND("*", Q68) - 1) -> 1500 | T68: =RIGHTB(Q68, LEN(Q68) - FIND("*", Q68, FIND("*", Q68) + 1)) -> 1750 | U68: =DC68 -> 0 | V68: В помещении | W68: DN80 | Z68: 80 | AA68: 2000 | AB68: Воздушное | AD68: Похож на Atlas Copco GA 132-7,5 | AE68: Воздух | AF68: ≤3 | AG68: 105 | AH68: 6.5 | AJ68: +15 ℃ к t°C окр. среды | AK68: 140 | AM68: 335 | AN68: ≤80 | AO68: Контроллер | AP68: Датчик температуры, датчик давления, защита от перегрузки по току, защита от перекоса фаз, защита от некорректного напряжения | AQ68: Измерения энергопотребления, включение/выключение по расписанию, управление инвертором (при его наличии); защита двигателя от обрыва фазы, перегрузки по току, дисбаланса тока, высокого и низкого напряжения. | AR68: На раме, в кожухе | AS68: прямой | AT68: Электрический | AU68: Винтовой | AV68: Маслозаполненный | AW68: Асинхронный | AX68: Дросселирование на всасывании + пуск-остановка | AY68: Звезда-треугольник (Y-△) | AZ68: Нет | BB68: 2985 | BG68: 380 В, 50 Гц | BH68: F | BI68: IE3 | BJ68: IP54 | BK68: 3х150 | BM68: 4 | BU68: 64 р. д. | BV68: =VLOOKUP(A68,'[1]02. Электрические винтовые'!$G:$CD,76,0) -> 1798307.2
A69: ЗИФ-00043968 | B69: ЗИФ-СВЭ-21/1,0 ШМ-R | C69: Компрессор ЗИФ 132 кВт, 21 м3/мин, 10 бар винтовой. ЗИФ-СВЭ-21/1,0 ШМ-R | D69: 18.8 | G69: 0 | H69: 10 | J69: 132 | P69: +1...+45 °С | Q69: 2250*1500*1750 | R69: =LEFTB(Q69, FIND("*", Q69) - 1) -> 2250 | S69: =MID(Q69, FIND("*", Q69) + 1, FIND("*", Q69, FIND("*", Q69) + 1) - FIND("*", Q69) - 1) -> 1500 | T69: =RIGHTB(Q69, LEN(Q69) - FIND("*", Q69, FIND("*", Q69) + 1)) -> 1750 | U69: =DC69 -> 0 | V69: В помещении | W69: DN80 | Z69: 80 | AA69: 2000 | AB69: Воздушное | AD69: Похож на Atlas Copco GA 132-10 | AE69: Воздух | AF69: ≤3 | AG69: 105 | AH69: 6.5 | AJ69: +15 ℃ к t°C окр. среды | AK69: 140 | AM69: 335 | AN69: ≤80 | AO69: Контроллер | AP69: Датчик температуры, датчик давления, защита от перегрузки по току, защита от перекоса фаз, защита от некорректного напряжения | AQ69: Измерения энергопотребления, включение/выключение по расписанию, управление инвертором (при его наличии); защита двигателя от обрыва фазы, перегрузки по току, дисбаланса тока, высокого и низкого напряжения. | AR69: На раме, в кожухе | AS69: прямой | AT69: Электрический | AU69: Винтовой | AV69: Маслозаполненный | AW69: Асинхронный | AX69: Дросселирование на всасывании + пуск-остановка | AY69: Звезда-треугольник (Y-△) | AZ69: Нет | BB69: 2985 | BG69: 380 В, 50 Гц | BH69: F | BI69: IE3 | BJ69: IP54 | BK69: 3х150 | BM69: 4 | BU69: 64 р. д. | BV69: =VLOOKUP(A69,'[1]02. Электрические винтовые'!$G:$CD,76,0) -> 1798307.2
A70: ЗИФ-00043969 | B70: ЗИФ-СВЭ-17,8/1,3 ШМ-R | C70: Компрессор ЗИФ 132 кВт, 17,8 м3/мин, 13 бар винтовой. ЗИФ-СВЭ-17,8/1,3 ШМ-R | D70: 15.1 | G70: 0 | H70: 13 | J70: 132 | P70: +1...+45 °С | Q70: 2250*1500*1750 | R70: =LEFTB(Q70, FIND("*", Q70) - 1) -> 2250 | S70: =MID(Q70, FIND("*", Q70) + 1, FIND("*", Q70, FIND("*", Q70) + 1) - FIND("*", Q70) - 1) -> 1500 | T70: =RIGHTB(Q70, LEN(Q70) - FIND("*", Q70, FIND("*", Q70) + 1)) -> 1750 | U70: =DC70 -> 0 | V70: В помещении | W70: DN80 | Z70: 80 | AA70: 2000 | AB70: Воздушное | AD70: Похож на Atlas Copco GA 132-13 | AE70: Воздух | AF70: ≤3 | AG70: 105 | AH70: 6.5 | AJ70: +15 ℃ к t°C окр. среды | AK70: 140 | AM70: 335 | AN70: ≤80 | AO70: Контроллер | AP70: Датчик температуры, датчик давления, защита от перегрузки по току, защита от перекоса фаз, защита от некорректного напряжения | AQ70: Измерения энергопотребления, включение/выключение по расписанию, управление инвертором (при его наличии); защита двигателя от обрыва фазы, перегрузки по току, дисбаланса тока, высокого и низкого напряжения. | AR70: На раме, в кожухе | AS70: прямой | AT70: Электрический | AU70: Винтовой | AV70: Маслозаполненный | AW70: Асинхронный | AX70: Дросселирование на всасывании + пуск-остановка | AY70: Звезда-треугольник (Y-△) | AZ70: Нет | BB70: 2985 | BG70: 380 В, 50 Гц | BH70: F | BI70: IE3 | BJ70: IP54 | BK70: 3х150 | BM70: 4 | BU70: 64 р. д. | BV70: =VLOOKUP(A70,'[1]02. Электрические винтовые'!$G:$CD,76,0) -> 2282897.9
A71: ЗИФ-00043970 | B71: ЗИФ-СВЭ-27/0,7 ШМ-R | C71: Компрессор ЗИФ 160 кВт, 27 м3/мин, 7 бар винтовой. ЗИФ-СВЭ-27/0,7 ШМ-R | D71: 24.5 | G71: 0 | H71: 7 | J71: 160 | P71: +1...+45 °С | Q71: 2970*1700*1900 | R71: =LEFTB(Q71, FIND("*", Q71) - 1) -> 2970 | S71: =MID(Q71, FIND("*", Q71) + 1, FIND("*", Q71, FIND("*", Q71) + 1) - FIND("*", Q71) - 1) -> 1700 | T71: =RIGHTB(Q71, LEN(Q71) - FIND("*", Q71, FIND("*", Q71) + 1)) -> 1900 | U71: =DC71 -> 0 | V71: В помещении | W71: DN80 | Z71: 80 | AA71: 2000 | AB71: Воздушное | AD71: Похож на Atlas Copco GA 160-7,5 | AE71: Воздух | AF71: ≤3 | AG71: 105 | AH71: 6.5 | AJ71: +15 ℃ к t°C окр. среды | AK71: 140 | AM71: 360 | AN71: ≤82 | AO71: Контроллер | AP71: Датчик температуры, датчик давления, защита от перегрузки по току, защита от перекоса фаз, защита от некорректного напряжения | AQ71: Измерения энергопотребления, включение/выключение по расписанию, управление инвертором (при его наличии); защита двигателя от обрыва фазы, перегрузки по току, дисбаланса тока, высокого и низкого напряжения. | AR71: На раме, в кожухе | AS71: прямой | AT71: Электрический | AU71: Винтовой | AV71: Маслозаполненный | AW71: Асинхронный | AX71: Дросселирование на всасывании + пуск-остановка | AY71: Звезда-треугольник (Y-△) | AZ71: Нет | BB71: 2985 | BG71: 380 В, 50 Гц | BH71: F | BI71: IE3 | BJ71: IP54 | BK71: 3х185 | BM71: 2.2 | BU71: 64 р. д. | BV71: =VLOOKUP(A71,'[1]02. Электрические винтовые'!$G:$CD,76,0) -> 2843133.8
A72: ЗИФ-00043971 | B72: ЗИФ-СВЭ-23/1,0 ШМ-R | C72: Компрессор ЗИФ 160 кВт, 23 м3/мин, 10 бар винтовой. ЗИФ-СВЭ-23/1,0 ШМ-R | D72: 21.32 | G72: 0 | H72: 10 | J72: 160 | P72: +1...+45 °С | Q72: 2970*1700*1900 | R72: =LEFTB(Q72, FIND("*", Q72) - 1) -> 2970 | S72: =MID(Q72, FIND("*", Q72) + 1, FIND("*", Q72, FIND("*", Q72) + 1) - FIND("*", Q72) - 1) -> 1700 | T72: =RIGHTB(Q72, LEN(Q72) - FIND("*", Q72, FIND("*", Q72) + 1)) -> 1900 | U72: =DC72 -> 0 | V72: В помещении | W72: DN80 | Z72: 80 | AA72: 2000 | AB72: Воздушное | AD72: Похож на Atlas Copco GA 160-10 | AE72: Воздух | AF72: ≤3 | AG72: 105 | AH72: 6.5 | AJ72: +15 ℃ к t°C окр. среды | AK72: 140 | AM72: 360 | AN72: ≤82 | AO72: Контроллер | AP72: Датчик температуры, датчик давления, защита от перегрузки по току, защита от перекоса фаз, защита от некорректного напряжения | AQ72: Измерения энергопотребления, включение/выключение по расписанию, управление инвертором (при его наличии); защита двигателя от обрыва фазы, перегрузки по току, дисбаланса тока, высокого и низкого напряжения. | AR72: На раме, в кожухе | AS72: прямой | AT72: Электрический | AU72: Винтовой | AV72: Маслозаполненный | AW72: Асинхронный | AX72: Дросселирование на всасывании + пуск-остановка | AY72: Звезда-треугольник (Y-△) | AZ72: Нет | BB72: 2985 | BG72: 380 В, 50 Гц | BH72: F | BI72: IE3 | BJ72: IP54 | BK72: 3х185 | BM72: 2.2 | BU72: 64 р. д. | BV72: =VLOOKUP(A72,'[1]02. Электрические винтовые'!$G:$CD,76,0) -> 2843133.8
A73: ЗИФ-00043972 | B73: ЗИФ-СВЭ-20/1,3 ШМ-R | C73: Компрессор ЗИФ 160 кВт, 20 м3/мин, 13 бар винтовой. ЗИФ-СВЭ-20/1,3 ШМ-R | D73: 18.65 | G73: 0 | H73: 13 | J73: 160 | P73: +1...+45 °С | Q73: 2970*1700*1900 | R73: =LEFTB(Q73, FIND("*", Q73) - 1) -> 2970 | S73: =MID(Q73, FIND("*", Q73) + 1, FIND("*", Q73, FIND("*", Q73) + 1) - FIND("*", Q73) - 1) -> 1700 | T73: =RIGHTB(Q73, LEN(Q73) - FIND("*", Q73, FIND("*", Q73) + 1)) -> 1900 | U73: =DC73 -> 0 | V73: В помещении | W73: DN80 | Z73: 80 | AA73: 2000 | AB73: Воздушное | AD73: Похож на Atlas Copco GA 160-13 | AE73: Воздух | AF73: ≤3 | AG73: 105 | AH73: 6.5 | AJ73: +15 ℃ к t°C окр. среды | AK73: 140 | AM73: 360 | AN73: ≤82 | AO73: Контроллер | AP73: Датчик температуры, датчик давления, защита от перегрузки по току, защита от перекоса фаз, защита от некорректного напряжения | AQ73: Измерения энергопотребления, включение/выключение по расписанию, управление инвертором (при его наличии); защита двигателя от обрыва фазы, перегрузки по току, дисбаланса тока, высокого и низкого напряжения. | AR73: На раме, в кожухе | AS73: прямой | AT73: Электрический | AU73: Винтовой | AV73: Маслозаполненный | AW73: Асинхронный | AX73: Дросселирование на всасывании + пуск-остановка | AY73: Звезда-треугольник (Y-△) | AZ73: Нет | BB73: 2985 | BG73: 380 В, 50 Гц | BH73: F | BI73: IE3 | BJ73: IP54 | BK73: 3х185 | BM73: 2.2 | BU73: 64 р. д. | BV73: =VLOOKUP(A73,'[1]02. Электрические винтовые'!$G:$CD,76,0) -> 3120658.4
... A85: ЗИФ-00043989 | B85: ЗИФ-СВЭ-31,5/1,3 ШМ-R | C85: Компрессор ЗИФ 250 кВт, 31,5 м3/мин, 13 бар винтовой. ЗИФ-СВЭ-31,5/1,3 ШМ-R | D85: 29.97 | G85: 0 | H85: 13 | J85: 250 | P85: +1...+45 °С | Q85: 3370*1850*1900 | R85: =LEFTB(Q85, FIND("*", Q85) - 1) -> 3370 | S85: =MID(Q85, FIND("*", Q85) + 1, FIND("*", Q85, FIND("*", Q85) + 1) - FIND("*", Q85) - 1) -> 1850 | T85: =RIGHTB(Q85, LEN(Q85) - FIND("*", Q85, FIND("*", Q85) + 1)) -> 1900 | U85: =DC85 -> 0 | V85: В помещении | W85: DN100 | Z85: 80 | AA85: 2000 | AB85: Воздушное | AD85: Похож на Atlas Copco GA 250-13 | AE85: Воздух | AF85: ≤3 | AG85: 105 | AH85: 6.5 | AJ85: +15 ℃ к t°C окр. среды | AK85: 190 | AM85: 670 | AN85: ≤85 | AO85: Контроллер | AP85: Датчик температуры, датчик давления, защита от перегрузки по току, защита от перекоса фаз, защита от некорректного напряжения | AQ85: Измерения энергопотребления, включение/выключение по расписанию, управление инвертором (при его наличии); защита двигателя от обрыва фазы, перегрузки по току, дисбаланса тока, высокого и низкого напряжения. | AR85: На раме, в кожухе | AS85: прямой | AT85: Электрический | AU85: Винтовой | AV85: Маслозаполненный | AW85: Асинхронный | AX85: Дросселирование на всасывании + пуск-остановка | AY85: Звезда-треугольник (Y-△) | AZ85: Нет | BB85: 2985 | BG85: 380 В, 50 Гц | BH85: F | BI85: IE3 | BJ85: IP54 | BK85: 3х(2х150) | BM85: 4 | BU85: 64 р. д. | BV85: =VLOOKUP(A85,'[1]02. Электрические винтовые'!$G:$CD,76,0) -> 4390696.9
A86: ЗИФ-00043990 | B86: ЗИФ-СВЭ-49/0,7 ШМ-R | C86: Компрессор ЗИФ 280 кВт, 49 м3/мин, 7 бар винтовой. ЗИФ-СВЭ-49/0,7 ШМ-R | D86: 44.2 | G86: 0 | H86: 7 | J86: 280 | P86: +1...+45 °С | Q86: 3500*2150*2100 | R86: =LEFTB(Q86, FIND("*", Q86) - 1) -> 3500 | S86: =MID(Q86, FIND("*", Q86) + 1, FIND("*", Q86, FIND("*", Q86) + 1) - FIND("*", Q86) - 1) -> 2150 | T86: =RIGHTB(Q86, LEN(Q86) - FIND("*", Q86, FIND("*", Q86) + 1)) -> 2100 | U86: =DC86 -> 0 | V86: В помещении | W86: DN125 | Z86: 80 | AA86: 2000 | AB86: Воздушное | AD86: Похож на Atlas Copco GA 280-7,5 | AE86: Воздух | AF86: ≤3 | AG86: 105 | AH86: 6.5 | AJ86: +15 ℃ к t°C окр. среды | AK86: 210 | AN86: ≤88 | AO86: Контроллер | AP86: Датчик температуры, датчик давления, защита от перегрузки по току, защита от перекоса фаз, защита от некорректного напряжения | AQ86: Измерения энергопотребления, включение/выключение по расписанию, управление инвертором (при его наличии); защита двигателя от обрыва фазы, перегрузки по току, дисбаланса тока, высокого и низкого напряжения. | AR86: На раме, в кожухе | AS86: прямой | AT86: Электрический | AU86: Винтовой | AV86: Маслозаполненный | AW86: Асинхронный | AX86: Дросселирование на всасывании + пуск-остановка | AY86: Звезда-треугольник (Y-△) | AZ86: Нет | BB86: 2985 | BG86: 380 В, 50 Гц | BH86: F | BI86: IE3 | BJ86: IP54 | BK86: 3х(2х185) | BM86: 4 | BU86: 64 р. д. | BV86: =VLOOKUP(A86,'[1]02. Электрические винтовые'!$G:$CD,76,0) -> 5164612.2
A87: ЗИФ-00043991 | B87: ЗИФ-СВЭ-41/1,0 ШМ-R | C87: Компрессор ЗИФ 280 кВт, 41 м3/мин, 10 бар винтовой. ЗИФ-СВЭ-41/1,0 ШМ-R | D87: 41 | G87: 0 | H87: 10 | J87: 280 | P87: +1...+45 °С | Q87: 3500*2150*2100 | R87: =LEFTB(Q87, FIND("*", Q87) - 1) -> 3500 | S87: =MID(Q87, FIND("*", Q87) + 1, FIND("*", Q87, FIND("*", Q87) + 1) - FIND("*", Q87) - 1) -> 2150 | T87: =RIGHTB(Q87, LEN(Q87) - FIND("*", Q87, FIND("*", Q87) + 1)) -> 2100 | U87: =DC87 -> 0 | V87: В помещении | W87: DN125 | Z87: 80 | AA87: 2000 | AB87: Воздушное | AD87: Похож на Atlas Copco GA 280-10 | AE87: Воздух | AF87: ≤3 | AG87: 105 | AH87: 6.5 | AJ87: +15 ℃ к t°C окр. среды | AK87: 210 | AN87: ≤88 | AO87: Контроллер | AP87: Датчик температуры, датчик давления, защита от перегрузки по току, защита от перекоса фаз, защита от некорректного напряжения | AQ87: Измерения энергопотребления, включение/выключение по расписанию, управление инвертором (при его наличии); защита двигателя от обрыва фазы, перегрузки по току, дисбаланса тока, высокого и низкого напряжения. | AR87: На раме, в кожухе | AS87: прямой | AT87: Электрический | AU87: Винтовой | AV87: Маслозаполненный | AW87: Асинхронный | AX87: Дросселирование на всасывании + пуск-остановка | AY87: Звезда-треугольник (Y-△) | AZ87: Нет | BB87: 2985 | BG87: 380 В, 50 Гц | BH87: F | BI87: IE3 | BJ87: IP54 | BK87: 3х(2х185) | BM87: 4 | BU87: 64 р. д. | BV87: =VLOOKUP(A87,'[1]02. Электрические винтовые'!$G:$CD,76,0) -> 5164612.2
A88: ЗИФ-00043992 | B88: ЗИФ-СВЭ-36/1,3 ШМ-R | C88: Компрессор ЗИФ 280 кВт, 36 м3/мин, 13 бар винтовой. ЗИФ-СВЭ-36/1,3 ШМ-R | D88: 36 | G88: 0 | H88: 13 | J88: 280 | P88: +1...+45 °С | Q88: 3500*2150*2100 | R88: =LEFTB(Q88, FIND("*", Q88) - 1) -> 3500 | S88: =MID(Q88, FIND("*", Q88) + 1, FIND("*", Q88, FIND("*", Q88) + 1) - FIND("*", Q88) - 1) -> 2150 | T88: =RIGHTB(Q88, LEN(Q88) - FIND("*", Q88, FIND("*", Q88) + 1)) -> 2100 | U88: =DC88 -> 0 | V88: В помещении | W88: DN125 | Z88: 80 | AA88: 2000 | AB88: Воздушное | AD88: Похож на Atlas Copco GA 280-13 | AE88: Воздух | AF88: ≤3 | AG88: 105 | AH88: 6.5 | AJ88: +15 ℃ к t°C окр. среды | AK88: 210 | AN88: ≤88 | AO88: Контроллер | AP88: Датчик температуры, датчик давления, защита от перегрузки по току, защита от перекоса фаз, защита от некорректного напряжения | AQ88: Измерения энергопотребления, включение/выключение по расписанию, управление инвертором (при его наличии); защита двигателя от обрыва фазы, перегрузки по току, дисбаланса тока, высокого и низкого напряжения. | AR88: На раме, в кожухе | AS88: прямой | AT88: Электрический | AU88: Винтовой | AV88: Маслозаполненный | AW88: Асинхронный | AX88: Дросселирование на всасывании + пуск-остановка | AY88: Звезда-треугольник (Y-△) | AZ88: Нет | BB88: 2985 | BG88: 380 В, 50 Гц | BH88: F | BI88: IE3 | BJ88: IP54 | BK88: 3х(2х185) | BM88: 4 | BU88: 64 р. д. | BV88: =VLOOKUP(A88,'[1]02. Электрические винтовые'!$G:$CD,76,0) -> 5164612.2
A89: ЗИФ-00043993 | B89: ЗИФ-СВЭ-52,5/0,7 ШМ-R | C89: Компрессор ЗИФ 315 кВт, 52,5 м3/мин, 7 бар винтовой. ЗИФ-СВЭ-52,5/0,7 ШМ-R | D89: 49.2 | G89: 0 | H89: 7 | J89: 315 | P89: +1...+45 °С | Q89: 3770*2150*2250 | R89: =LEFTB(Q89, FIND("*", Q89) - 1) -> 3770 | S89: =MID(Q89, FIND("*", Q89) + 1, FIND("*", Q89, FIND("*", Q89) + 1) - FIND("*", Q89) - 1) -> 2150 | T89: =RIGHTB(Q89, LEN(Q89) - FIND("*", Q89, FIND("*", Q89) + 1)) -> 2250 | U89: =DC89 -> 0 | V89: В помещении | W89: DN125 | Z89: 80 | AA89: 2000 | AB89: Воздушное | AD89: Похож на Atlas Copco GA 315-7,5 | AE89: Воздух | AF89: ≤3 | AG89: 105 | AH89: 6.5 | AJ89: +15 ℃ к t°C окр. среды | AK89: 240 | AM89: 934 | AN89: ≤88 | AO89: Контроллер | AP89: Датчик температуры, датчик давления, защита от перегрузки по току, защита от перекоса фаз, защита от некорректного напряжения | AQ89: Измерения энергопотребления, включение/выключение по расписанию, управление инвертором (при его наличии); защита двигателя от обрыва фазы, перегрузки по току, дисбаланса тока, высокого и низкого напряжения. | AR89: На раме, в кожухе | AS89: прямой | AT89: Электрический | AU89: Винтовой | AV89: Маслозаполненный | AW89: Асинхронный | AX89: Дросселирование на всасывании + пуск-остановка | AY89: Звезда-треугольник (Y-△) | AZ89: Нет | BB89: 2985 | BG89: 380 В, 50 Гц | BH89: F | BI89: IE3 | BJ89: IP54 | BK89: 3х(2х185) | BM89: 0.75 | BU89: 64 р. д. | BV89: =VLOOKUP(A89,'[1]02. Электрические винтовые'!$G:$CD,76,0) -> 5815964.3
A90: ЗИФ-00043994 | B90: ЗИФ-СВЭ-45/1,0 ШМ-R | C90: Компрессор ЗИФ 315 кВт, 45 м3/мин, 10 бар винтовой. ЗИФ-СВЭ-45/1,0 ШМ-R | D90: 40.9 | G90: 0 | H90: 10 | J90: 315 | P90: +1...+45 °С | Q90: 3770*2150*2250 | R90: =LEFTB(Q90, FIND("*", Q90) - 1) -> 3770 | S90: =MID(Q90, FIND("*", Q90) + 1, FIND("*", Q90, FIND("*", Q90) + 1) - FIND("*", Q90) - 1) -> 2150 | T90: =RIGHTB(Q90, LEN(Q90) - FIND("*", Q90, FIND("*", Q90) + 1)) -> 2250 | U90: =DC90 -> 0 | V90: В помещении | W90: DN125 | Z90: 80 | AA90: 2000 | AB90: Воздушное | AD90: Похож на Atlas Copco GA 315-10 | AE90: Воздух | AF90: ≤3 | AG90: 105 | AH90: 6.5 | AJ90: +15 ℃ к t°C окр. среды | AK90: 280 | AM90: 934 | AN90: ≤88 | AO90: Контроллер | AP90: Датчик температуры, датчик давления, защита от перегрузки по току, защита от перекоса фаз, защита от некорректного напряжения | AQ90: Измерения энергопотребления, включение/выключение по расписанию, управление инвертором (при его наличии); защита двигателя от обрыва фазы, перегрузки по току, дисбаланса тока, высокого и низкого напряжения. | AR90: На раме, в кожухе | AS90: прямой | AT90: Электрический | AU90: Винтовой | AV90: Маслозаполненный | AW90: Асинхронный | AX90: Дросселирование на всасывании + пуск-остановка | AY90: Звезда-треугольник (Y-△) | AZ90: Нет | BB90: 2985 | BG90: 380 В, 50 Гц | BH90: F | BI90: IE3 | BJ90: IP54 | BK90: 3х(2х185) | BM90: 0.75 | BU90: 64 р. д. | BV90: =VLOOKUP(A90,'[1]02. Электрические винтовые'!$G:$CD,76,0) -> 5815964.3
A91: ЗИФ-00043995 | B91: ЗИФ-СВЭ-40/1,3 ШМ-R | C91: Компрессор ЗИФ 315 кВт, 40 м3/мин, 13 бар винтовой. ЗИФ-СВЭ-40/1,3 ШМ-R | D91: 40.78 | G91: 0 | H91: 13 | J91: 315 | P91: +1...+45 °С | Q91: 3770*2150*2250 | R91: =LEFTB(Q91, FIND("*", Q91) - 1) -> 3770 | S91: =MID(Q91, FIND("*", Q91) + 1, FIND("*", Q91, FIND("*", Q91) + 1) - FIND("*", Q91) - 1) -> 2150 | T91: =RIGHTB(Q91, LEN(Q91) - FIND("*", Q91, FIND("*", Q91) + 1)) -> 2250 | U91: =DC91 -> 0 | V91: В помещении | W91: DN125 | Z91: 80 | AA91: 2000 | AB91: Воздушное | AD91: Похож на Atlas Copco GA 315-13 | AE91: Воздух | AF91: ≤3 | AG91: 105 | AH91: 6.5 | AJ91: +15 ℃ к t°C окр. среды | AK91: 240 | AM91: 934 | AN91: ≤88 | AO91: Контроллер | AP91: Датчик температуры, датчик давления, защита от перегрузки по току, защита от перекоса фаз, защита от некорректного напряжения | AQ91: Измерения энергопотребления, включение/выключение по расписанию, управление инвертором (при его наличии); защита двигателя от обрыва фазы, перегрузки по току, дисбаланса тока, высокого и низкого напряжения. | AR91: На раме, в кожухе | AS91: прямой | AT91: Электрический | AU91: Винтовой | AV91: Маслозаполненный | AW91: Асинхронный | AX91: Дросселирование на всасывании + пуск-остановка | AY91: Звезда-треугольник (Y-△) | AZ91: Нет | BB91: 2985 | BG91: 380 В, 50 Гц | BH91: F | BI91: IE3 | BJ91: IP54 | BK91: 3х(2х185) | BM91: 0.75 | BU91: 64 р. д. | BV91: =VLOOKUP(A91,'[1]02. Электрические винтовые'!$G:$CD,76,0) -> 5815964.3
A92: 02.02. Электрические стационарные (7,5 - 355 кВт) от +1 ˚С с частотным регулированием
A93: 02.02.01. Электрические 7,5 - 75 кВт с частотным регулированием
A94: ЗИФ-00043763 | B94: ЗИФ-СВЭ-1,5/0,7 ШМЧ-R | C94: Компрессор ЗИФ 7,5 кВт, 1,5 м3/мин, 7 бар винтовой, с частотным регулированием. ЗИФ-СВЭ-1,5/0,7 ШМЧ-R | D94: 1.03 | G94: 0 | H94: 7 | J94: 7.5 | P94: +1...+45 °С | Q94: 960*560*800 | R94: =LEFTB(Q94, FIND("*", Q94) - 1) -> 960 | S94: =MID(Q94, FIND("*", Q94) + 1, FIND("*", Q94, FIND("*", Q94) + 1) - FIND("*", Q94) - 1) -> 560 | T94: =RIGHTB(Q94, LEN(Q94) - FIND("*", Q94, FIND("*", Q94) + 1)) -> 800 | U94: =DC94 -> 0 | V94: В помещении | W94: G1 | Z94: 80 | AA94: 2000 | AB94: Воздушное | AD94: Похож на Atlas Copco GA 7,5 VSD 7,5 | AE94: Воздух | AF94: ≤3 | AG94: 105 | AH94: 6.5 | AJ94: +15 ℃ к t°C окр. среды | AK94: 8 | AM94: 75 | AN94: ≤72 | AO94: Контроллер | AP94: Датчик температуры, датчик давления, защита от перегрузки по току, защита от перекоса фаз, защита от некорректного напряжения | AQ94: Измерения энергопотребления, включение/выключение по расписанию, управление инвертором (при его наличии); защита двигателя от обрыва фазы, перегрузки по току, дисбаланса тока, высокого и низкого напряжения. | AR94: На раме, в кожухе | AS94: прямой | AT94: Электрический | AU94: Винтовой | AV94: Маслозаполненный | AW94: Синхронный на постоянных магнитах | AX94: Частотное (ЧРП) | AY94: Плавный пуск через ЧРП | AZ94: Да | BB94: 2950 | BG94: 380 В, 50 Гц | BH94: F | BI94: IE3 | BJ94: IP54 | BK94: 3х4 | BM94: 0.37 | BU94: 64 р. д. | BV94: =VLOOKUP(A94,'[1]02. Электрические винтовые'!$G:$CD,76,0) -> 276157.36
A95: ЗИФ-00043583 | B95: ЗИФ-СВЭ-1/1,0 ШМЧ-R | C95: Компрессор ЗИФ 7,5 кВт, 1 м3/мин, 10 бар винтовой, с частотным регулированием. ЗИФ-СВЭ-1/1,0 ШМЧ-R | D95: 0.87 | G95: 0 | H95: 10 | J95: 7.5 | P95: +1...+45 °С | Q95: 960*560*800 | R95: =LEFTB(Q95, FIND("*", Q95) - 1) -> 960 | S95: =MID(Q95, FIND("*", Q95) + 1, FIND("*", Q95, FIND("*", Q95) + 1) - FIND("*", Q95) - 1) -> 560 | T95: =RIGHTB(Q95, LEN(Q95) - FIND("*", Q95, FIND("*", Q95) + 1)) -> 800 | U95: =DC95 -> 0 | V95: В помещении | W95: G1 | Z95: 80 | AA95: 2000 | AB95: Воздушное | AD95: Похож на Atlas Copco GA 7,5 VSD 10 | AE95: Воздух | AF95: ≤3 | AG95: 105 | AH95: 6.5 | AJ95: +15 ℃ к t°C окр. среды | AK95: 8 | AM95: 75 | AN95: ≤72 | AO95: Контроллер | AP95: Датчик температуры, датчик давления, защита от перегрузки по току, защита от перекоса фаз, защита от некорректного напряжения | AQ95: Измерения энергопотребления, включение/выключение по расписанию, управление инвертором (при его наличии); защита двигателя от обрыва фазы, перегрузки по току, дисбаланса тока, высокого и низкого напряжения. | AR95: На раме, в кожухе | AS95: прямой | AT95: Электрический | AU95: Винтовой | AV95: Маслозаполненный | AW95: Синхронный на постоянных магнитах | AX95: Частотное (ЧРП) | AY95: Плавный пуск через ЧРП | AZ95: Да | BB95: 2950 | BG95: 380 В, 50 Гц | BH95: F | BI95: IE3 | BJ95: IP54 | BK95: 3х4 | BM95: 0.37 | BU95: 64 р. д. | BV95: =VLOOKUP(A95,'[1]02. Электрические винтовые'!$G:$CD,76,0) -> 276157.36
A96: ЗИФ-00043584 | B96: ЗИФ-СВЭ-0,8/1,3 ШМЧ-R | C96: Компрессор ЗИФ 7,5 кВт, 0,8 м3/мин, 13 бар винтовой, с частотным регулированием. ЗИФ-СВЭ-0,8/1,3 ШМЧ-R | D96: 0.69 | G96: 0 | H96: 13 | J96: 7.5 | P96: +1...+45 °С | Q96: 960*560*800 | R96: =LEFTB(Q96, FIND("*", Q96) - 1) -> 960 | S96: =MID(Q96, FIND("*", Q96) + 1, FIND("*", Q96, FIND("*", Q96) + 1) - FIND("*", Q96) - 1) -> 560 | T96: =RIGHTB(Q96, LEN(Q96) - FIND("*", Q96, FIND("*", Q96) + 1)) -> 800 | U96: =DC96 -> 0 | V96: В помещении | W96: G1 | Z96: 80 | AA96: 2000 | AB96: Воздушное | AD96: Похож на Atlas Copco GA 7,5 VSD 13 | AE96: Воздух | AF96: ≤3 | AG96: 105 | AH96: 6.5 | AJ96: +15 ℃ к t°C окр. среды | AK96: 8 | AM96: 75 | AN96: ≤72 | AO96: Контроллер | AP96: Датчик температуры, датчик давления, защита от перегрузки по току, защита от перекоса фаз, защита от некорректного напряжения | AQ96: Измерения энергопотребления, включение/выключение по расписанию, управление инвертором (при его наличии); защита двигателя от обрыва фазы, перегрузки по току, дисбаланса тока, высокого и низкого напряжения. | AR96: На раме, в кожухе | AS96: прямой | AT96: Электрический | AU96: Винтовой | AV96: Маслозаполненный | AW96: Синхронный на постоянных магнитах | AX96: Частотное (ЧРП) | AY96: Плавный пуск через ЧРП | AZ96: Да | BB96: 2950 | BG96: 380 В, 50 Гц | BH96: F | BI96: IE3 | BJ96: IP54 | BK96: 3х4 | BM96: 0.37 | BU96: 64 р. д. | BV96: =VLOOKUP(A96,'[1]02. Электрические винтовые'!$G:$CD,76,0) -> 276157.36
A97: ЗИФ-00044067 | B97: ЗИФ-СВЭ-2/0,7 ШМЧ-R | C97: Компрессор ЗИФ 11 кВт, 2 м3/мин, 7 бар винтовой, с частотным регулированием. ЗИФ-СВЭ-2/0,7 ШМЧ-R | D97: 1.71 | G97: 0 | H97: 7 | J97: 11 | P97: +1...+45 °С | Q97: 1100*690*915 | R97: =LEFTB(Q97, FIND("*", Q97) - 1) -> 1100 | S97: =MID(Q97, FIND("*", Q97) + 1, FIND("*", Q97, FIND("*", Q97) + 1) - FIND("*", Q97) - 1) -> 690 | T97: =RIGHTB(Q97, LEN(Q97) - FIND("*", Q97, FIND("*", Q97) + 1)) -> 915 | U97: =DC97 -> 0 | V97: В помещении | W97: G1 | Z97: 80 | AA97: 2000 | AB97: Воздушное | AD97: Похож на Atlas Copco GA 11 VSD 7,5 | AE97: Воздух | AF97: ≤3 | AG97: 105 | AH97: 6.5 | AJ97: +15 ℃ к t°C окр. среды | AK97: 12 | AM97: 75 | AN97: ≤72 | AO97: Контроллер | AP97: Датчик температуры, датчик давления, защита от перегрузки по току, защита от перекоса фаз, защита от некорректного напряжения | AQ97: Измерения энергопотребления, включение/выключение по расписанию, управление инвертором (при его наличии); защита двигателя от обрыва фазы, перегрузки по току, дисбаланса тока, высокого и низкого напряжения. | AR97: На раме, в кожухе | AS97: прямой | AT97: Электрический | AU97: Винтовой | AV97: Маслозаполненный | AW97: Синхронный на постоянных магнитах | AX97: Частотное (ЧРП) | AY97: Плавный пуск через ЧРП | AZ97: Да | BB97: 2945 | BG97: 380 В, 50 Гц | BH97: F | BI97: IE3 | BJ97: IP54 | BK97: 3х10 | BM97: 0.37 | BU97: 64 р. д. | BV97: =VLOOKUP(A97,'[1]02. Электрические винтовые'!$G:$CD,76,0) -> 273155.33
A98: ЗИФ-00044068 | B98: ЗИФ-СВЭ-1,9/1,0 ШМЧ-R | C98: Компрессор ЗИФ 11 кВт, 1,9 м3/мин, 10 бар винтовой, с частотным регулированием. ЗИФ-СВЭ-1,9/1,0 ШМЧ-R | D98: 1.56 | G98: 0 | H98: 10 | J98: 11 | P98: +1...+45 °С | Q98: 1100*690*915 | R98: =LEFTB(Q98, FIND("*", Q98) - 1) -> 1100 | S98: =MID(Q98, FIND("*", Q98) + 1, FIND("*", Q98, FIND("*", Q98) + 1) - FIND("*", Q98) - 1) -> 690 | T98: =RIGHTB(Q98, LEN(Q98) - FIND("*", Q98, FIND("*", Q98) + 1)) -> 915 | U98: =DC98 -> 0 | V98: В помещении | W98: G1 | Z98: 80 | AA98: 2000 | AB98: Воздушное | AD98: Похож на Atlas Copco GA 11 VSD 10 | AE98: Воздух | AF98: ≤3 | AG98: 105 | AH98: 6.5 | AJ98: +15 ℃ к t°C окр. среды | AK98: 12 | AM98: 75 | AN98: ≤72 | AO98: Контроллер | AP98: Датчик температуры, датчик давления, защита от перегрузки по току, защита от перекоса фаз, защита от некорректного напряжения | AQ98: Измерения энергопотребления, включение/выключение по расписанию, управление инвертором (при его наличии); защита двигателя от обрыва фазы, перегрузки по току, дисбаланса тока, высокого и низкого напряжения. | AR98: На раме, в кожухе | AS98: прямой | AT98: Электрический | AU98: Винтовой | AV98: Маслозаполненный | AW98: Синхронный на постоянных магнитах | AX98: Частотное (ЧРП) | AY98: Плавный пуск через ЧРП | AZ98: Да | BB98: 2945 | BG98: 380 В, 50 Гц | BH98: F | BI98: IE3 | BJ98: IP54 | BK98: 3х10 | BM98: 0.37 | BU98: 64 р. д. | BV98: =VLOOKUP(A98,'[1]02. Электрические винтовые'!$G:$CD,76,0) -> 273155.33
